Workbook

Sheet Monitoring_MP
A1: questionID | B1: ID_2020 | C1: Row | D1: question | E1: question_en | G1: Code issues | H1: Code comment | I1: max points | J1: ans1 | K1: ans1en | L1: ans2 | M1: ans2en | N1: ans3 | O1: ans3en | P1: ans4 | Q1: ans4en | R1: ans5 | S1: ans5en | T1: ans6 | U1: ans6en | V1: ans7 | W1: ans7en | X1: ans8 | Y1: ans8en | Z1: ans9 | AA1: ans9en | AB1: Best | AC1: Worst | AD1: pts1 | AE1: pts2 | AF1: pts3 | AG1: pts4 | AH1: pts5 | AI1: pts6 | AJ1: pts7 | AK1: pts8 | AL1: pts9 | AM1: Anenii Noi | AN1: Anenii Noi_comentariu | AO1: Basarabeasca | AP1: Basarabeasca_comentariu | AQ1: Briceni | AR1: Briceni_comentariu | AS1: Cahul | AT1: Cahul_comentariu | AU1: Călărași | AV1: Călărași_comentariu | AW1: Cantemir | AX1: Cantemir_comentariu | AY1: Caușeni | AZ1: Caușeni_comentariu | BA1: Cimișlia | BB1: Cimișlia_comentariu | BC1: Criuleni | BD1: Criuleni_comentariu | BE1: Dondușeni | BF1: Dondușeni_comentariu | BG1: Drochia | BH1: Drochia_comentariu | BI1: Dubăsari | BJ1: Dubăsari_comentariu | BK1: Edineț | BL1: Edineț_comentariu | BM1: Fălești | BN1: Fălești_comentariu | BO1: Florești | BP1: Florești_comentariu | BQ1: Glodeni | BR1: Glodeni_comentariu | BS1: Hîncești | BT1: Hîncești_comentariu | BU1: Ialoveni | BV1: Ialoveni_comentariu | BW1: Leova | BX1: Leova_comentariu | BY1: Nisporeni | BZ1: Nisporeni_comentariu | CA1: Ocnița | CB1: Ocnița_comentariu | CC1: Orhei | CD1: Orhei_comentariu | CE1: Rezina | CF1: Rezina_comentariu | CG1: Rîșcani | CH1: Rîșcani_comentariu | CI1: Sîngerei | CJ1: Sîngerei_comentariu | CK1: Șoldănești | CL1: Șoldănești_comentariu | CM1: Soroca | CN1: Soroca_comentariu | CO1: Ștefan Vodă | CP1: Ștefan Vodă_comentariu | CQ1: Strășeni | CR1: Strășeni_comentariu | CS1: Taraclia | CT1: Taraclia_comentariu | CU1: Telenești | CV1: Telenești_comentariu | CW1: Ungheni | CX1: Ungheni_comentariu
A2: Q1 | B2: R20001 | C2: 2 | D2: Pagina web oficială a autorităților publice dispune de compartimente dedicate transparenţei decizionale, unde se plasează informaţia privind procesul de elaborare şi adoptare a deciziilor? | E2: Does the official web page of the public authority contains the fields related to transparency in decision making process, where the information about the development and approval of decisions is placed? | F2: acc | G2: acc1 | H2: acc1k | I2: 1 | J2: da | K2: yes | L2: nu | M2: no | N2: partial | O2: partially | P2: ="---" -> --- | Q2: ="---" -> --- | R2: ="---" -> --- | S2: ="---" -> --- | T2: ="---" -> --- | U2: ="---" -> --- | V2: ="---" -> --- | W2: ="---" -> --- | X2: N/A | Y2: N/A | Z2: ="---" -> --- | AA2: ="---" -> --- | AB2: =J2 -> da | AC2: =L2 -> nu | AD2: =I2 -> 1 | AE2: 0 | AF2: =AD2/2 -> 0.5 | AG2: ="---" -> --- | AH2: ="---" -> --- | AI2: ="---" -> --- | AJ2: ="---" -> --- | AK2: N/A | AL2: ="---" -> --- | AM2: nu | AN2: Nu sînt informații pe web | AO2: da | AP2: http://basarabeasca.md/ro/# | AQ2: partial | AR2: Deși pagina web dispune de compartimente destinate transparenței procesului decizional, acestea nu sînt completate sau conțin puține informații utile https://briceni.md/ | AS2: da | AT2: http://cahul.md/ | AU2: partial | AV2: Pagină web dispune de compartimente destinate transparenței decizionale, însă acestea nu sînt completate sau conțin puține informații utile http://www.calarasi.md/index.php/transparenta-decizionala | AW2: nu | AX2: Nu sînt informații pe web | AY2: da | AZ2: http://www.causeni.md/documents/ | BA2: da | BB2: http://raioncimislia.md/ | BC2: da | BD2: http://criuleni.md/index.php?l=ro | BE2: da | BF2: http://donduseni.md/ | BG2: partial | BH2: Pagină web dispune de compartimente destinate transparenței decizionale, însă acestea nu sînt completate sau conțin puține informații utile https://drochia.md/ | BI2: da | BJ2: http://dubasari.md/ | BK2: da | BL2: http://edinet.md/ | BM2: da | BN2: http://www.cr-falesti.md/index.php | BO2: da | BP2: http://floresti.md/ | BQ2: partial | BR2: http://www.glodeni.md/ro | BS2: da | BT2: https://hincesti.md/category/procesul-decizional/ | BU2: partial | BV2: https://il.md/ | BW2: da | BX2: http://www.leova.md/index.php?l=ro | BY2: nu | BZ2: Nu sînt informații pe web | CA2: partial | CB2: https://ocnita.md/ | CC2: da | CD2: http://or.md/ | CE2: nu | CF2: Nu sînt informații pe web | CG2: da | CH2: http://www.riscani.md/index.php?pag=procesul_decizional&ids=proiecte_decizii | CI2: da | CJ2: http://www.singerei.md/transparenta-decizionala.html | CK2: da | CL2: https://soldanesti.md/ | CM2: da | CN2: http://soroca.md/ | CO2: da | CP2: https://stefan-voda.md/ | CQ2: da | CR2: http://crstraseni.md/index.php?pag=cat&id=838&l=ro | CS2: nu | CT2: Nu sînt informații pe web | CU2: da | CV2: https://telenesti.md/ | CW2: da | CX2: http://www.crungheni.md/
A3: Q2 | B3: R20002 | C3: 3 | D3: Pagina web conține informații privind datele de contact și programul de lucru al președintelui, vicepreședinților, aparatul președintelui, subdiviziunile consiliului raional și secretarul consiliului raional, cu indicarea zilelor şi orelor de audienţă a președintelui și vicepreședinților? | E3: The web page contains information on contact details and work program of the President, Vice-Presidents and President of the region, including days and hours of district's President and Vice President audience? | F3: acc | G3: acc2 | H3: acc2k | I3: 1 | J3: da | K3: yes | L3: nu | M3: no | N3: partial | O3: partially | P3: ="---" -> --- | Q3: ="---" -> --- | R3: ="---" -> --- | S3: ="---" -> --- | T3: ="---" -> --- | U3: ="---" -> --- | V3: ="---" -> --- | W3: ="---" -> --- | X3: N/A | Y3: N/A | Z3: ="---" -> --- | AA3: ="---" -> --- | AB3: =J3 -> da | AC3: =L3 -> nu | AD3: =I3 -> 1 | AE3: 0 | AF3: =AD3/2 -> 0.5 | AG3: ="---" -> --- | AH3: ="---" -> --- | AI3: ="---" -> --- | AJ3: ="---" -> --- | AK3: N/A | AL3: ="---" -> --- | AM3: partial | AN3: https://anenii-noi.md/index.php?option=com_content&view=article&id=151&Itemid=528 https://anenii-noi.md/index.php?option=com_content&view=article&id=156&Itemid=527 https://anenii-noi.md/index.php?option=com_content&view=article&id=163&Itemid=531 https://anenii-noi.md/index.php?option=com_content&view=article&id=301&Itemid=662 | AO3: da | AP3: http://basarabeasca.md/ro/contacte/ http://basarabeasca.md/ro/aparatul-presedintelui-raionului-2/ | AQ3: da | AR3: https://briceni.md/contacte/ https://briceni.md/presedintele-raionului-briceni/#!prettyPhoto https://briceni.md/vicepresedintii-raionului-briceni/ | AS3: partial | AT3: https://cahul.md/datele-de-contact-ale-aparatului-presedintelui/ | AU3: partial | AV3: http://www.calarasi.md/index.php/aparat-si-subdiviziuni | AW3: partial | AX3: http://cantemir.md/pageview.php?l=ro&idc=139&t=/Contacte/Contacte/ | AY3: partial | AZ3: http://www.causeni.md/contacte | BA3: da | BB3: http://raioncimislia.md/contacte/ http://raioncimislia.md/audienta-cetatenilor/ | BC3: partial | BD3: http://criuleni.md/index.php?pag=page&id=407&l=ro | BE3: partial | BF3: http://donduseni.md/aparatul-presedintelui/ | BG3: partial | BH3: https://drochia.md/contacte/ https://drochia.md/presedintele-raionului/ | BI3: da | BJ3: http://dubasari.md/pagins/contact | BK3: partial | BL3: http://edinet.md/contacts /http://edinet.md/audienta/ | BM3: partial | BN3: http://www.cr-falesti.md/index.php/contacte http://www.cr-falesti.md/index.php/aparat-pres | BO3: da | BP3: http://floresti.md/contacte/ http://floresti.md/aparatul-presedintelui/ http://floresti.md/agenda-consiliului/ | BQ3: da | BR3: http://www.glodeni.md/ro/content/aparatul-pre%C8%99edintelui http://www.glodeni.md/ro/content/audienta-cetatenilor | BS3: da | BT3: https://www.facebook.com/Consiliul-Raional-Hincesti-542153075827385/ https://hincesti.md/2019/11/25/pre-edintele-raionului-h-nce-ti/ | BU3: da | BV3: https://il.md/presedintele-raionului/ https://il.md/agenda/ https://il.md/vicepresedintii-raionului/ https://il.md/aparatul-presedintelui-cr/ | BW3: da | BX3: http://www.leova.md/index.php?pag=feedback&id=561&l=ro http://www.leova.md/index.php?pag=page&id=917&l=ro | BY3: da | BZ3: https://nisporeni.md/contacte/ https://nisporeni.md/aparatul-presedintelui/ https://nisporeni.md/conducerea-raionului/ | CA3: partial | CB3: https://ocnita.md/772-2/ | CC3: partial | CD3: http://or.md/ | CE3: partial | CF3: http://consiliu.rezina.md/contacts.php?target=1 http://consiliu.rezina.md/contacts.php?target=2 http://consiliu.rezina.md/contacts.php?target=sectii http://consiliu.rezina.md/contacts.php?target=directii | CG3: partial | CH3: http://www.riscani.md/index.php?pag=page&id=55 http://www.riscani.md/index.php?pag=news2&tip=componenta | CI3: da | CJ3: http://www.singerei.md/contacte.html http://www.singerei.md/program-de-audienta.html http://www.singerei.md/structura.html | CK3: da | CL3: https://soldanesti.md/contacte/ https://soldanesti.md/petitii-si-audienta-cetatenilor/ | CM3: da | CN3: http://www.soroca.org.md/index.php/contacte http://www.soroca.org.md/index.php/consiliul-raional/presedintele-raionului-soroca | CO3: da | CP3: https://stefan-voda.md/vasile-gherman/ https://stefan-voda.md/alexandru-pavlicenco/ https://stefan-voda.md/aparatul-presedintelui-raionului/ | CQ3: da | CR3: http://crstraseni.md/index.php?pag=page&id=875&l=ro http://crstraseni.md/index.php?pag=page&id=803&l=ro | CS3: nu | CT3: Nu sînt informații pe web | CU3: partial | CV3: https://telenesti.md/contacte/ | CW3: da | CX3: http://www.crungheni.md/contacte/ http://www.crungheni.md/conducerea-raionului/program-de-audiente/
A4: Q3 | B4: R20003 | C4: 4 | D4: Este disponibilă pe pagina web lista instituțiilor raionale înființate de unitatea administrativ-teritorială și lista serviciilor desconcentrate ce activează în unitatea administrativ-teritorială, informații privind adresa și datele de contact? | E4: Is it available on the website the list of institutions established by the district administrative-territorial unit, the list of decentralized services operating in territorial-administrative unit, address information and contact details available on the website? | F4: acc | G4: acc3 | H4: acc3k | I4: 1 | J4: da | K4: yes | L4: nu | M4: no | N4: partial | O4: partially | P4: ="---" -> --- | Q4: ="---" -> --- | R4: ="---" -> --- | S4: ="---" -> --- | T4: ="---" -> --- | U4: ="---" -> --- | V4: ="---" -> --- | W4: ="---" -> --- | X4: N/A | Y4: N/A | Z4: ="---" -> --- | AA4: ="---" -> --- | AB4: =J4 -> da | AC4: =L4 -> nu | AD4: =I4 -> 1 | AE4: 0 | AF4: =AD4/2 -> 0.5 | AG4: ="---" -> --- | AH4: ="---" -> --- | AI4: ="---" -> --- | AJ4: ="---" -> --- | AK4: N/A | AL4: ="---" -> --- | AM4: partial | AN4: https://anenii-noi.md/index.php?option=com_content&view=article&id=130&Itemid=667 | AO4: da | AP4: http://basarabeasca.md/ro/institutii-fondate-de-consiliul-raional/ http://basarabeasca.md/ro/servicii-publice-desconcentrate-in-teritoriu-2/ http://basarabeasca.md/ro/directia-invatamint-general/institutii-subordonate/ | AQ4: nu | AR4: Nu sînt informații pe web | AS4: nu | AT4: Nu sînt informații pe web | AU4: nu | AV4: Nu sînt informații pe web | AW4: partial | AX4: http://cantemir.md/category.php?l=ro&idc=91&nod=1&t=/Directiile-Consiliului-Raional | AY4: nu | AZ4: Nu sînt informații pe web | BA4: partial | BB4: http://raioncimislia.md/ | BC4: da | BD4: http://criuleni.md/index.php?pag=page&id=423&l=ro http://criuleni.md/index.php?pag=page&id=437&l=ro | BE4: partial | BF4: http://donduseni.md/servicii-disconcentrate/ | BG4: partial | BH4: https://drochia.md/serviciile-desconcentrate/ | BI4: da | BJ4: http://dubasari.md/pagins/servicii-desconcentrate http://dubasari.md/pagins/cs-dubasari http://dubasari.md/pagins/prietenia http://dubasari.md/pagins/centrul-stomatologic-dubasari http://dubasari.md/pagins/scoala-sportiva | BK4: da | BL4: http://edinet.md/institutii-raionale/ http://edinet.md/servicii-desconcentrate/ | BM4: partial | BN4: http://www.cr-falesti.md/index.php/serv-p/servicii-desconcentrate | BO4: partial | BP4: http://floresti.md/lista-serviciilor-desconcentrate/ | BQ4: partial | BR4: http://www.glodeni.md/ro/content/serviciile-desconcentrate | BS4: partial | BT4: https://hincesti.md/2016/07/25/servicii-desconcentrate/ | BU4: partial | BV4: https://il.md/servicii-desconcentrate/ | BW4: nu | BX4: Nu sînt informații pe web | BY4: da | BZ4: https://nisporeni.md/serviciile-publice-desconcentrate/ | CA4: nu | CB4: Nu sînt informații pe web | CC4: da | CD4: http://or.md/index.php/servicii-desconcentrate/ http://or.md/index.php/centrul-de-tineret-orhei/ http://or.md/index.php/scoala-raionala-de-sport-orhei/ http://or.md/index.php/imsp-spitalul-raional-orhei/ http://or.md/index.php/institutii-medico-sanitare-publice-locale/ | CE4: partial | CF4: http://consiliu.rezina.md/organization.php?name=7 | CG4: partial | CH4: http://www.riscani.md/index.php?pag=page&id=50 | CI4: da | CJ4: http://www.singerei.md/2014-07-24-22-50-34.html http://www.singerei.md/servicii-desconcentratee.html | CK4: partial | CL4: https://soldanesti.md/servicii-disconcentrate-2/ | CM4: partial | CN4: http://www.soroca.org.md/index.php/raionul-soroca/serviciile-desconcentrate | CO4: da | CP4: https://stefan-voda.md/serviciile-desconcentrate/ https://stefan-voda.md/category/medicina/ | CQ4: partial | CR4: http://crstraseni.md/index.php?pag=news&id=817&l=ro | CS4: nu | CT4: Nu sînt informații pe web | CU4: partial | CV4: https://telenesti.md/servicii-desconcentrate/ | CW4: da | CX4: http://www.crungheni.md/contacte/ http://www.crungheni.md/wp-content/uploads/2020/02/Lista-aparatului-pre%C5%9Fedintelui-raionului-serviciilor-descentralizate-desconcentrate-%C5%9Fi-altor-institu%C5%A3ii-din-raionul-Ungheni-modificare-27.12.2012-1.pdf
A5: Q4 | B5: R20004 | C5: 5 | D5: Sunt disponibile pe site-ul oficial numele, date de contact și afilierea politică a consilierilor raionali ? | E5: Are the names and political affiliation of councilors available on the web-site? | F5: acc | G5: acc4 | H5: acc4k | I5: 1 | J5: da | K5: yes | L5: nu | M5: no | N5: partial | O5: partially | P5: ="---" -> --- | Q5: ="---" -> --- | R5: ="---" -> --- | S5: ="---" -> --- | T5: ="---" -> --- | U5: ="---" -> --- | V5: ="---" -> --- | W5: ="---" -> --- | X5: N/A | Y5: N/A | Z5: ="---" -> --- | AA5: ="---" -> --- | AB5: =J5 -> da | AC5: =L5 -> nu | AD5: =I5 -> 1 | AE5: 0 | AF5: =AD5/2 -> 0.5 | AG5: ="---" -> --- | AH5: ="---" -> --- | AI5: ="---" -> --- | AJ5: ="---" -> --- | AK5: N/A | AL5: ="---" -> --- | AM5: partial | AN5: https://anenii-noi.md/index.php?option=com_content&view=article&id=115&Itemid=660 | AO5: partial | AP5: http://basarabeasca.md/ro/dispozitiile-presedintelui/ | AQ5: partial | AR5: https://briceni.md/consilieri/ | AS5: partial | AT5: https://cahul.md/consilieri-raionali/ | AU5: partial | AV5: http://www.calarasi.md/index.php/consiliul-raional/consilieri | AW5: da | AX5: http://cantemir.md/pageview.php?l=ro&idc=116&id=803&ord=3&t=/Consiliul-Raional/Consilieri-raionali/Lista-consilierilor-raionali-situatia-din-ianuarie-2019/ | AY5: nu | AZ5: Nu sînt informații pe web | BA5: partial | BB5: http://raioncimislia.md/consilieri-raionali/ | BC5: partial | BD5: http://criuleni.md/index.php?pag=page&id=410&l=ro | BE5: partial | BF5: http://donduseni.md/consilieri-raional/ | BG5: nu | BH5: Nu sînt informații pe web | BI5: partial | BJ5: http://dubasari.md/pagins/consilieri-raionali | BK5: nu | BL5: Nu sînt informații pe web | BM5: partial | BN5: http://www.cr-falesti.md/index.php/consilieri | BO5: nu | BP5: Nu sînt informații pe web | BQ5: partial | BR5: http://www.glodeni.md/ro/content/lista-consilierilor-consiliului-raional | BS5: da | BT5: https://hincesti.md/2019/11/25/consilierii-raionali/ | BU5: partial | BV5: https://il.md/consilierii-raionali/ | BW5: partial | BX5: http://www.leova.md/index.php?pag=page&id=898&l=ro | BY5: partial | BZ5: https://nisporeni.md/consilieri-raionali/ | CA5: partial | CB5: https://ocnita.md/lista-consilierilor/ | CC5: partial | CD5: http://or.md/index.php/consilieri/ | CE5: partial | CF5: http://consiliu.rezina.md/councilor.php | CG5: partial | CH5: http://www.riscani.md/index.php?pag=page&id=47 | CI5: partial | CJ5: http://www.singerei.md/consilieri-raionali.html | CK5: partial | CL5: https://soldanesti.md/consilieri-raionali/ | CM5: partial | CN5: http://www.soroca.org.md/index.php/consiliul-raional/consilieri | CO5: partial | CP5: https://stefan-voda.md/consilieri-raionali/ | CQ5: partial | CR5: http://crstraseni.md/index.php?pag=page&id=874&l=ro | CS5: partial | CT5: http://raiontaraclia.md/consraion/cons/ | CU5: partial | CV5: https://telenesti.md/consilieri-raionali/ | CW5: partial | CX5: http://www.crungheni.md/conducerea-raionului/consilieri/
A6: Q5 | B6: R20005 | C6: 6 | D6: Anunţul referitor la desfăşurarea şedinţei publice este adus la cunoştinţă cetăţenilor (cu cel puţin 10 zile înaintea şedinţelor ordinare şi cu cel puţin 3 zile înaintea celor extraordinare)? | E6: Did the announce of the public session made public to the citizens (at least 10 days before the ordinary meetings and at least 3 days before the extraordinary ones)? | F6: acc | G6: acc5 | H6: acc5k | I6: 1 | J6: da | K6: yes | L6: nu | M6: no | N6: panou informativ/alte modalități | O6: Bilboard/other ways | P6: 0-10% | Q6: 0-10% | R6: 10-30% | S6: 10-30% | T6: 30-60% | U6: 30-60% | V6: 60-90% | W6: 60-90% | X6: N/A | Y6: N/A | Z6: ="---" -> --- | AA6: ="---" -> --- | AB6: =J6 -> da | AC6: =L6 -> nu | AD6: =I6 -> 1 | AE6: 0 | AF6: =AD6/2 -> 0.5 | AG6: =$AD6*(1/5) -> 0.2 | AH6: =$AD6*(2/5) -> 0.4 | AI6: =$AD6*(3/5) -> 0.6 | AJ6: =$AD6*(4/5) -> 0.8 | AK6: N/A | AL6: ="---" -> --- | AM6: nu | AN6: Nu sînt informații pe web | AO6: da | AP6: http://basarabeasca.md/ro/dispozitii-ale-presedintelui/ | AQ6: nu | AR6: Nu sînt informații pe web | AS6: panou informativ/alte modalități | AT6: Pe web doar un anunț http://cahul.md/consiliul-raional-cahul-se-convoaca-in-sedinta-extraordinara-la-27-decembrie-2019/ | AU6: da | AV6: http://www.calarasi.md/index.php/anunturi?start=16 http://www.calarasi.md/index.php/anunturi/1404-hghjhyre4334567890 http://www.calarasi.md/index.php/anunturi/1378-eertyy http://www.calarasi.md/index.php/anunturi/1342-gfjhjkhkhk http://www.calarasi.md/index.php/anunturi/1221-p78 | AW6: nu | AX6: Nu sînt informații pe web | AY6: 10-30% | AZ6: http://www.causeni.md/documents/item/index/1786 | BA6: da | BB6: http://raioncimislia.md/dispozitiile-presedintelui/ | BC6: da | BD6: http://criuleni.md/index.php?pag=news&id=517&l=ro http://criuleni.md/index.php?pag=news&id=434&rid=3335&l=ro http://criuleni.md/index.php?pag=news&id=434&l=ro&start=20 | BE6: 30-60% | BF6: http://donduseni.md/dispozitiile-presedintelui/ | BG6: 0-10% | BH6: https://drochia.md/category/anunturi-transparenta/ | BI6: da | BJ6: Anunțurile sînt plasate la rubrica noutăți de pe web http://dubasari.md/news/consilierii-raionali-se-convoaca-in-sedinta-ordinara-de-lucru-425675 | BK6: da | BL6: http://edinet.md/convocare-consiliu-raional/ | BM6: da | BN6: http://www.cr-falesti.md/index.php/dispozitii | BO6: da | BP6: http://floresti.md/anunturile-de-convocare-a-sedintelor-consiliului/ http://floresti.md/sedintele-si-deciziile-comisiilor/ | BQ6: 30-60% | BR6: http://www.glodeni.md/ro/anun%C8%9B/anunt | BS6: da | BT6: https://hincesti.md/category/procesul-decizional/proiectele-de-decizii/ | BU6: da | BV6: https://il.md/page/7/ | BW6: da | BX6: http://www.leova.md/index.php?pag=news&id=769&rid=1584&l=ro http://www.leova.md/index.php?pag=news&id=769&rid=1706&l=ro http://www.leova.md/index.php?pag=news&id=769&rid=1745&l=ro http://www.leova.md/index.php?pag=news&id=769&rid=1799&l=ro http://www.leova.md/index.php?pag=news&id=769&rid=1833&l=ro http://www.leova.md/index.php?pag=news&id=788&rid=1630&l=ro | BY6: nu | BZ6: Nu sînt informații pe web | CA6: 0-10% | CB6: https://ocnita.md/category/decizii-2019/ | CC6: da | CD6: http://or.md/index.php/page/11/ http://or.md/index.php/2019/12/24/convocarea-consiliului-raional-orhei-in-sedinta-extraordinara-4/ http://or.md/index.php/2019/12/03/convocarea-consiliului-raional-orhei-in-sedinta-ordinara-6/ | CE6: da | CF6: http://consiliu.rezina.md/index.php?page=4&category=13 | CG6: 60-90% | CH6: http://www.riscani.md/index.php?pag=news&tip=anunturi&start=50 | CI6: da | CJ6: http://www.singerei.md/proiecte-de-decizii.html | CK6: da | CL6: https://soldanesti.md/page/10/ | CM6: da | CN6: http://www.soroca.org.md/index.php/acte-normative/dispozitiile-presedintelui-raionului/610-dispozitii-de-baza-2019 http://www.soroca.org.md/index.php/procesul-decizional/anunt-de-initiere-a-proiectelor-de-decizie http://www.soroca.org.md/index.php/procesul-decizional/anunt-de-initiere-a-proiectelor-de-decizie?start=3 | CO6: da | CP6: https://stefan-voda.md/category/dispozitiile-presedintelui/page/2/ | CQ6: da | CR6: http://crstraseni.md/index.php?pag=news&id=769&rid=2882&l=ro http://crstraseni.md/index.php?pag=news&id=769&rid=2938&l=ro http://crstraseni.md/index.php?pag=news&id=769&rid=3029&l=ro http://crstraseni.md/index.php?pag=news&id=769&rid=3179&l=ro http://crstraseni.md/index.php?pag=news&id=769&rid=3233&l=ro http://crstraseni.md/index.php?pag=news&id=769&rid=3352&l=ro http://crstraseni.md/index.php?pag=news&id=769&rid=3362&l=ro http://crstraseni.md/index.php?pag=news&id=769&rid=3403&l=ro | CS6: 0-10% | CT6: http://raiontaraclia.md/2019/08/23/%d0%b2%d0%bd%d0%b5%d0%be%d1%87%d0%b5%d1%80%d0%b5%d0%b4%d0%bd%d0%be%d0%b5-%d0%b7%d0%b0%d1%81%d0%b5%d0%b4%d0%b0%d0%bd%d0%b8%d0%b5-%d1%80%d0%b0%d0%b9%d0%be%d0%bd%d0%bd%d0%be%d0%b3%d0%be-%d1%81%d0%be-9/ http://raiontaraclia.md/2019/08/14/%d0%b2%d0%bd%d0%b5%d0%be%d1%87%d0%b5%d1%80%d0%b5%d0%b4%d0%bd%d0%be%d0%b5-%d0%b7%d0%b0%d1%81%d0%b5%d0%b4%d0%b0%d0%bd%d0%b8%d0%b5-%d1%80%d0%b0%d0%b9%d0%be%d0%bd%d0%bd%d0%be%d0%b3%d0%be-%d1%81%d0%be-7/ http://raiontaraclia.md/2019/08/02/%d0%b2%d0%bd%d0%b5%d0%be%d1%87%d0%b5%d1%80%d0%b5%d0%b4%d0%bd%d0%be%d0%b5-%d0%b7%d0%b0%d1%81%d0%b5%d0%b4%d0%b0%d0%bd%d0%b8%d0%b5-%d1%80%d0%b0%d0%b9%d0%be%d0%bd%d0%bd%d0%be%d0%b3%d0%be-%d1%81%d0%be-6/ http://raiontaraclia.md/2019/07/19/%d0%b2%d0%bd%d0%b5%d0%be%d1%87%d0%b5%d1%80%d0%b5%d0%b4%d0%bd%d0%be%d0%b5-%d0%b7%d0%b0%d1%81%d0%b5%d0%b4%d0%b0%d0%bd%d0%b8%d0%b5-%d1%80%d0%b0%d0%b9%d0%be%d0%bd%d0%bd%d0%be%d0%b3%d0%be-%d1%81%d0%be-5/ http://raiontaraclia.md/2019/07/10/%d0%b2%d0%bd%d0%b5%d0%be%d1%87%d0%b5%d1%80%d0%b5%d0%b4%d0%bd%d0%be%d0%b5-%d0%b7%d0%b0%d1%81%d0%b5%d0%b4%d0%b0%d0%bd%d0%b8%d0%b5-%d1%80%d0%b0%d0%b9%d0%be%d0%bd%d0%bd%d0%be%d0%b3%d0%be-%d1%81%d0%be-4/ http://raiontaraclia.md/2019/05/17/%d0%b2%d0%bd%d0%b5%d0%be%d1%87%d0%b5%d1%80%d0%b5%d0%b4%d0%bd%d0%be%d0%b5-%d0%b7%d0%b0%d1%81%d0%b5%d0%b4%d0%b0%d0%bd%d0%b8%d0%b5-%d1%80%d0%b0%d0%b9%d0%be%d0%bd%d0%bd%d0%be%d0%b3%d0%be-%d1%81%d0%be-2/ http://raiontaraclia.md/2019/04/08/%d0%b2%d0%bd%d0%b5%d0%be%d1%87%d0%b5%d1%80%d0%b5%d0%b4%d0%bd%d0%be%d0%b5-%d0%b7%d0%b0%d1%81%d0%b5%d0%b4%d0%b0%d0%bd%d0%b8%d0%b5-%d1%80%d0%b0%d0%b9%d0%be%d0%bd%d0%bd%d0%be%d0%b3%d0%be-%d1%81%d0%be/ http://raiontaraclia.md/2019/03/19/%d0%be%d1%87%d0%b5%d1%80%d0%b5%d0%b4%d0%bd%d0%be%d0%b5-%d0%b7%d0%b0%d1%81%d0%b5%d0%b4%d0%b0%d0%bd%d0%b8%d0%b5-%d1%80%d0%b0%d0%b9%d0%be%d0%bd%d0%bd%d0%be%d0%b3%d0%be-%d1%81%d0%be%d0%b2%d0%b5%d1%82/ | CU6: 30-60% | CV6: https://telenesti.md/2019/03/13/cu-privire-la-convocarea-consiliului-raional-in-sedinta-ordinara/ https://telenesti.md/2019/09/09/anunt-cu-privire-la-convocarea-consiliului-raional-telenesti-in-sedinta-ordinara/ https://telenesti.md/2019/11/15/anunt-cu-privire-la-convocarea-consiliului-raional-telenesti-in-sedinta-extraordinara/ https://telenesti.md/2019/12/08/anunt-cu-privire-la-convocarea-consiliului-raional-telenesti-in-sedinta-ordinara-2/ | CW6: da | CX6: http://www.crungheni.md/anunturi/page/3/
A7: Q6 | B7: R20006 | C7: 7 | D7: Cuprinde anunțul referitor la desfăşurarea şedinţei publice data, ora, locul desfăşurării şedinţei şi ordinea de zi a acesteia? | E7: Does the public session announcement include the date, time and place of the meeting and its agenda? | F7: acc | G7: acc6 | H7: acc6k | I7: 1 | J7: da | K7: yes | L7: nu | M7: no | N7: partial | O7: partially | P7: ="---" -> --- | Q7: ="---" -> --- | R7: ="---" -> --- | S7: ="---" -> --- | T7: ="---" -> --- | U7: ="---" -> --- | V7: ="---" -> --- | W7: ="---" -> --- | X7: N/A | Y7: N/A | Z7: ="---" -> --- | AA7: ="---" -> --- | AB7: =J7 -> da | AC7: =L7 -> nu | AD7: =I7 -> 1 | AE7: 0 | AF7: =AD7/2 -> 0.5 | AG7: ="---" -> --- | AH7: ="---" -> --- | AI7: ="---" -> --- | AJ7: ="---" -> --- | AK7: N/A | AL7: ="---" -> --- | AM7: nu | AN7: Nu sînt informații pe web | AO7: da | AP7: http://basarabeasca.md/ro/dispozitii-ale-presedintelui/ | AQ7: nu | AR7: Nu sînt informații pe web | AS7: partial | AT7: Pe web doar un anunț http://cahul.md/consiliul-raional-cahul-se-convoaca-in-sedinta-extraordinara-la-27-decembrie-2019/ | AU7: da | AV7: http://www.calarasi.md/index.php/anunturi?start=16 http://www.calarasi.md/index.php/anunturi/1404-hghjhyre4334567890 http://www.calarasi.md/index.php/anunturi/1378-eertyy http://www.calarasi.md/index.php/anunturi/1342-gfjhjkhkhk http://www.calarasi.md/index.php/anunturi/1221-p78 | AW7: nu | AX7: Nu sînt informații pe web | AY7: da | AZ7: http://www.causeni.md/documents/item/index/1786 | BA7: da | BB7: http://raioncimislia.md/dispozitiile-presedintelui/ | BC7: da | BD7: http://criuleni.md/index.php?pag=news&id=517&l=ro http://criuleni.md/index.php?pag=news&id=434&rid=3335&l=ro http://criuleni.md/index.php?pag=news&id=434&l=ro&start=20 | BE7: da | BF7: http://donduseni.md/dispozitiile-presedintelui/ | BG7: da | BH7: https://drochia.md/category/anunturi-transparenta/ | BI7: da | BJ7: Anunțurile sînt plasate la rubrica noutăți de pe web http://dubasari.md/news/consilierii-raionali-se-convoaca-in-sedinta-ordinara-de-lucru-425676 | BK7: da | BL7: http://edinet.md/convocare-consiliu-raional/ | BM7: da | BN7: http://www.cr-falesti.md/index.php/dispozitii | BO7: da | BP7: http://floresti.md/anunturile-de-convocare-a-sedintelor-consiliului/ http://floresti.md/sedintele-si-deciziile-comisiilor/ | BQ7: partial | BR7: http://www.glodeni.md/ro/anun%C8%9B/anunt | BS7: da | BT7: https://hincesti.md/category/procesul-decizional/proiectele-de-decizii/ | BU7: da | BV7: https://il.md/page/7/ | BW7: da | BX7: http://www.leova.md/index.php?pag=news&id=769&rid=1584&l=ro http://www.leova.md/index.php?pag=news&id=769&rid=1706&l=ro http://www.leova.md/index.php?pag=news&id=769&rid=1745&l=ro http://www.leova.md/index.php?pag=news&id=769&rid=1799&l=ro http://www.leova.md/index.php?pag=news&id=769&rid=1833&l=ro http://www.leova.md/index.php?pag=news&id=788&rid=1630&l=ro | BY7: nu | BZ7: Nu sînt informații pe web | CA7: partial | CB7: https://ocnita.md/category/decizii-2019/ | CC7: da | CD7: http://or.md/index.php/page/11/ http://or.md/index.php/2019/12/24/convocarea-consiliului-raional-orhei-in-sedinta-extraordinara-4/ http://or.md/index.php/2019/12/03/convocarea-consiliului-raional-orhei-in-sedinta-ordinara-6/ | CE7: da | CF7: http://consiliu.rezina.md/index.php?page=4&category=13 | CG7: da | CH7: http://www.riscani.md/index.php?pag=news&opa=view&id=914&tip=anunturi&start=20&di= | CI7: da | CJ7: http://www.singerei.md/proiecte-de-decizii.html | CK7: da | CL7: https://soldanesti.md/page/10/ | CM7: da | CN7: http://www.soroca.org.md/index.php/acte-normative/dispozitiile-presedintelui-raionului/610-dispozitii-de-baza-2019 http://www.soroca.org.md/index.php/procesul-decizional/anunt-de-initiere-a-proiectelor-de-decizie http://www.soroca.org.md/index.php/procesul-decizional/anunt-de-initiere-a-proiectelor-de-decizie?start=3 | CO7: da | CP7: https://stefan-voda.md/category/dispozitiile-presedintelui/page/2/ | CQ7: da | CR7: http://crstraseni.md/index.php?pag=news&id=769&rid=2882&l=ro http://crstraseni.md/index.php?pag=news&id=769&rid=2938&l=ro http://crstraseni.md/index.php?pag=news&id=769&rid=3029&l=ro http://crstraseni.md/index.php?pag=news&id=769&rid=3179&l=ro http://crstraseni.md/index.php?pag=news&id=769&rid=3233&l=ro http://crstraseni.md/index.php?pag=news&id=769&rid=3352&l=ro http://crstraseni.md/index.php?pag=news&id=769&rid=3362&l=ro http://crstraseni.md/index.php?pag=news&id=769&rid=3403&l=ro | CS7: da | CT7: Din 11 anunțuri pe web doar unul a fost publicat în termenul prevăzut de lege http://raiontaraclia.md/2019/12/10/%d0%b2%d0%bd%d0%b5%d0%be%d1%87%d0%b5%d1%80%d0%b5%d0%b4%d0%bd%d0%be%d0%b5-%d0%b7%d0%b0%d1%81%d0%b5%d0%b4%d0%b0%d0%bd%d0%b8%d0%b5-%d1%80%d0%b0%d0%b9%d0%be%d0%bd%d0%bd%d0%be%d0%b3%d0%be-%d1%81%d0%be-11/ | CU7: da | CV7: https://telenesti.md/2019/03/13/cu-privire-la-convocarea-consiliului-raional-in-sedinta-ordinara/ https://telenesti.md/2019/09/09/anunt-cu-privire-la-convocarea-consiliului-raional-telenesti-in-sedinta-ordinara/ https://telenesti.md/2019/11/15/anunt-cu-privire-la-convocarea-consiliului-raional-telenesti-in-sedinta-extraordinara/ https://telenesti.md/2019/12/08/anunt-cu-privire-la-convocarea-consiliului-raional-telenesti-in-sedinta-ordinara-2/ | CW7: da | CX7: http://www.crungheni.md/anunturi/page/3/
A8: Q7 | B8: R20007 | C8: 8 | D8: Proiectele de decizii/dispoziţii şi materialele aferente acestora din anul 2019 au fost aduse la cunoștința publicului pînă la şedinţa autorităţii publice? | E8: Were the draft decisions / provisions and relevant materials in 2019 made known for public before the public authority meeting? | F8: acc | G8: acc7 | H8: acc7k | I8: 1 | J8: da | K8: yes | L8: nu | M8: no | N8: panou informativ/alte modalități | O8: Bilboard/other ways | P8: 0-10% | Q8: 0-10% | R8: 10-30% | S8: 10-30% | T8: 30-60% | U8: 30-60% | V8: 60-90% | W8: 60-90% | X8: N/A | Y8: N/A | Z8: ="---" -> --- | AA8: ="---" -> --- | AB8: =J8 -> da | AC8: =L8 -> nu | AD8: =I8 -> 1 | AE8: 0 | AF8: =AD8/2 -> 0.5 | AG8: =$AD8*(1/5) -> 0.2 | AH8: =$AD8*(2/5) -> 0.4 | AI8: =$AD8*(3/5) -> 0.6 | AJ8: =$AD8*(4/5) -> 0.8 | AK8: N/A | AL8: ="---" -> --- | AM8: 30-60% | AN8: https://anenii-noi.md/index.php?option=com_content&view=category&layout=blog&id=85&Itemid=691 | AO8: 60-90% | AP8: http://basarabeasca.md/ro/consultari-publice-ale-proiectelor/ Pe web sînt proiectele de decizii doar pentru 3 ședințe ale consiliului raional (cu mențiunea că din 25.09.2018 consiliul raional Basarabeasca a fost dizolvat, iar noul consiliul raional a fost ales în rezultatul alegerilor locale generale din 20.10.2019, cu validarea mandatelor pe 7.11.19). Punctajul acordat reiese din lipsa nemijlocită a proiectului bugetului raional în proiectele de decizii publicate pe web. consecutiv nu a fost convocat în ședințe și nu a adoptat nici o decizie | AQ8: nu | AR8: Nu sînt informații pe web | AS8: 60-90% | AT8: http://cahul.md/proiecte-de-decizii/ | AU8: nu | AV8: Nu sînt informații pe web | AW8: 0-10% | AX8: http://cantemir.md/lib.php?l=ro&idc=97&year=&month=&day=&page=2 | AY8: da | AZ8: http://www.causeni.md/documents/item/index/1784 | BA8: 60-90% | BB8: http://raioncimislia.md/proiecte-de-decizii/ | BC8: da | BD8: http://criuleni.md/index.php?pag=news&id=517&l=ro | BE8: nu | BF8: Nu sînt informații pe web | BG8: 0-10% | BH8: https://drochia.md/proiecte-de-decizii/ | BI8: da | BJ8: http://dubasari.md/pagins/proiecte-de-decizie | BK8: 60-90% | BL8: https://edinet.md/proiecte-de-decizii/ | BM8: da | BN8: http://www.cr-falesti.md/index.php/proiecte-de-decizii-2 | BO8: 60-90% | BP8: http://floresti.md/proiecte-de-decizii/ | BQ8: da | BR8: http://www.glodeni.md/ro/acte-normative/proiecte-de-decizii?page=6 | BS8: da | BT8: https://hincesti.md/category/procesul-decizional/proiectele-de-decizii/ | BU8: 60-90% | BV8: https://il.md/proiecte-de-decizii/ | BW8: da | BX8: http://leova.md/index.php?pag=news&id=786&l=ro | BY8: nu | BZ8: Nu sînt informații pe web | CA8: 10-30% | CB8: http://ocnita.md/wp-content/uploads/2019/03/%C8%98edin%C8%9Ba-Consiliului-raional-N1-28-martie-2019.pdf http://ocnita.md/wp-content/uploads/2019/07/Ordinea-de-zi-%C8%98edin%C8%9Ba-II-2019.pdf | CC8: 60-90% | CD8: http://or.md/index.php/proiecte-de-acte/ | CE8: nu | CF8: Nu sînt informații pe web | CG8: da | CH8: http://www.riscani.md/index.php?pag=procesul_decizional&ids=proiecte_decizii&y=2019&start=0 | CI8: da | CJ8: http://www.singerei.md/proiecte-de-decizii.html | CK8: 30-60% | CL8: https://soldanesti.md/proiecte-de-decizii/ | CM8: 60-90% | CN8: http://www.soroca.org.md/index.php/procesul-decizional/proiecte-intrate-in-cr?start=3 | CO8: 60-90% | CP8: https://stefan-voda.md/category/proiecte-de-decizii/ | CQ8: da | CR8: http://crstraseni.md/index.php?pag=news&id=809&l=ro | CS8: 0-10% | CT8: http://raiontaraclia.md/2019/12/10/%d0%bc%d0%b0%d1%82%d0%b5%d1%80%d0%b8%d0%b0%d0%bb%d1%8b-%d0%ba-%d0%b7%d0%b0%d1%81%d0%b5%d0%b4%d0%b0%d0%bd%d0%b8%d1%8e-%d1%80%d0%b0%d0%b9%d0%be%d0%bd%d0%bd%d0%be%d0%b3%d0%be-%d1%81%d0%be%d0%b2%d0%b5/ | CU8: nu | CV8: Nu sînt informații pe web | CW8: nu | CX8: Nu sînt informații pe web
A9: Q8 | B9: R20008 | C9: 9 | D9: Există un instrument online care permite publicului să depună și să urmărească reclamațiile/cererile lor? | E9: Is there any online tool that allows the public to follow its requests and complaints? | F9: acc | G9: acc8 | H9: acc8k | I9: 1 | J9: da | K9: yes | L9: nu | M9: no | N9: partial | O9: partially | P9: ="---" -> --- | Q9: ="---" -> --- | R9: ="---" -> --- | S9: ="---" -> --- | T9: ="---" -> --- | U9: ="---" -> --- | V9: ="---" -> --- | W9: ="---" -> --- | X9: N/A | Y9: N/A | Z9: ="---" -> --- | AA9: ="---" -> --- | AB9: =J9 -> da | AC9: =L9 -> nu | AD9: =I9 -> 1 | AE9: 0 | AF9: =AD9/2 -> 0.5 | AG9: ="---" -> --- | AH9: ="---" -> --- | AI9: ="---" -> --- | AJ9: ="---" -> --- | AK9: N/A | AL9: ="---" -> --- | AM9: nu | AN9: Nu sînt informații pe web | AO9: partial | AP9: http://basarabeasca.md/ro/contacte/ | AQ9: nu | AR9: Nu sînt informații pe web | AS9: partial | AT9: https://cahul.md/contact/ | AU9: nu | AV9: Nu sînt informații pe web | AW9: partial | AX9: http://cantemir.md/feedbacktxt.php?l=ro&idc=109&t=/Audienta-online/Audienta-online/ | AY9: partial | AZ9: http://www.causeni.md/questions/questions_item/add?mail=1 | BA9: partial | BB9: http://raioncimislia.md/petitii-online/ | BC9: partial | BD9: http://criuleni.md/index.php?pag=feedback&id=463&l=ro | BE9: nu | BF9: Nu sînt informații pe web | BG9: nu | BH9: Nu sînt informații pe web | BI9: partial | BJ9: http://dubasari.md/pagins/scrie-presedintelui | BK9: nu | BL9: Nu sînt informații pe web | BM9: nu | BN9: Nu sînt informații pe web | BO9: partial | BP9: http://floresti.md/scrie-presedintelui/ | BQ9: partial | BR9: http://www.glodeni.md/ro/content/peti%C8%9Bii-line | BS9: nu | BT9: Nu sînt informații pe web | BU9: nu | BV9: Nu sînt informații pe web | BW9: partial | BX9: http://www.leova.md/index.php?pag=feedback&id=794&l=ro | BY9: nu | BZ9: Nu sînt informații pe web | CA9: nu | CB9: Nu sînt informații pe web | CC9: partial | CD9: http://or.md/index.php/contacte/ | CE9: partial | CF9: http://consiliu.rezina.md/contact_us.php | CG9: partial | CH9: http://www.riscani.md/index.php?pag=petitie | CI9: partial | CJ9: http://www.singerei.md/scrie-presedintelui.html | CK9: nu | CL9: Nu sînt informații pe web | CM9: nu | CN9: Nu sînt informații pe web | CO9: partial | CP9: https://stefan-voda.md/petitie-online/ | CQ9: nu | CR9: Nu sînt informații pe web | CS9: nu | CT9: Nu sînt informații pe web | CU9: nu | CV9: Nu sînt informații pe web | CW9: partial | CX9: http://www.crungheni.md/scrie-presedintelui/
A10: Q9 | B10: R20009 | C10: 10 | D10: Autoritățile publice locale au răspuns la cererea persoanei fizice de solicitare a informațiilor în conformitate cu cerințele și termenii legali ? | E10: Has the local public authority responded to the individual's request for information in accordance with legal requirements and terms? | F10: acc | G10: acc9 | H10: acc9k | I10: 4 | J10: da | K10: yes | L10: nu | M10: no | N10: partial | O10: partially | P10: ="---" -> --- | Q10: ="---" -> --- | R10: ="---" -> --- | S10: ="---" -> --- | T10: ="---" -> --- | U10: ="---" -> --- | V10: ="---" -> --- | W10: ="---" -> --- | X10: N/A | Y10: N/A | Z10: ="---" -> --- | AA10: ="---" -> --- | AB10: =J10 -> da | AC10: =L10 -> nu | AD10: =I10 -> 4 | AE10: 0 | AF10: =AD10/2 -> 2 | AG10: ="---" -> --- | AH10: ="---" -> --- | AI10: ="---" -> --- | AJ10: ="---" -> --- | AK10: N/A | AL10: ="---" -> --- | AM10: nu | AN10: Nu a furnizat informația solicitată | AO10: da | AP10: Răspuns oferit potrivit cerințelor și termenilor legali | AQ10: nu | AR10: Nu a furnizat informația solicitată | AS10: nu | AT10: Nu a furnizat informația solicitată | AU10: da | AV10: Răspuns oferit potrivit cerințelor și termenilor legali | AW10: nu | AX10: Nu a furnizat informația solicitată | AY10: nu | AZ10: Nu a furnizat informația solicitată | BA10: nu | BB10: Nu a furnizat informația solicitată | BC10: da | BD10: Răspuns oferit potrivit cerințelor și termenilor legali | BE10: nu | BF10: Nu a furnizat informația solicitată | BG10: da | BH10: Răspuns oferit potrivit cerințelor și termenilor legali | BI10: da | BJ10: Răspuns oferit potrivit cerințelor și termenilor legali | BK10: nu | BL10: Nu a furnizat informația solicitată | BM10: nu | BN10: Nu a furnizat informația solicitată | BO10: da | BP10: Răspuns oferit potrivit cerințelor și termenilor legali | BQ10: nu | BR10: Nu a furnizat informația solicitată | BS10: da | BT10: Răspuns oferit potrivit cerințelor și termenilor legali | BU10: nu | BV10: Nu a furnizat informația solicitată | BW10: da | BX10: Răspuns oferit potrivit cerințelor și termenilor legali | BY10: da | BZ10: Nu sînt informații pe web | CA10: nu | CB10: Nu a furnizat informația solicitată | CC10: da | CD10: Răspuns oferit potrivit cerințelor și termenilor legali | CE10: nu | CF10: Nu a furnizat informația solicitată | CG10: da | CH10: Răspuns oferit potrivit cerințelor și termenilor legali | CI10: da | CJ10: Răspuns oferit potrivit cerințelor și termenilor legali | CK10: nu | CL10: Nu a furnizat informația solicitată | CM10: da | CN10: Răspuns oferit potrivit cerințelor și termenilor legali | CO10: da | CP10: Răspuns oferit potrivit cerințelor și termenilor legali | CQ10: da | CR10: Răspuns oferit potrivit cerințelor și termenilor legali | CS10: nu | CT10: Nu a furnizat informația solicitată | CU10: nu | CV10: Nu a furnizat informația solicitată | CW10: da | CX10: Răspuns oferit potrivit cerințelor și termenilor legali
A11: Q9a | B11: R20009a | C11: 11 | D11: Autoritățile publice locale au răspuns la chestionarul IDIS „Viitorul” în conformitate cu cerințele și termenii legii privind accesul la informație? | E11: Did the local public authority answer the IDIS “Viitorul” questionnaire in accordance with the requirements and terms of the law on access to information? | F11: acc | G11: acc9a | H11: acc9ak | I11: 4 | J11: da | K11: yes | L11: nu | M11: no | N11: partial | O11: partially | P11: ="---" -> --- | Q11: ="---" -> --- | R11: ="---" -> --- | S11: ="---" -> --- | T11: ="---" -> --- | U11: ="---" -> --- | V11: ="---" -> --- | W11: ="---" -> --- | X11: N/A | Y11: N/A | Z11: ="---" -> --- | AA11: ="---" -> --- | AB11: =J11 -> da | AC11: =L11 -> nu | AD11: =I11 -> 4 | AE11: 0 | AF11: =AD11/2 -> 2 | AG11: ="---" -> --- | AH11: ="---" -> --- | AI11: ="---" -> --- | AJ11: ="---" -> --- | AK11: N/A | AL11: ="---" -> --- | AM11: da | AN11: Chestionar completat și recepționat | AO11: nu | AP11: Nu a fost completat chestionarul | AQ11: nu | AR11: Nu a fost completat chestionarul | AS11: da | AT11: Chestionar completat și recepționat | AU11: nu | AV11: Nu a fost completat chestionarul | AW11: da | AX11: Chestionar completat și recepționat | AY11: nu | AZ11: Nu a fost completat chestionarul | BA11: da | BB11: Chestionar completat și recepționat | BC11: da | BD11: Chestionar completat și recepționat | BE11: da | BF11: Chestionar completat și recepționat | BG11: nu | BH11: Nu a fost completat chestionarul | BI11: da | BJ11: Chestionar completat și recepționat | BK11: da | BL11: Chestionar completat și recepționat | BM11: da | BN11: Chestionar completat și recepționat | BO11: da | BP11: Chestionar completat și recepționat | BQ11: nu | BR11: Nu a fost completat chestionarul | BS11: nu | BT11: Nu a fost completat chestionarul | BU11: nu | BV11: Nu a fost completat chestionarul | BW11: da | BX11: Chestionar completat și recepționat | BY11: nu | BZ11: Nu a fost completat chestionarul | CA11: nu | CB11: Nu a fost completat chestionarul | CC11: nu | CD11: Nu a fost completat chestionarul | CE11: da | CF11: Chestionar completat și recepționat | CG11: da | CH11: Chestionar completat și recepționat | CI11: da | CJ11: Chestionar completat și recepționat | CK11: da | CL11: Chestionar completat și recepționat | CM11: da | CN11: Chestionar completat și recepționat | CO11: da | CP11: Chestionar completat și recepționat | CQ11: da | CR11: Chestionar completat și recepționat | CS11: nu | CT11: Nu a fost completat chestionarul | CU11: nu | CV11: Nu a fost completat chestionarul | CW11: da | CX11: Chestionar completat și recepționat
A12: Q10 | B12: R20010 | C12: 12 | D12: Au fost organizate consultări publice pentru proiectele de decizii/dispoziţii în anul 2019? | E12: Were any public consultations organized for the drafts of decisions/provisions for 2019? | F12: par | G12: par1 | H12: par1k | I12: 3 | J12: da | K12: yes | L12: nu | M12: no | N12: panou informativ/alte modalități | O12: Bilboard/other ways | P12: 0-10% | Q12: 0-10% | R12: 10-30% | S12: 10-30% | T12: 30-60% | U12: 30-60% | V12: 60-90% | W12: 60-90% | X12: N/A | Y12: N/A | Z12: ="---" -> --- | AA12: ="---" -> --- | AB12: =J12 -> da | AC12: =L12 -> nu | AD12: =I12 -> 3 | AE12: 0 | AF12: =AD12/2 -> 1.5 | AG12: =$AD12*(1/5) -> 0.6 | AH12: =$AD12*(2/5) -> 1.2 | AI12: =$AD12*(3/5) -> 1.8 | AJ12: =$AD12*(4/5) -> 2.4 | AK12: N/A | AL12: ="---" -> --- | AM12: 0-10% | AN12: https://anenii-noi.md/index.php?option=com_content&view=category&layout=blog&id=85&Itemid=691&limitstart=5 | AO12: nu | AP12: http://basarabeasca.md/ro/proiecte-de-decizii/ | AQ12: nu | AR12: Nu sînt informații pe web | AS12: 10-30% | AT12: http://cahul.md/anunturi-privind-organizarea-consultarii-publice/ | AU12: nu | AV12: Nu sînt informații pe web | AW12: 30-60% | AX12: http://cantemir.md/lib.php?l=ro&idc=97&year=&month=&day=&page=2 | AY12: nu | AZ12: Nu sînt informații pe web | BA12: 0-10% | BB12: http://raioncimislia.md/consultari-publice/ | BC12: da | BD12: http://criuleni.md/index.php?pag=news&id=517&l=ro | BE12: panou informativ/alte modalități | BF12: Nu sînt informații pe web | BG12: nu | BH12: Nu sînt informații pe web | BI12: 60-90% | BJ12: http://dubasari.md/consultatie | BK12: 10-30% | BL12: http://edinet.md/anunt-de-organizare-a-dezbaterilor-publice-a-proiectelor-de-decizii/ https://edinet.md/anunt-de-initiere-a-proiectelor-de-decizii/ | BM12: 0-10% | BN12: http://www.cr-falesti.md/index.php/consultari-publice | BO12: nu | BP12: Nu sînt informații pe web | BQ12: 30-60% | BR12: http://www.glodeni.md/ro/anun%C8%9B/anunt | BS12: 0-10% | BT12: https://hincesti.md/category/procesul-decizional/consultari-publice/ | BU12: nu | BV12: Nu sînt informații pe web | BW12: da | BX12: http://leova.md/index.php?pag=news&id=786&l=ro | BY12: nu | BZ12: Nu sînt informații pe web | CA12: 0-10% | CB12: https://ocnita.md/category/audieri-publice/ | CC12: 60-90% | CD12: http://or.md/index.php/proiecte-de-acte/ | CE12: nu | CF12: Nu sînt informații pe web | CG12: da | CH12: http://www.riscani.md/index.php?pag=procesul_decizional&ids=proiecte_decizii&y=2019&start=0 http://www.riscani.md/index.php?pag=procesul_decizional&ids=anunturi_audieri | CI12: 0-10% | CJ12: Conform răspunsului din chestionar http://www.singerei.md/consultari-publice.html | CK12: 10-30% | CL12: https://soldanesti.md/initierea-proiectelor-de-decizii/ | CM12: 30-60% | CN12: http://www.soroca.org.md/index.php/procesul-decizional/anunt-de-organizare-a-dezbaterilor-publice-a-proiectelor-de-decizie?start=3 | CO12: nu | CP12: Nu sînt informații pe web | CQ12: da | CR12: http://crstraseni.md/index.php?pag=news&id=810&l=ro&start=20 | CS12: nu | CT12: Nu sînt informații pe web | CU12: nu | CV12: Nu sînt informații pe web | CW12: nu | CX12: Nu sînt informații pe web
A13: Q11 | B13: R20011 | C13: 13 | D13: Anunţul privind organizarea consultărilor publice este făcut public de autoritatea publică (cu cel puțin 10 zile pînă la adoptarea deciziei)? | E13: Is the announcement regarding the organization of public consultations made public by the public authority at least 10 days before the decision? | F13: par | G13: par2 | H13: par2k | I13: 2 | J13: da | K13: yes | L13: nu | M13: no | N13: panou informativ/alte modalități | O13: Bilboard/other ways | P13: 0-10% | Q13: 0-10% | R13: 10-30% | S13: 10-30% | T13: 30-60% | U13: 30-60% | V13: 60-90% | W13: 60-90% | X13: N/A | Y13: N/A | Z13: ="---" -> --- | AA13: ="---" -> --- | AB13: =J13 -> da | AC13: =L13 -> nu | AD13: =I13 -> 2 | AE13: 0 | AF13: =AD13/2 -> 1 | AG13: =$AD13*(1/5) -> 0.4 | AH13: =$AD13*(2/5) -> 0.8 | AI13: =$AD13*(3/5) -> 1.2 | AJ13: =$AD13*(4/5) -> 1.6 | AK13: N/A | AL13: ="---" -> --- | AM13: nu | AN13: Nu sînt informații pe web | AO13: nu | AP13: http://basarabeasca.md/ro/proiecte-de-decizii/ | AQ13: nu | AR13: Nu sînt informații pe web | AS13: 30-60% | AT13: Conform răspunsului din chestionar | AU13: nu | AV13: Nu sînt informații pe web | AW13: 30-60% | AX13: http://cantemir.md/lib.php?l=ro&idc=97&year=&month=&day=&page=2 | AY13: nu | AZ13: Nu sînt informații pe web | BA13: 60-90% | BB13: Conform răspunsului din chestionar | BC13: da | BD13: http://criuleni.md/index.php?pag=news&id=517&l=ro | BE13: panou informativ/alte modalități | BF13: Nu sînt informații pe web | BG13: nu | BH13: Nu sînt informații pe web | BI13: da | BJ13: http://dubasari.md/consultatie | BK13: nu | BL13: Nu sînt informații pe web | BM13: 0-10% | BN13: http://www.cr-falesti.md/index.php/consultari-publice | BO13: nu | BP13: Nu sînt informații pe web | BQ13: 30-60% | BR13: http://www.glodeni.md/ro/anun%C8%9B/anunt | BS13: 0-10% | BT13: https://hincesti.md/category/procesul-decizional/consultari-publice/ | BU13: nu | BV13: Nu sînt informații pe web | BW13: nu | BX13: Nu sînt informații pe web | BY13: nu | BZ13: Nu sînt informații pe web | CA13: nu | CB13: Nu sînt informații pe web | CC13: 30-60% | CD13: http://or.md/index.php/proiecte-de-acte/ | CE13: nu | CF13: Nu sînt informații pe web | CG13: 10-30% | CH13: http://www.riscani.md/index.php?pag=procesul_decizional&ids=anunturi_audieri | CI13: 0-10% | CJ13: Conform răspunsului din chestionar http://www.singerei.md/consultari-publice.html | CK13: 10-30% | CL13: https://soldanesti.md/initierea-proiectelor-de-decizii/ | CM13: 10-30% | CN13: http://www.soroca.org.md/index.php/procesul-decizional/anunt-de-organizare-a-dezbaterilor-publice-a-proiectelor-de-decizie?start=3 | CO13: nu | CP13: Nu sînt informații pe web | CQ13: da | CR13: http://crstraseni.md/index.php?pag=news&id=810&l=ro&start=21 | CS13: nu | CT13: Nu sînt informații pe web | CU13: nu | CV13: Nu sînt informații pe web | CW13: nu | CX13: Nu sînt informații pe web
A14: Q12 | B14: R20012 | C14: 14 | D14: Anunţul privind organizarea consultărilor publice conține termenul-limită de prezentare a recomandărilor, modalitatea în care părţile interesate pot prezenta sau expedia recomandări, datele de contact ale persoanelor responsabile de recepţionarea şi examinarea recomandărilor (numele şi prenumele, numărul de telefon, adresa poștei electronice)? | E14: Does the announcement regarding the organization of public consultations contains deadline for submitting recommendations, the method in which interested parties may send recommendations, contact details of the persons responsible for examining the recommendations (name, phone number, email address)? | F14: par | G14: par3 | H14: par3k | I14: 1 | J14: da | K14: yes | L14: nu | M14: no | N14: partial | O14: partially | P14: ="---" -> --- | Q14: ="---" -> --- | R14: ="---" -> --- | S14: ="---" -> --- | T14: ="---" -> --- | U14: ="---" -> --- | V14: ="---" -> --- | W14: ="---" -> --- | X14: N/A | Y14: N/A | Z14: ="---" -> --- | AA14: ="---" -> --- | AB14: =J14 -> da | AC14: =L14 -> nu | AD14: =I14 -> 1 | AE14: 0 | AF14: =AD14/2 -> 0.5 | AG14: ="---" -> --- | AH14: ="---" -> --- | AI14: ="---" -> --- | AJ14: ="---" -> --- | AK14: N/A | AL14: ="---" -> --- | AM14: nu | AN14: Nu sînt informații pe web | AO14: nu | AP14: http://basarabeasca.md/ro/proiecte-de-decizii/ | AQ14: nu | AR14: Nu sînt informații pe web | AS14: da | AT14: http://cahul.md/anunturi-privind-organizarea-consultarii-publice/ | AU14: nu | AV14: Nu sînt informații pe web | AW14: nu | AX14: Nu sînt informații pe web | AY14: nu | AZ14: Nu sînt informații pe web | BA14: nu | BB14: Nu sînt informații pe web | BC14: partial | BD14: http://criuleni.md/index.php?pag=news&id=517&l=ro | BE14: nu | BF14: Nu sînt informații pe web | BG14: nu | BH14: Nu sînt informații pe web | BI14: da | BJ14: http://dubasari.md/consultatie | BK14: da | BL14: http://edinet.md/anunt-de-organizare-a-dezbaterilor-publice-a-proiectelor-de-decizii/ https://edinet.md/proiecte-de-decizii/ | BM14: da | BN14: http://www.cr-falesti.md/index.php/consultari-publice | BO14: nu | BP14: Nu sînt informații pe web | BQ14: partial | BR14: http://www.glodeni.md/ro/anun%C8%9B/anunt | BS14: nu | BT14: Nu sînt informații pe web | BU14: nu | BV14: Nu sînt informații pe web | BW14: nu | BX14: Nu sînt informații pe web | BY14: nu | BZ14: Nu sînt informații pe web | CA14: nu | CB14: Nu sînt informații pe web | CC14: da | CD14: http://or.md/index.php/proiecte-de-acte/ | CE14: nu | CF14: Nu sînt informații pe web | CG14: da | CH14: http://www.riscani.md/index.php?pag=procesul_decizional&ids=anunturi_audieri | CI14: nu | CJ14: Nu sînt informații pe web | CK14: da | CL14: http://soldanesti.md/wp-content/uploads/2019/05/Consult%C4%83ri-publice.pdf | CM14: da | CN14: http://www.soroca.org.md/index.php/procesul-decizional/anunt-de-organizare-a-dezbaterilor-publice-a-proiectelor-de-decizie?start=3 | CO14: nu | CP14: Nu sînt informații pe web | CQ14: da | CR14: http://crstraseni.md/index.php?pag=news&id=810&l=ro&start=22 | CS14: nu | CT14: Nu sînt informații pe web | CU14: nu | CV14: Nu sînt informații pe web | CW14: nu | CX14: Nu sînt informații pe web
A15: Q13 | B15: R20013 | C15: 15 | D15: Autoritățile publice au creat consilii consultative, grupuri de lucru permanente sau grupuri de lucru ad-hoc care participă la procesul decizional? | E15: Are created by the public authorities advisory boards, working groups, permanent or ad hoc working groups participating in the decision making process? | F15: par | G15: par4 | H15: par4k | I15: 2 | J15: da | K15: yes | L15: nu | M15: no | N15: partial | O15: partially | P15: ="---" -> --- | Q15: ="---" -> --- | R15: ="---" -> --- | S15: ="---" -> --- | T15: ="---" -> --- | U15: ="---" -> --- | V15: ="---" -> --- | W15: ="---" -> --- | X15: N/A | Y15: N/A | Z15: ="---" -> --- | AA15: ="---" -> --- | AB15: =J15 -> da | AC15: =L15 -> nu | AD15: =I15 -> 2 | AE15: 0 | AF15: =AD15/2 -> 1 | AG15: ="---" -> --- | AH15: ="---" -> --- | AI15: ="---" -> --- | AJ15: ="---" -> --- | AK15: N/A | AL15: ="---" -> --- | AM15: nu | AN15: Nu sînt informații pe web | AO15: nu | AP15: Nu sînt informații pe web | AQ15: nu | AR15: Nu sînt informații pe web | AS15: da | AT15: https://cahul.md/la-cahul-s-a-desfasurat-forumul-democratiei-locale/ http://contact-cahul.md/69-consiliul-raional-de-participare-cahul-in-aciune.html | AU15: nu | AV15: Nu sînt informații pe web | AW15: nu | AX15: Nu sînt informații pe web | AY15: nu | AZ15: Nu sînt informații pe web | BA15: nu | BB15: Nu sînt informații pe web | BC15: nu | BD15: Nu sînt informații pe web | BE15: nu | BF15: Nu sînt informații pe web | BG15: nu | BH15: Nu sînt informații pe web | BI15: nu | BJ15: Nu sînt informații pe web | BK15: nu | BL15: Nu sînt informații pe web | BM15: nu | BN15: Nu sînt informații pe web | BO15: nu | BP15: Nu sînt informații pe web | BQ15: nu | BR15: Nu sînt informații pe web | BS15: nu | BT15: Nu sînt informații pe web | BU15: nu | BV15: Nu sînt informații pe web | BW15: nu | BX15: Nu sînt informații pe web | BY15: nu | BZ15: Nu sînt informații pe web | CA15: nu | CB15: Nu sînt informații pe web | CC15: nu | CD15: Nu sînt informații pe web | CE15: nu | CF15: Nu sînt informații pe web | CG15: nu | CH15: Nu sînt informații pe web | CI15: nu | CJ15: Nu sînt informații pe web | CK15: nu | CL15: Nu sînt informații pe web | CM15: da | CN15: http://euparticip.md/ | CO15: nu | CP15: Nu sînt informații pe web | CQ15: partial | CR15: http://crstraseni.md/index.php?pag=news&id=849&rid=2219&l=ro | CS15: nu | CT15: Nu sînt informații pe web | CU15: nu | CV15: Nu sînt informații pe web | CW15: nu | CX15: Nu sînt informații pe web
A16: Q14 | B16: R20014 | C16: 16 | D16: Autorităţile publice au elaborat, aprobat și adus la cunoștință regulile interne de informare, consultare şi participare în procesul de elaborare şi adoptare a deciziilor? | E16: Does the public authorities drafted, approved and announced the internal rules of informing, consultation and participation in the process of drafting and adoption of decisions? | F16: par | G16: par5 | H16: par5k | I16: 2 | J16: da | K16: yes | L16: nu | M16: no | N16: partial | O16: partially | P16: ="---" -> --- | Q16: ="---" -> --- | R16: ="---" -> --- | S16: ="---" -> --- | T16: ="---" -> --- | U16: ="---" -> --- | V16: ="---" -> --- | W16: ="---" -> --- | X16: N/A | Y16: N/A | Z16: ="---" -> --- | AA16: ="---" -> --- | AB16: =J16 -> da | AC16: =L16 -> nu | AD16: =I16 -> 2 | AE16: 0 | AF16: =AD16/2 -> 1 | AG16: ="---" -> --- | AH16: ="---" -> --- | AI16: ="---" -> --- | AJ16: ="---" -> --- | AK16: N/A | AL16: ="---" -> --- | AM16: nu | AN16: Nu sînt informații pe web | AO16: nu | AP16: Nu sînt informații pe web | AQ16: nu | AR16: Nu sînt informații pe web | AS16: da | AT16: http://cahul.md/regulile-interne/ | AU16: da | AV16: http://www.calarasi.md/index.php/transparenta-decizionala/998-regulilor-interne-de-organizare-a-procedurilor-de-asigurare-a-transparentei-in-procesul-de-elaborare-si-adoptare-a-deciziilor-consiliului-raional-calarasi | AW16: nu | AX16: Nu sînt informații pe web | AY16: nu | AZ16: Nu sînt informații pe web | BA16: nu | BB16: Nu sînt informații pe web | BC16: da | BD16: http://criuleni.md/index.php?pag=news&id=432&rid=2685&l=ro | BE16: nu | BF16: Nu sînt informații pe web | BG16: nu | BH16: Nu sînt informații pe web | BI16: nu | BJ16: Nu sînt informații pe web | BK16: nu | BL16: Nu sînt informații pe web | BM16: nu | BN16: Nu sînt informații pe web | BO16: nu | BP16: Nu sînt informații pe web | BQ16: nu | BR16: Nu sînt informații pe web | BS16: nu | BT16: Nu sînt informații pe web | BU16: nu | BV16: Nu sînt informații pe web | BW16: da | BX16: http://www.leova.md/index.php?pag=news&id=922&rid=1477&l=ro | BY16: nu | BZ16: Nu sînt informații pe web | CA16: nu | CB16: Nu sînt informații pe web | CC16: nu | CD16: Nu sînt informații pe web | CE16: nu | CF16: Nu sînt informații pe web | CG16: da | CH16: http://www.riscani.md/index.php?pag=procesul_decizional&ids=alte_documente&id=4698&start=40 | CI16: nu | CJ16: Nu sînt informații pe web | CK16: nu | CL16: Nu sînt informații pe web | CM16: nu | CN16: Nu sînt informații pe web | CO16: nu | CP16: Nu sînt informații pe web | CQ16: da | CR16: http://crstraseni.md/index.php?pag=news&id=808&rid=1805&l=ro | CS16: nu | CT16: Nu sînt informații pe web | CU16: nu | CV16: Nu sînt informații pe web | CW16: nu | CX16: Nu sînt informații pe web
A17: Q15 | B17: R20015 | C17: 17 | D17: Sînt aduse la cunoștință informații despre coordonatorul procesului de consultare publică, responsabil de asigurarea transparenţei procesului decizional din autoritatea respectivă ? | E17: Is the information about the public consultation coordinator, responsible for ensuring the transparency of decision-making authority made public? | F17: par | G17: par6 | H17: par6k | I17: 2 | J17: da | K17: yes | L17: nu | M17: no | N17: partial | O17: partially | P17: ="---" -> --- | Q17: ="---" -> --- | R17: ="---" -> --- | S17: ="---" -> --- | T17: ="---" -> --- | U17: ="---" -> --- | V17: ="---" -> --- | W17: ="---" -> --- | X17: N/A | Y17: N/A | Z17: ="---" -> --- | AA17: ="---" -> --- | AB17: =J17 -> da | AC17: =L17 -> nu | AD17: =I17 -> 2 | AE17: 0 | AF17: =AD17/2 -> 1 | AG17: ="---" -> --- | AH17: ="---" -> --- | AI17: ="---" -> --- | AJ17: ="---" -> --- | AK17: N/A | AL17: ="---" -> --- | AM17: nu | AN17: Nu sînt informații pe web | AO17: nu | AP17: Nu sînt informații pe web | AQ17: nu | AR17: Nu sînt informații pe web | AS17: da | AT17: http://cahul.md/persoana-responsabila-de-procesul-decizional/ | AU17: nu | AV17: Nu sînt informații pe web | AW17: nu | AX17: Nu sînt informații pe web | AY17: nu | AZ17: Nu sînt informații pe web | BA17: nu | BB17: Nu sînt informații pe web | BC17: nu | BD17: Nu sînt informații pe web | BE17: nu | BF17: Nu sînt informații pe web | BG17: nu | BH17: Nu sînt informații pe web | BI17: nu | BJ17: Nu sînt informații pe web | BK17: nu | BL17: Nu sînt informații pe web | BM17: nu | BN17: Nu sînt informații pe web | BO17: nu | BP17: Nu sînt informații pe web | BQ17: nu | BR17: Nu sînt informații pe web | BS17: nu | BT17: Nu sînt informații pe web | BU17: nu | BV17: Nu sînt informații pe web | BW17: nu | BX17: Nu sînt informații pe web | BY17: nu | BZ17: Nu sînt informații pe web | CA17: nu | CB17: Nu sînt informații pe web | CC17: da | CD17: http://or.md/index.php/persoana-responsabila/ | CE17: nu | CF17: Nu sînt informații pe web | CG17: nu | CH17: Nu sînt informații pe web | CI17: nu | CJ17: Nu sînt informații pe web | CK17: nu | CL17: Nu sînt informații pe web | CM17: nu | CN17: Nu sînt informații pe web | CO17: nu | CP17: Nu sînt informații pe web | CQ17: da | CR17: http://crstraseni.md/index.php?pag=cat&id=858&l=ro | CS17: nu | CT17: Nu sînt informații pe web | CU17: nu | CV17: Nu sînt informații pe web | CW17: nu | CX17: Nu sînt informații pe web
A18: Q16 | B18: R20016 | C18: 18 | D18: În cazul organizării consultărilor publice şi recepţionării recomandărilor din partea părţilor interesate, autoritatea publică locală a întocmit și publicat sinteze a recomandărilor? | E18: After public consultations, does the local authority compiled and published summaries of the recommendations received from stakeholders? | F18: par | G18: par7 | H18: par7k | I18: 2 | J18: da | K18: yes | L18: nu | M18: no | N18: partial/panou informativ | O18: partially/bilboard | P18: 0-10% | Q18: 0-10% | R18: 10-30% | S18: 10-30% | T18: 30-60% | U18: 30-60% | V18: 60-90% | W18: 60-90% | X18: N/A | Y18: N/A | Z18: ="---" -> --- | AA18: ="---" -> --- | AB18: =J18 -> da | AC18: =L18 -> nu | AD18: =I18 -> 2 | AE18: 0 | AF18: =AD18/2 -> 1 | AG18: =$AD18*(1/5) -> 0.4 | AH18: =$AD18*(2/5) -> 0.8 | AI18: =$AD18*(3/5) -> 1.2 | AJ18: =$AD18*(4/5) -> 1.6 | AK18: N/A | AL18: ="---" -> --- | AM18: nu | AN18: Nu sînt informații pe web | AO18: nu | AP18: http://basarabeasca.md/ro/proiecte-de-decizii/ | AQ18: nu | AR18: Nu sînt informații pe web | AS18: nu | AT18: Nu sînt informații pe web | AU18: nu | AV18: Nu sînt informații pe web | AW18: nu | AX18: Nu sînt informații pe web | AY18: nu | AZ18: Nu sînt informații pe web | BA18: nu | BB18: Nu sînt informații pe web | BC18: partial/panou informativ | BD18: http://criuleni.md/index.php?pag=news&id=517&l=ro | BE18: nu | BF18: Nu sînt informații pe web | BG18: nu | BH18: Nu sînt informații pe web | BI18: nu | BJ18: Nu sînt informații pe web | BK18: nu | BL18: Nu sînt informații pe web | BM18: nu | BN18: Nu sînt informații pe web | BO18: nu | BP18: Nu sînt informații pe web | BQ18: nu | BR18: Nu sînt informații pe web | BS18: nu | BT18: Nu sînt informații pe web | BU18: nu | BV18: Nu sînt informații pe web | BW18: nu | BX18: Nu sînt informații pe web | BY18: nu | BZ18: Nu sînt informații pe web | CA18: nu | CB18: Nu sînt informații pe web | CC18: nu | CD18: Nu sînt informații pe web | CE18: nu | CF18: Nu sînt informații pe web | CG18: nu | CH18: Sinteza nu este întocmită potrivit cerințelor legii și nu conține informațiile necesare http://www.riscani.md/index.php?pag=procesul_decizional&ids=alte_documente&y=2019 | CI18: nu | CJ18: Nu sînt informații pe web | CK18: nu | CL18: Nu sînt informații pe web | CM18: partial/panou informativ | CN18: Conform răspunsului din chestionar | CO18: nu | CP18: Nu sînt informații pe web | CQ18: 10-30% | CR18: http://crstraseni.md/index.php?pag=news&id=847&l=ro | CS18: nu | CT18: Nu sînt informații pe web | CU18: nu | CV18: Nu sînt informații pe web | CW18: nu | CX18: Nu sînt informații pe web
A19: Q17 | B19: R20017 | C19: 19 | D19: Sinteza recomandărilor parvenite cuprinde motivația autorităților publice de acceptare sau respingere a recomandărilor ? | E19: Does the summary of recommendations includes public authorities' motivation of accepting or rejecting the recommendations? | F19: par | G19: par8 | H19: par8k | I19: 2 | J19: da | K19: yes | L19: nu | M19: no | N19: partial | O19: partially | P19: 0-10% | Q19: 0-10% | R19: 10-30% | S19: 10-30% | T19: 30-60% | U19: 30-60% | V19: 60-90% | W19: 60-90% | X19: N/A | Y19: N/A | Z19: ="---" -> --- | AA19: ="---" -> --- | AB19: =J19 -> da | AC19: =L19 -> nu | AD19: =I19 -> 2 | AE19: 0 | AF19: =AD19/2 -> 1 | AG19: =$AD19*(1/5) -> 0.4 | AH19: =$AD19*(2/5) -> 0.8 | AI19: =$AD19*(3/5) -> 1.2 | AJ19: =$AD19*(4/5) -> 1.6 | AK19: N/A | AL19: ="---" -> --- | AM19: nu | AN19: Nu sînt informații pe web | AO19: nu | AP19: http://basarabeasca.md/ro/proiecte-de-decizii/ | AQ19: nu | AR19: Nu sînt informații pe web | AS19: nu | AT19: Nu sînt informații pe web | AU19: nu | AV19: Nu sînt informații pe web | AW19: nu | AX19: Nu sînt informații pe web | AY19: nu | AZ19: Nu sînt informații pe web | BA19: nu | BB19: Nu sînt informații pe web | BC19: partial | BD19: http://criuleni.md/index.php?pag=news&id=517&l=ro | BE19: nu | BF19: Nu sînt informații pe web | BG19: nu | BH19: Nu sînt informații pe web | BI19: nu | BJ19: Nu sînt informații pe web | BK19: nu | BL19: Nu sînt informații pe web | BM19: nu | BN19: Nu sînt informații pe web | BO19: nu | BP19: Nu sînt informații pe web | BQ19: nu | BR19: Nu sînt informații pe web | BS19: nu | BT19: Nu sînt informații pe web | BU19: nu | BV19: Nu sînt informații pe web | BW19: nu | BX19: Nu sînt informații pe web | BY19: nu | BZ19: Nu sînt informații pe web | CA19: nu | CB19: Nu sînt informații pe web | CC19: nu | CD19: Nu sînt informații pe web | CE19: nu | CF19: Nu sînt informații pe web | CG19: nu | CH19: Sinteza nu este întocmită potrivit cerințelor legii și nu conține informațiile necesare http://www.riscani.md/index.php?pag=procesul_decizional&ids=alte_documente&y=2020 | CI19: nu | CJ19: Nu sînt informații pe web | CK19: nu | CL19: Nu sînt informații pe web | CM19: partial | CN19: Exemplu sinteza a recomandărilor anexată la chestionar | CO19: nu | CP19: Nu sînt informații pe web | CQ19: 10-30% | CR19: http://crstraseni.md/index.php?pag=news&id=847&l=ro | CS19: nu | CT19: Nu sînt informații pe web | CU19: nu | CV19: Nu sînt informații pe web | CW19: nu | CX19: Nu sînt informații pe web
A20: Q18 | B20: R20018 | C20: 20 | D20: Autorităţile publice întocmesc şi aduc la cunoştinţa publicului rapoarte anuale privind transparenţa în procesul decizional ? | E20: Does the public authorities draw up and make public annual reports on transparency in decision making? | F20: par | G20: par9 | H20: par9k | I20: 2 | J20: da | K20: yes | L20: nu | M20: no | N20: partial | O20: partially | P20: ="---" -> --- | Q20: ="---" -> --- | R20: ="---" -> --- | S20: ="---" -> --- | T20: ="---" -> --- | U20: ="---" -> --- | V20: ="---" -> --- | W20: ="---" -> --- | X20: N/A | Y20: N/A | Z20: ="---" -> --- | AA20: ="---" -> --- | AB20: =J20 -> da | AC20: =L20 -> nu | AD20: =I20 -> 2 | AE20: 0 | AF20: =AD20/2 -> 1 | AG20: ="---" -> --- | AH20: ="---" -> --- | AI20: ="---" -> --- | AJ20: ="---" -> --- | AK20: N/A | AL20: ="---" -> --- | AM20: nu | AN20: Nu sînt informații pe web | AO20: da | AP20: http://basarabeasca.md/ro/rapoarte-anuale-privind-transparenta-decizionala/%d1%80%d1%83%d1%81%d1%81%d0%ba%d0%b8%d0%b9-%d0%b8%d0%bd%d1%84%d0%be%d1%80%d0%bc%d0%b0%d1%86%d0%b8%d1%8f-%d0%be-%d0%bf%d1%80%d0%be%d0%b7%d1%80%d0%b0%d1%87%d0%bd%d0%be%d1%81%d1%82%d0%b8-%d0%bf%d1%80/ | AQ20: nu | AR20: Nu sînt informații pe web | AS20: da | AT20: http://cahul.md/raportul-anual-privind-transparenta-procesului-decizional/ | AU20: nu | AV20: Nu sînt informații pe web | AW20: nu | AX20: Nu sînt informații pe web | AY20: nu | AZ20: Nu sînt informații pe web | BA20: da | BB20: http://raioncimislia.md/rapoarte/ | BC20: da | BD20: http://criuleni.md/index.php?pag=news&id=495&rid=3338&l=ro | BE20: nu | BF20: Nu sînt informații pe web | BG20: nu | BH20: Nu sînt informații pe web | BI20: nu | BJ20: Nu sînt informații pe web | BK20: nu | BL20: Nu sînt informații pe web | BM20: da | BN20: http://www.cr-falesti.md/index.php/raportul-privind-transparenta-in-procesul-decizional-in-raionul-falesti | BO20: nu | BP20: Nu sînt informații pe web | BQ20: nu | BR20: Nu sînt informații pe web | BS20: nu | BT20: Nu sînt informații pe web | BU20: nu | BV20: Nu sînt informații pe web | BW20: da | BX20: http://www.leova.md/index.php?pag=news&id=912&l=ro | BY20: nu | BZ20: Nu sînt informații pe web | CA20: nu | CB20: Nu sînt informații pe web | CC20: nu | CD20: Nu sînt informații pe web | CE20: nu | CF20: Nu sînt informații pe web | CG20: nu | CH20: Nu sînt informații pe web | CI20: nu | CJ20: Nu sînt informații pe web | CK20: da | CL20: http://soldanesti.md/wp-content/uploads/2020/02/Raport-transparen%C5%A3%C4%83-2019.pdf | CM20: nu | CN20: Nu sînt informații pe web | CO20: da | CP20: https://stefan-voda.md/raport-privind-asigurarea-transparentei-procesului-decizional-in-consiliul-raional-si-subdiviziunile-subordonate-consiliului-raional-stefan-voda-in-anul-2019/ | CQ20: da | CR20: http://crstraseni.md/index.php?pag=news&id=814&rid=3452&l=ro | CS20: nu | CT20: Nu sînt informații pe web | CU20: nu | CV20: Nu sînt informații pe web | CW20: nu | CX20: Nu sînt informații pe web
A21: Q19 | B21: R20019 | C21: 21 | D21: Poate publicul participa la toate ședințele comisiilor de specialitate ale consiliului raional? | E21: Can the public participate at all meetings of the special committees of the local council? | F21: par | G21: par10 | H21: par10k | I21: 2 | J21: da | K21: yes | L21: nu | M21: no | N21: partial | O21: partially | P21: ="---" -> --- | Q21: ="---" -> --- | R21: ="---" -> --- | S21: ="---" -> --- | T21: ="---" -> --- | U21: ="---" -> --- | V21: ="---" -> --- | W21: ="---" -> --- | X21: N/A | Y21: N/A | Z21: ="---" -> --- | AA21: ="---" -> --- | AB21: =J21 -> da | AC21: =L21 -> nu | AD21: =I21 -> 2 | AE21: 0 | AF21: =AD21/2 -> 1 | AG21: ="---" -> --- | AH21: ="---" -> --- | AI21: ="---" -> --- | AJ21: ="---" -> --- | AK21: N/A | AL21: ="---" -> --- | AM21: da | AN21: Conform răspunsului din chestionar | AO21: nu | AP21: Nu sînt informații pe web | AQ21: nu | AR21: Nu sînt informații pe web | AS21: da | AT21: Conform răspunsului din chestionar | AU21: nu | AV21: Nu sînt informații pe web | AW21: da | AX21: Conform răspunsului din chestionar | AY21: nu | AZ21: Nu sînt informații pe web | BA21: da | BB21: Conform răspunsului din chestionar | BC21: da | BD21: Conform răspunsului din chestionar | BE21: da | BF21: Conform răspunsului din chestionar | BG21: nu | BH21: Nu sînt informații pe web | BI21: da | BJ21: Conform răspunsului din chestionar | BK21: da | BL21: Conform răspunsului din chestionar | BM21: da | BN21: Conform răspunsului din chestionar | BO21: nu | BP21: Conform răspunsului din chestionar | BQ21: nu | BR21: Nu sînt informații pe web | BS21: nu | BT21: Nu sînt informații pe web | BU21: nu | BV21: Nu sînt informații pe web | BW21: da | BX21: Conform răspunsului din chestionar | BY21: nu | BZ21: Nu sînt informații pe web | CA21: nu | CB21: Nu sînt informații pe web | CC21: nu | CD21: Nu sînt informații pe web | CE21: da | CF21: Conform răspunsului din chestionar | CG21: da | CH21: Conform răspunsului din chestionar | CI21: da | CJ21: Conform răspunsului din chestionar | CK21: da | CL21: Conform răspunsului din chestionar | CM21: da | CN21: Conform răspunsului din chestionar | CO21: da | CP21: Conform răspunsului din chestionar | CQ21: da | CR21: Conform răspunsului din chestionar | CS21: partial | CT21: În anunțurile referitor la desfășurarea ședințelor este indicat expres posibilitatea oricărei cetățean de a asista la ședință | CU21: partial | CV21: Nu sînt informații pe web | CW21: da | CX21: Conform răspunsului din chestionar
A22: Q20 | B22: R20020 | C22: 22 | D22: Poate publicul participa la toate ședințele consiliului raional? | E22: Can the public participate at all meetings of the local council? | F22: par | G22: par11 | H22: par11k | I22: 2 | J22: da | K22: yes | L22: nu | M22: no | N22: partial | O22: partially | P22: ="---" -> --- | Q22: ="---" -> --- | R22: ="---" -> --- | S22: ="---" -> --- | T22: ="---" -> --- | U22: ="---" -> --- | V22: ="---" -> --- | W22: ="---" -> --- | X22: N/A | Y22: N/A | Z22: ="---" -> --- | AA22: ="---" -> --- | AB22: =J22 -> da | AC22: =L22 -> nu | AD22: =I22 -> 2 | AE22: 0 | AF22: =AD22/2 -> 1 | AG22: ="---" -> --- | AH22: ="---" -> --- | AI22: ="---" -> --- | AJ22: ="---" -> --- | AK22: N/A | AL22: ="---" -> --- | AM22: da | AN22: Conform răspunsului din chestionar | AO22: partial | AP22: nu sînt informații pe web, dar accesul trebuie să fie asigurat conform cerințelor legale existente | AQ22: partial | AR22: nu sînt informații pe web, dar accesul trebuie să fie asigurat conform cerințelor legale existente | AS22: da | AT22: Conform răspunsului din chestionar | AU22: nu | AV22: Nu sînt informații pe web | AW22: da | AX22: Conform răspunsului din chestionar | AY22: nu | AZ22: Nu sînt informații pe web | BA22: da | BB22: Conform răspunsului din chestionar | BC22: da | BD22: Conform răspunsului din chestionar | BE22: da | BF22: Conform răspunsului din chestionar | BG22: nu | BH22: Nu sînt informații pe web | BI22: da | BJ22: Conform răspunsului din chestionar | BK22: da | BL22: Conform răspunsului din chestionar | BM22: da | BN22: Conform răspunsului din chestionar | BO22: da | BP22: Conform răspunsului din chestionar | BQ22: nu | BR22: Nu sînt informații pe web | BS22: partial | BT22: nu sînt informații pe web, dar accesul trebuie să fie asigurat conform cerințelor legale existente | BU22: partial | BV22: nu sînt informații pe web, dar accesul trebuie să fie asigurat conform cerințelor legale existente | BW22: da | BX22: Conform răspunsului din chestionar | BY22: partial | BZ22: nu sînt informații pe web, dar accesul trebuie să fie asigurat conform cerințelor legale existente | CA22: partial | CB22: nu sînt informații pe web, dar accesul trebuie să fie asigurat conform cerințelor legale existente | CC22: partial | CD22: nu sînt informații pe web, dar accesul trebuie să fie asigurat conform cerințelor legale existente | CE22: da | CF22: Conform răspunsului din chestionar | CG22: da | CH22: Conform răspunsului din chestionar | CI22: da | CJ22: Conform răspunsului din chestionar | CK22: da | CL22: Conform răspunsului din chestionar | CM22: da | CN22: Conform răspunsului din chestionar | CO22: da | CP22: Conform răspunsului din chestionar | CQ22: da | CR22: Conform răspunsului din chestionar | CS22: nu | CT22: Nu sînt informații pe web | CU22: nu | CV22: Nu sînt informații pe web | CW22: da | CX22: Conform răspunsului din chestionar
A23: Q21 | B23: R20021 | C23: 23 | D23: Poate fi dat cuvînt publicului în timpul ședinței consiliului raional la orice punct (subiect) de pe agendă, înainte de vot, chiar și fără aprobarea prealabilă de către consilieri ? | E23: Can the public have the word during the meeting of the district council at any point (subject) on the agenda, before the vote, even without prior approval by councilors? | F23: par | G23: par12 | H23: par12k | I23: 2 | J23: da | K23: yes | L23: nu | M23: no | N23: partial | O23: partially | P23: ="---" -> --- | Q23: ="---" -> --- | R23: ="---" -> --- | S23: ="---" -> --- | T23: ="---" -> --- | U23: ="---" -> --- | V23: ="---" -> --- | W23: ="---" -> --- | X23: N/A | Y23: N/A | Z23: ="---" -> --- | AA23: ="---" -> --- | AB23: =J23 -> da | AC23: =L23 -> nu | AD23: =I23 -> 2 | AE23: 0 | AF23: =AD23/2 -> 1 | AG23: ="---" -> --- | AH23: ="---" -> --- | AI23: ="---" -> --- | AJ23: ="---" -> --- | AK23: N/A | AL23: ="---" -> --- | AM23: da | AN23: Conform răspunsului din chestionar | AO23: nu | AP23: Nu sînt informații pe web | AQ23: nu | AR23: Nu sînt informații pe web | AS23: da | AT23: Conform răspunsului din chestionar | AU23: nu | AV23: Nu sînt informații pe web | AW23: da | AX23: Conform răspunsului din chestionar | AY23: nu | AZ23: Nu sînt informații pe web | BA23: da | BB23: Conform răspunsului din chestionar | BC23: da | BD23: Conform răspunsului din chestionar | BE23: da | BF23: Conform răspunsului din chestionar | BG23: nu | BH23: Nu sînt informații pe web | BI23: nu | BJ23: Nu sînt informații pe web | BK23: nu | BL23: Nu sînt informații pe web | BM23: da | BN23: Conform răspunsului din chestionar | BO23: da | BP23: Conform răspunsului din chestionar | BQ23: nu | BR23: Nu sînt informații pe web | BS23: nu | BT23: Nu sînt informații pe web | BU23: nu | BV23: Nu sînt informații pe web | BW23: nu | BX23: Conform răspunsului din chestionar | BY23: nu | BZ23: Nu sînt informații pe web | CA23: nu | CB23: Nu sînt informații pe web | CC23: nu | CD23: Nu sînt informații pe web | CE23: da | CF23: Conform răspunsului din chestionar | CG23: da | CH23: Conform răspunsului din chestionar | CI23: da | CJ23: Conform răspunsului din chestionar | CK23: nu | CL23: Nu sînt informații pe web | CM23: da | CN23: Conform răspunsului din chestionar | CO23: da | CP23: Conform răspunsului din chestionar | CQ23: nu | CR23: Nu sînt informații pe web | CS23: nu | CT23: Nu sînt informații pe web | CU23: nu | CV23: Nu sînt informații pe web | CW23: da | CX23: Conform răspunsului din chestionar
A24: Q22 | B24: R20022 | C24: 24 | D24: Sînt înregistrate video/audio și difuzate online ședințele consiliului raional ? | E24: Are published the video/audio recordings of all meetings of the local council ? | F24: par | G24: par13 | H24: par13k | I24: 2 | J24: da | K24: yes | L24: nu | M24: no | N24: partial | O24: partially | P24: ="---" -> --- | Q24: ="---" -> --- | R24: ="---" -> --- | S24: ="---" -> --- | T24: ="---" -> --- | U24: ="---" -> --- | V24: ="---" -> --- | W24: ="---" -> --- | X24: N/A | Y24: N/A | Z24: ="---" -> --- | AA24: ="---" -> --- | AB24: =J24 -> da | AC24: =L24 -> nu | AD24: =I24 -> 2 | AE24: 0 | AF24: =AD24/2 -> 1 | AG24: ="---" -> --- | AH24: ="---" -> --- | AI24: ="---" -> --- | AJ24: ="---" -> --- | AK24: N/A | AL24: ="---" -> --- | AM24: nu | AN24: Nu sînt informații pe web | AO24: nu | AP24: Nu sînt informații pe web | AQ24: nu | AR24: Nu sînt informații pe web | AS24: partial | AT24: https://www.youtube.com/watch?v=wTCIIbIKyJ4&list=PLU5qEzRwT1AdXAAZnDiEPCwfP1BjyoXzr&index=2 | AU24: nu | AV24: Nu sînt informații pe web | AW24: nu | AX24: Nu sînt informații pe web | AY24: partial | AZ24: https://www.youtube.com/results?search_query=Consiliul+Raional+Causeni | BA24: partial | BB24: https://www.youtube.com/watch?v=NS0E_gY4MAk | BC24: nu | BD24: Nu sînt informații pe web | BE24: nu | BF24: Nu sînt informații pe web | BG24: partial | BH24: https://www.youtube.com/watch?v=AEba6id5vTg | BI24: partial | BJ24: https://www.youtube.com/channel/UCudOnrs-Hq7uxag6I7EeanA | BK24: nu | BL24: Nu sînt informații pe web | BM24: da | BN24: http://www.cr-falesti.md/index.php/sedinte-video | BO24: nu | BP24: Nu sînt informații pe web | BQ24: partial | BR24: https://www.youtube.com/watch?v=WkLrjX6zzAw | BS24: nu | BT24: Nu sînt informații pe web | BU24: nu | BV24: Nu sînt informații pe web | BW24: nu | BX24: Nu sînt informații pe web | BY24: nu | BZ24: Nu sînt informații pe web | CA24: nu | CB24: Nu sînt informații pe web | CC24: nu | CD24: Nu sînt informații pe web | CE24: partial | CF24: https://www.youtube.com/watch?v=sAM3ZGyUwpA https://www.youtube.com/watch?v=fd2rOSa8oUk | CG24: nu | CH24: Nu sînt informații pe web | CI24: partial | CJ24: https://www.youtube.com/watch?v=0oUYnhccc_E | CK24: nu | CL24: Nu sînt informații pe web | CM24: da | CN24: https://www.youtube.com/channel/UCE_TthZwwESdQQ8Rrm1hJqw/videos | CO24: nu | CP24: Nu sînt informații pe web | CQ24: nu | CR24: Nu sînt informații pe web | CS24: da | CT24: http://raiontaraclia.md/2019/05/22/%d0%b2%d0%bd%d0%b5%d0%be%d1%87%d0%b5%d1%80%d0%b5%d0%b4%d0%bd%d0%be%d0%b5-%d0%b7%d0%b0%d1%81%d0%b5%d0%b4%d0%b0%d0%bd%d0%b8%d0%b5-%d1%80%d0%b0%d0%b9%d0%be%d0%bd%d0%bd%d0%be%d0%b3%d0%be-%d1%81%d0%be-3/ https://www.facebook.com/tuk.md/videos/%D0%B2%D0%BD%D0%B5%D0%BE%D1%87%D0%B5%D1%80%D0%B5%D0%B4%D0%BD%D0%BE%D0%B5-%D0%B7%D0%B0%D1%81%D0%B5%D0%B4%D0%B0%D0%BD%D0%B8%D0%B5-%D1%80%D0%B0%D0%B9%D0%BE%D0%BD%D0%BD%D0%BE%D0%B3%D0%BE-%D1%81%D0%BE%D0%B2%D0%B5%D1%82%D0%B0-%D1%82%D0%B0%D1%80%D0%B0%D0%BA%D0%BB%D0%B8%D1%8F/543748046415246/ https://pl-pl.facebook.com/tuk.md/videos/210519-%D0%B7%D0%B0%D1%81%D0%B5%D0%B4%D0%B0%D0%BD%D0%B8%D0%B5-%D1%80%D0%B0%D0%B9%D0%BE%D0%BD%D0%BD%D0%BE%D0%B3%D0%BE-%D1%81%D0%BE%D0%B2%D0%B5%D1%82%D0%B0-%D1%82%D0%B0%D1%80%D0%B0%D0%BA%D0%BB%D0%B8%D1%8F/392915834645982/ | CU24: nu | CV24: Nu sînt informații pe web | CW24: nu | CX24: Nu sînt informații pe web
A25: Q23 | B25: R20023 | C25: 25 | D25: Deciziile adoptate de autoritățile publice sînt publicate, prin plasarea acestora pe pagina web oficială? | E25: Are the approved decisions of the local public authority published on the web site? | F25: par | G25: par14 | H25: par14k | I25: 4 | J25: da | K25: yes | L25: nu | M25: no | N25: partial | O25: partially | P25: 0-10% | Q25: 0-10% | R25: 10-30% | S25: 10-30% | T25: 30-60% | U25: 30-60% | V25: 60-90% | W25: 60-90% | X25: N/A | Y25: N/A | Z25: ="---" -> --- | AA25: ="---" -> --- | AB25: =J25 -> da | AC25: =L25 -> nu | AD25: =I25 -> 4 | AE25: 0 | AF25: =AD25/2 -> 2 | AG25: =$AD25*(1/5) -> 0.8 | AH25: =$AD25*(2/5) -> 1.6 | AI25: =$AD25*(3/5) -> 2.4 | AJ25: =$AD25*(4/5) -> 3.2 | AK25: N/A | AL25: ="---" -> --- | AM25: 30-60% | AN25: https://anenii-noi.md/index.php?option=com_content&view=category&layout=blog&id=87&Itemid=665 | AO25: da | AP25: http://basarabeasca.md/ro/decizii-ale-consiliului/ | AQ25: da | AR25: https://www.facebook.com/groups/230548220629212/ | AS25: da | AT25: http://cahul.md/decizii-adoptate/ | AU25: da | AV25: http://www.calarasi.md/index.php/sedinte | AW25: partial | AX25: http://cantemir.md/lib.php?l=ro&idc=90&t=/Consiliul-Raional/Decizii/ | AY25: da | AZ25: http://www.causeni.md/documents/item/index/1785 | BA25: da | BB25: http://raioncimislia.md/deciziile-aprobate-ale-cr/ | BC25: da | BD25: http://criuleni.md/index.php?pag=news&id=433&l=ro | BE25: partial | BF25: http://donduseni.md/sedinte-si-deciziile-consiliului/ | BG25: partial | BH25: https://drochia.md/deciziile-consiliului/ | BI25: da | BJ25: http://dubasari.md/pagins/deciziile-consiliului-raional | BK25: nu | BL25: Nu sînt informații pe web | BM25: da | BN25: http://www.cr-falesti.md/index.php/deciziile-consiliului-raional | BO25: da | BP25: http://floresti.md/sedinte-si-decizii/ | BQ25: partial | BR25: http://www.glodeni.md/acte-normative/decizii | BS25: 60-90% | BT25: https://hincesti.md/category/procesul-decizional/deciziile-consiliului-raional/ | BU25: da | BV25: https://il.md/decizii-aprobate-ale-cr/ | BW25: da | BX25: http://www.leova.md/index.php?pag=news&id=926&l=ro | BY25: 0-10% | BZ25: https://nisporeni.md/deciziile-sedintei-ordinare-a-consiliului-raional-din-24-decembrie-2019/ | CA25: 30-60% | CB25: https://ocnita.md/wp-content/uploads/2020/01/DECIZII-VI-2019.pdf http://ocnita.md/wp-content/uploads/2019/11/DECIZII_Alegera_presedintelui_11noiembrie.pdf http://ocnita.md/wp-content/uploads/2019/04/DECIZII-2019-I.pdf | CC25: da | CD25: http://or.md/index.php/decizii-aprobate-de-consiliul-raional-orhei-in-sedinta-din-28-06-2019-2/deciziile-consiliului-raional/ | CE25: da | CF25: http://consiliu.rezina.md/index.php?category=4 | CG25: nu | CH25: Nu sînt informații pe web | CI25: da | CJ25: http://www.singerei.md/transparenta-decizionala/itemlist/category/64-2019.html | CK25: da | CL25: https://soldanesti.md/deciziile-sedintei-ordinare-din-10-12-2019/ https://soldanesti.md/deciziile-sedintei-extraordinare-din-02-12-2019/ https://soldanesti.md/deciziile-de-la-sedinta-ordinara-din-10-09-2019/ https://soldanesti.md/deciziile-sedintei-ordinare-din-22-08-2019/ https://soldanesti.md/deciziile-sedintei-extraordinare-din-09-07-2019/ https://soldanesti.md/decizii-de-la-sedinta-ordinara-din-06-06-2019/ https://soldanesti.md/deciziile-sedintei-ordinare-din-29-03-2019/ | CM25: 60-90% | CN25: http://www.soroca.org.md/index.php/acte-normative/decizii-ale-consiliului-raional-soroca/648-sedintele-consiliului-raional-soroca-anul-2019 | CO25: da | CP25: https://stefan-voda.md/category/deciziile-consiliului-raional/ | CQ25: da | CR25: http://crstraseni.md/index.php?pag=news&id=786&l=ro | CS25: nu | CT25: Nu sînt informații pe web | CU25: da | CV25: https://telenesti.md/deciziile-c-r/ | CW25: da | CX25: http://www.crungheni.md/transparenta-decizionala/decizii-aprobate/
A26: Q24 | B26: R20024 | C26: 26 | D26: Sînt utilizate de autoritățile publice locale rețelele sociale pentru implicarea cetățenilor și diseminarea informațiilor publice ? | E26: Are social networks used by local public authorities to involve citizens and disseminate public information? | F26: par | G26: par15 | H26: par15k | I26: 2 | J26: da | K26: yes | L26: nu | M26: no | N26: partial | O26: partially | P26: ="---" -> --- | Q26: ="---" -> --- | R26: ="---" -> --- | S26: ="---" -> --- | T26: ="---" -> --- | U26: ="---" -> --- | V26: ="---" -> --- | W26: ="---" -> --- | X26: N/A | Y26: N/A | Z26: ="---" -> --- | AA26: ="---" -> --- | AB26: =J26 -> da | AC26: =L26 -> nu | AD26: =I26 -> 2 | AE26: 0 | AF26: =AD26/2 -> 1 | AG26: ="---" -> --- | AH26: ="---" -> --- | AI26: ="---" -> --- | AJ26: ="---" -> --- | AK26: N/A | AL26: ="---" -> --- | AM26: da | AN26: https://www.facebook.com/craneniinoi/ | AO26: nu | AP26: Nu sînt informații pe web | AQ26: da | AR26: https://www.facebook.com/groups/230548220629212/ | AS26: da | AT26: https://www.facebook.com/cahul.md/ | AU26: da | AV26: https://www.facebook.com/ConsiliulraionalCalarasi/ | AW26: partial | AX26: https://www.facebook.com/Consiliul-Raional-Cantemir-564856450532660/ | AY26: da | AZ26: https://www.facebook.com/CRCauseni/ | BA26: da | BB26: https://www.facebook.com/consiliulraionalcimislia/ | BC26: da | BD26: https://www.facebook.com/consiliulraional.criuleni?fref=search&__tn__=%2Cd%2CP-R&eid=ARDbJpP55A-tplGz9nQO5CHsjOvH9v5iALcRydr4knn5N5M5F1NsPMDoa4cFiDZrw_0KG8VPijm0XcX6 | BE26: da | BF26: https://www.facebook.com/Consiliul-Raional-Dondu%C8%99eni-159898804636178/ | BG26: da | BH26: https://www.facebook.com/CRDrochia?fref=search&__tn__=%2Cd%2CP-R&eid=ARC2YKra2r_xif2BatNYqLmxsVY3SGXVqTVRxGGNj6wdRr2Q7cflJ7HCTe1N1laMBMIMSZoktgQQRwDf | BI26: da | BJ26: https://www.facebook.com/raionul.dubasari/ | BK26: partial | BL26: Pagina facebook neactualizată și cu puține informații https://www.facebook.com/Consiliul-raional-Edinet-1581921342035535/ | BM26: da | BN26: https://www.facebook.com/pg/ConsiliulRaionalFalesti/posts/ | BO26: da | BP26: https://www.facebook.com/raionul.floresti/ | BQ26: da | BR26: https://www.facebook.com/Consiliul-Raional-Glodeni-874321976274215/?ref=br_rs | BS26: da | BT26: https://www.facebook.com/Consiliul-Raional-Hincesti-542153075827385/ | BU26: da | BV26: https://www.facebook.com/raionulialoveni/ | BW26: da | BX26: https://www.facebook.com/consiliulraional.leova.1?fref=search&__tn__=%2Cd%2CP-R&eid=ARAMA_CdWrR3OiFGnqKlGQ61T1T43P9nhHbhLvGMCYqDCrAFFrmriP1_HstI_vi6AFIr8inmfgiC49Hb | BY26: da | BZ26: https://www.facebook.com/crnisporeni/?ref=br_rs | CA26: da | CB26: https://www.facebook.com/Consiliul-Raional-Ocni%C8%9Ba-104006141108351/ | CC26: da | CD26: https://www.facebook.com/raionorhei/?ref=br_rs | CE26: da | CF26: https://www.facebook.com/ConsiliulRaionalRezina/?ref=br_rs | CG26: nu | CH26: Nu sînt informații pe web | CI26: da | CJ26: https://www.facebook.com/CRSINGEREI/ | CK26: nu | CL26: Nu sînt informații pe web | CM26: da | CN26: https://www.facebook.com/SorocaCR/ | CO26: da | CP26: https://www.facebook.com/Consiliul-Raional-%C8%98tefan-Vod%C4%83-106255137473174/ | CQ26: da | CR26: https://www.facebook.com/profile.php?id=100010033241032 | CS26: da | CT26: https://www.facebook.com/raiontaraclia | CU26: da | CV26: https://www.facebook.com/CRTelenesti/?ref=br_rs | CW26: da | CX26: https://www.facebook.com/ConsiliulraionalUngheni/
A27: Q25 | B27: R20025 | C27: 27 | D27: Sînt aduse la cunoștință publică anunțurile de intenție (planurile de achiziţii publice)? | E27: Are notices of intent (public procurement plans) made public? | F27: proc | G27: proc1 | H27: proc1k | I27: 2 | J27: da | K27: yes | L27: nu | M27: no | N27: partial/alte modalități | O27: partially/other ways | P27: ="---" -> --- | Q27: ="---" -> --- | R27: ="---" -> --- | S27: ="---" -> --- | T27: ="---" -> --- | U27: ="---" -> --- | V27: ="---" -> --- | W27: ="---" -> --- | X27: N/A | Y27: N/A | Z27: ="---" -> --- | AA27: ="---" -> --- | AB27: =J27 -> da | AC27: =L27 -> nu | AD27: =I27 -> 2 | AE27: 0 | AF27: =AD27/2 -> 1 | AG27: ="---" -> --- | AH27: ="---" -> --- | AI27: ="---" -> --- | AJ27: ="---" -> --- | AK27: N/A | AL27: ="---" -> --- | AM27: nu | AN27: Nu sînt informații pe web | AO27: da | AP27: http://basarabeasca.md/ro/%d1%80%d1%83%d1%81%d1%81%d0%ba%d0%b8%d0%b9-%d0%bf%d0%bb%d0%b0%d0%bd-%d0%b3%d0%be%d1%81%d0%b7%d0%b0%d0%ba%d1%83%d0%bf%d0%be%d0%ba/ | AQ27: nu | AR27: Pe web nu este planul pentru 2019 (dar este planul pentru 2020) https://briceni.md/planuri/ | AS27: da | AT27: https://cahul.md/category/achizitii-publice/ | AU27: da | AV27: http://www.calarasi.md/index.php/achizitii-publice/30-baza-de-date-ap?limitstart=0 | AW27: nu | AX27: Nu sînt informații pe web | AY27: da | AZ27: http://www.causeni.md/planul-de-achizitie-a-consiliului-raional-causeni-pentru-anul-2019 | BA27: da | BB27: http://raioncimislia.md/achizitii-publice/ | BC27: da | BD27: http://criuleni.md/index.php?pag=news&id=456&rid=2796&l=ro http://criuleni.md/index.php?pag=news&id=456&rid=3040&l=ro | BE27: partial/alte modalități | BF27: http://donduseni.md/achizitii-publice/ | BG27: da | BH27: https://drochia.md/tendere-achizitii/ | BI27: nu | BJ27: Nu sînt informații pe web | BK27: da | BL27: http://edinet.md/planul-de-achizitii/ | BM27: da | BN27: http://www.cr-falesti.md/index.php/achizitii-publice-crf/37-plan-achizitii/2717-achizitii-publice-2019 | BO27: nu | BP27: Nu sînt informații pe web | BQ27: nu | BR27: Nu sînt informații pe web | BS27: nu | BT27: Nu sînt informații pe web | BU27: nu | BV27: Nu sînt informații pe web | BW27: da | BX27: http://www.leova.md/index.php?pag=news&id=928&l=ro | BY27: nu | BZ27: Nu sînt informații pe web | CA27: nu | CB27: Nu sînt informații pe web | CC27: da | CD27: http://or.md/index.php/planuri/ http://or.md/wp-content/uploads/2020/01/plan-de-achizitii-2019.pdf | CE27: da | CF27: http://consiliu.rezina.md/procurements.php?category=2 | CG27: da | CH27: http://www.riscani.md/index.php?pag=news&opa=view&id=727&tip=tendere&start=10&di= | CI27: da | CJ27: http://www.singerei.md/anunturi-de-intentie-planuri/item/1665-plan-de-achizitii-al-consiliului-raional-sangerei-pentru-anul-2019.html http://www.singerei.md/anunturi-de-intentie-planuri/item/1676-plan-de-achizitii-al-directiei-finante-sangerei-pentru-anul-2019.html | CK27: da | CL27: https://soldanesti.md/achizitii-publice/ | CM27: da | CN27: http://www.soroca.org.md/index.php/achizitii-publice/planificate | CO27: da | CP27: https://stefan-voda.md/planul-de-achizitie-publica-pentru-perioada-anului-2019-al-consiliului-raional-stefan-voda/ | CQ27: da | CR27: http://crstraseni.md/index.php?pag=news&id=822&rid=2931&l=ro | CS27: da | CT27: http://raiontaraclia.md/wp-content/uploads/2019/02/%D0%BF%D0%BB%D0%B0%D0%BD-%D0%B3%D0%BE%D1%81.-%D0%B7%D0%B0%D0%BA%D1%83%D0%BF%D0%BE%D0%BA.pdf | CU27: da | CV27: https://telenesti.md/wp-content/uploads/2019/05/planificarea-2019.pdf | CW27: partial/alte modalități | CX27: http://daspf.ungheni.org/documente/
A28: Q26 | B28: R20026 | C28: 28 | D28: Sînt aduse la cunoștință publică anunţurile de participare la achiziţii publice? | E28: Are public procurement announcements made public? | F28: proc | G28: proc2 | H28: proc2k | I28: 2 | J28: da | K28: yes | L28: nu | M28: no | N28: partial/alte modalități | O28: partially/other ways | P28: 0-10% | Q28: 0-10% | R28: 10-30% | S28: 10-30% | T28: 30-60% | U28: 30-60% | V28: 60-90% | W28: 60-90% | X28: N/A | Y28: N/A | Z28: ="---" -> --- | AA28: ="---" -> --- | AB28: =J28 -> da | AC28: =L28 -> nu | AD28: =I28 -> 2 | AE28: 0 | AF28: =AD28/2 -> 1 | AG28: =$AD28*(1/5) -> 0.4 | AH28: =$AD28*(2/5) -> 0.8 | AI28: =$AD28*(3/5) -> 1.2 | AJ28: =$AD28*(4/5) -> 1.6 | AK28: N/A | AL28: ="---" -> --- | AM28: nu | AN28: Nu sînt informații pe web | AO28: 10-30% | AP28: http://basarabeasca.md/ro/%d1%80%d1%83%d1%81%d1%81%d0%ba%d0%b8%d0%b9-%d0%be%d0%b1%d1%8a%d1%8f%d0%b2%d0%bb%d0%b5%d0%bd%d0%b8%d1%8f-2/ | AQ28: nu | AR28: Nu sînt informații pe web | AS28: 10-30% | AT28: Pe web nu sînt publicate toate anunțurile de participare, în special pentru achizițiile publice de valoare mică https://cahul.md/category/achizitii-publice/ | AU28: nu | AV28: Nu sînt informații pe web | AW28: nu | AX28: Nu sînt informații pe web | AY28: 10-30% | AZ28: http://www.causeni.md/news/item/index/1957 | BA28: nu | BB28: Nu sînt informații pe web | BC28: 0-10% | BD28: http://criuleni.md/index.php?pag=news&id=456&l=ro | BE28: partial/alte modalități | BF28: Nu sînt informații pentru achizițiile de valoare mică http://donduseni.md/achizitii-publice/ | BG28: partial/alte modalități | BH28: https://drochia.md/tendere-achizitii/ | BI28: nu | BJ28: Nu sînt informații pe web | BK28: partial/alte modalități | BL28: http://edinet.md/invitatii-de-participare/ | BM28: partial/alte modalități | BN28: Lipsesc anunțurile privind achizițiile de valoare mică http://www.cr-falesti.md/index.php/achizitii-publice-crf/36-an-achiziti?start=10 http://dge-falesti.org/index.php/transparen-a-decizional/achizi-ii-publice/anun-uri | BO28: nu | BP28: Nu sînt informații pe web | BQ28: 0-10% | BR28: http://www.glodeni.md/ro/Achizitii%20publice | BS28: nu | BT28: Nu sînt informații pe web | BU28: nu | BV28: Nu sînt informații pe web | BW28: partial/alte modalități | BX28: http://www.leova.md/index.php?pag=news&id=908&l=ro | BY28: nu | BZ28: Nu sînt informații pe web | CA28: nu | CB28: Nu sînt informații pe web | CC28: partial/alte modalități | CD28: http://or.md/index.php/proceduri-de-achizitii/ | CE28: nu | CF28: Nu sînt informații pe web | CG28: nu | CH28: Nu sînt informații pe web | CI28: partial/alte modalități | CJ28: http://www.singerei.md/achizitii-publice.html?start=20 | CK28: partial/alte modalități | CL28: https://soldanesti.md/achizitii-publice/ | CM28: partial/alte modalități | CN28: http://www.soroca.org.md/index.php/achizitii-publice/curente | CO28: 0-10% | CP28: https://stefan-voda.md/category/achizitii-publice/page/2/ | CQ28: partial/alte modalități | CR28: http://crstraseni.md/index.php?pag=news&id=703&l=ro | CS28: nu | CT28: Nu sînt informații pe web | CU28: partial/alte modalități | CV28: https://telenesti.md/proceduri-de-achizitii/ | CW28: nu | CX28: Nu sînt informații pe web
A29: Q27 | B29: R20027 | C29: 29 | D29: Sînt aduse la cunoștință publică anunțurile de atribuire (rezultatele achizițiilor publice) ? | E29: Is public informed about award notices (public procurement's results)? | F29: proc | G29: proc3 | H29: proc3k | I29: 2 | J29: da | K29: yes | L29: nu | M29: no | N29: partial/alte modalități | O29: partially/other ways | P29: 0-10% | Q29: 0-10% | R29: 10-30% | S29: 10-30% | T29: 30-60% | U29: 30-60% | V29: 60-90% | W29: 60-90% | X29: N/A | Y29: N/A | Z29: ="---" -> --- | AA29: ="---" -> --- | AB29: =J29 -> da | AC29: =L29 -> nu | AD29: =I29 -> 2 | AE29: 0 | AF29: =AD29/2 -> 1 | AG29: =$AD29*(1/5) -> 0.4 | AH29: =$AD29*(2/5) -> 0.8 | AI29: =$AD29*(3/5) -> 1.2 | AJ29: =$AD29*(4/5) -> 1.6 | AK29: N/A | AL29: ="---" -> --- | AM29: nu | AN29: Nu sînt informații pe web | AO29: 0-10% | AP29: http://basarabeasca.md/ro/%d1%80%d1%83%d1%81%d1%81%d0%ba%d0%b8%d0%b9-%d0%be%d0%b1%d1%8a%d1%8f%d0%b2%d0%bb%d0%b5%d0%bd%d0%b8%d1%8f-2/ http://basarabeasca.md/ro/%d1%80%d1%83%d1%81%d1%81%d0%ba%d0%b8%d0%b9-%d0%ba%d0%be%d0%bd%d1%82%d1%80%d0%b0%d0%ba%d1%82%d1%8b/ | AQ29: nu | AR29: Nu sînt informații pe web | AS29: nu | AT29: Nu sînt informații pe web | AU29: 0-10% | AV29: http://www.calarasi.md/index.php/achizitii-publice/30-baza-de-date-ap?limitstart=0 | AW29: nu | AX29: Nu sînt informații pe web | AY29: 10-30% | AZ29: http://www.causeni.md/news/item/index/1957 | BA29: nu | BB29: Nu sînt informații pe web | BC29: nu | BD29: Nu sînt informații pe web | BE29: partial/alte modalități | BF29: Nu sînt informații pentru achizițiile de valoare mică http://donduseni.md/achizitii-publice/ | BG29: partial/alte modalități | BH29: https://drochia.md/tendere-achizitii/ | BI29: nu | BJ29: Nu sînt informații pe web | BK29: nu | BL29: Nu sînt informații pe web | BM29: da | BN29: http://www.cr-falesti.md/index.php/achizitii-publice-crf/61-an-atribuire | BO29: nu | BP29: Nu sînt informații pe web | BQ29: nu | BR29: Nu sînt informații pe web | BS29: nu | BT29: Nu sînt informații pe web | BU29: nu | BV29: Nu sînt informații pe web | BW29: partial/alte modalități | BX29: http://www.leova.md/index.php?pag=news&id=909&l=ro | BY29: nu | BZ29: Nu sînt informații pe web | CA29: nu | CB29: Nu sînt informații pe web | CC29: partial/alte modalități | CD29: http://or.md/index.php/contracte-atribuite/ | CE29: nu | CF29: Nu sînt informații pe web | CG29: nu | CH29: Nu sînt informații pe web | CI29: partial/alte modalități | CJ29: http://www.singerei.md/rezultatele-concursurilor.html?start=5 | CK29: nu | CL29: Nu sînt informații pe web | CM29: partial/alte modalități | CN29: http://www.soroca.org.md/index.php/achizitii-publice/finisate | CO29: nu | CP29: Nu sînt informații pe web | CQ29: partial/alte modalități | CR29: http://crstraseni.md/index.php?pag=news&id=872&l=ro | CS29: nu | CT29: Nu sînt informații pe web | CU29: partial/alte modalități | CV29: https://telenesti.md/contracte-atribuite/ | CW29: nu | CX29: Nu sînt informații pe web
A30: Q28 | B30: R20028 | C30: 30 | D30: Sînt publicate pe web contractele de achiziții publice ? | E30: Are public procurement contracts published on the web? | F30: proc | G30: proc4 | H30: proc4k | I30: 3 | J30: da | K30: yes | L30: nu | M30: no | N30: partial/alte modalități | O30: partially/other ways | P30: 0-10% | Q30: 0-10% | R30: 10-30% | S30: 10-30% | T30: 30-60% | U30: 30-60% | V30: 60-90% | W30: 60-90% | X30: N/A | Y30: N/A | Z30: ="---" -> --- | AA30: ="---" -> --- | AB30: =J30 -> da | AC30: =L30 -> nu | AD30: =I30 -> 3 | AE30: 0 | AF30: =AD30/2 -> 1.5 | AG30: =$AD30*(1/5) -> 0.6 | AH30: =$AD30*(2/5) -> 1.2 | AI30: =$AD30*(3/5) -> 1.8 | AJ30: =$AD30*(4/5) -> 2.4 | AK30: N/A | AL30: ="---" -> --- | AM30: nu | AN30: Nu sînt informații pe web | AO30: nu | AP30: http://basarabeasca.md/ro/%d1%80%d1%83%d1%81%d1%81%d0%ba%d0%b8%d0%b9-%d0%ba%d0%be%d0%bd%d1%82%d1%80%d0%b0%d0%ba%d1%82%d1%8b/ | AQ30: nu | AR30: Nu sînt informații pe web | AS30: nu | AT30: Nu sînt informații pe web | AU30: nu | AV30: Nu sînt informații pe web | AW30: nu | AX30: Nu sînt informații pe web | AY30: nu | AZ30: Nu sînt informații pe web | BA30: nu | BB30: Nu sînt informații pe web | BC30: nu | BD30: Nu sînt informații pe web | BE30: nu | BF30: Nu sînt informații pe web | BG30: nu | BH30: Nu sînt informații pe web | BI30: nu | BJ30: Nu sînt informații pe web | BK30: nu | BL30: Nu sînt informații pe web | BM30: nu | BN30: Nu sînt informații pe web | BO30: nu | BP30: Nu sînt informații pe web | BQ30: nu | BR30: Nu sînt informații pe web | BS30: nu | BT30: Nu sînt informații pe web | BU30: nu | BV30: Nu sînt informații pe web | BW30: nu | BX30: Nu sînt informații pe web | BY30: nu | BZ30: Nu sînt informații pe web | CA30: nu | CB30: Nu sînt informații pe web | CC30: nu | CD30: Nu sînt informații pe web | CE30: nu | CF30: Nu sînt informații pe web | CG30: nu | CH30: Nu sînt informații pe web | CI30: nu | CJ30: Nu sînt informații pe web | CK30: nu | CL30: Nu sînt informații pe web | CM30: nu | CN30: Nu sînt informații pe web | CO30: nu | CP30: Nu sînt informații pe web | CQ30: 30-60% | CR30: http://crstraseni.md/index.php?pag=news&id=854&l=ro http://crstraseni.md/index.php?pag=news&id=880&rid=3602&l=ro | CS30: nu | CT30: Nu sînt informații pe web | CU30: nu | CV30: Nu sînt informații pe web | CW30: nu | CX30: Nu sînt informații pe web
A31: Q29 | B31: R20029 | C31: 31 | D31: Sînt publicate pe pagina web rapoartele de monitorizare a executării contractelor de achiziţie publică (trimestrial/semestrial şi anual) și Darea de seamă anuală privind achizițiile publice de valoare mică ? | E31: Are monitoring reports on the execution of public procurement contracts published on the official web page (quarterly/biannual and annual) and Annual report on low-value public procurement? | F31: proc | G31: proc5 | H31: proc5k | I31: 3 | J31: da | K31: yes | L31: nu | M31: no | N31: partial/alte modalități | O31: partially/other ways | P31: ="---" -> --- | Q31: ="---" -> --- | R31: ="---" -> --- | S31: ="---" -> --- | T31: ="---" -> --- | U31: ="---" -> --- | V31: ="---" -> --- | W31: ="---" -> --- | X31: N/A | Y31: N/A | Z31: ="---" -> --- | AA31: ="---" -> --- | AB31: =J31 -> da | AC31: =L31 -> nu | AD31: =I31 -> 3 | AE31: 0 | AF31: =AD31/2 -> 1.5 | AG31: ="---" -> --- | AH31: ="---" -> --- | AI31: ="---" -> --- | AJ31: ="---" -> --- | AK31: N/A | AL31: ="---" -> --- | AM31: nu | AN31: Nu sînt informații pe web | AO31: partial/alte modalități | AP31: http://basarabeasca.md/ro/%d1%80%d1%83%d1%81%d1%81%d0%ba%d0%b8%d0%b9-%d0%be%d1%82%d1%87%d0%b5%d1%82%d1%8b-%d0%bf%d0%be-%d0%b3%d0%be%d1%81-%d0%b7%d0%b0%d0%ba%d1%83%d0%bf%d0%ba%d0%b0%d0%bc/ Pe pagina web sînt rapoartele de monitorizare pentru semestrul I și II al anului 2019, însă nu este darea de seamă privind achizițiile publice de valoare mică. | AQ31: partial/alte modalități | AR31: Pe web este Darea de seamă pentru achizițiile de valoare mică din anul 2019, însă nu sînt rapoartele de monitorizare a executării contractelor de achiziții publice https://briceni.md/contracte-atribuite/ | AS31: da | AT31: https://cahul.md/category/achizitii-publice/ | AU31: nu | AV31: Nu sînt informații pe web | AW31: partial/alte modalități | AX31: Darea de seamă privind achizițiile de valoare mică prezentată cu răspunsurile la chestionar | AY31: nu | AZ31: Nu sînt informații pe web | BA31: partial/alte modalități | BB31: http://raioncimislia.md/achizitii-publice/ | BC31: partial/alte modalități | BD31: http://criuleni.md/index.php?pag=news&id=456&rid=3093&l=ro Totodată, darea de seamă privind achizițiile de valoare mică anexată la chestionarul completat de APL | BE31: nu | BF31: Nu sînt informații pe web | BG31: partial/alte modalități | BH31: https://drochia.md/tendere-achizitii/ | BI31: nu | BJ31: Nu sînt informații pe web | BK31: partial/alte modalități | BL31: Raportul de monitorizare nu cuprinde toate elementele prevăzute în HG nr.667/2016. Totodată, lipsește Darea de seamă privind achizițiile de valoare mică http://edinet.md/wp-content/uploads/2020/01/Tabelul-de-monitorizare-a-contractelor-pentru-anul-2019.pdf | BM31: da | BN31: http://www.cr-falesti.md/index.php/achizitii-publice-crf/46-monitorizare-contracte http://www.cr-falesti.md/index.php/achizitii-publice-crf/63-ctr-vl-mica-drs | BO31: partial/alte modalități | BP31: Raport de monitorizare a executării contractelor anexat la chestionarul completat | BQ31: nu | BR31: Nu sînt informații pe web | BS31: nu | BT31: Nu sînt informații pe web | BU31: nu | BV31: Nu sînt informații pe web | BW31: da | BX31: http://www.leova.md/index.php?pag=news&id=939&l=ro | BY31: da | BZ31: https://nisporeni.md/achizitii-publice/ | CA31: nu | CB31: Nu sînt informații pe web | CC31: da | CD31: http://or.md/wp-content/uploads/2020/01/Raport-executare-contracte-an.2019.pdf http://or.md/wp-content/uploads/2020/01/Darea-de-seama-c.v.m-2019.pdf | CE31: da | CF31: http://consiliu.rezina.md/procurement_details.php/?id=66 http://consiliu.rezina.md/procurement_details.php/?id=68 | CG31: partial/alte modalități | CH31: http://www.riscani.md/index.php?pag=news&opa=view&id=927&tip=tendere&start=&di= | CI31: da | CJ31: http://www.singerei.md/dari-de-seama-privind-executarea-contractelor.html | CK31: partial/alte modalități | CL31: https://soldanesti.md/achizitii-publice/ | CM31: partial/alte modalități | CN31: http://www.soroca.org.md/index.php/achizitii-publice/rapoarte-trimestriale | CO31: da | CP31: https://stefan-voda.md/raport-cu-privire-la-monitorizarea-contractelor-pentru-anul-2019/ https://stefan-voda.md/darea-de-seama-privind-realizarea-achizitiilor-publice-de-mica-valoare/ | CQ31: da | CR31: http://crstraseni.md/index.php?pag=news&id=853&l=ro | CS31: nu | CT31: Nu sînt informații pe web | CU31: nu | CV31: Nu sînt informații pe web | CW31: nu | CX31: Nu sînt informații pe web
A32: Q30 | B32: R20030 | C32: 32 | D32: Anunțurile privind desfășurarea licitațiilor de vînzare/locațiune/arendă a bunurilor proprietate a unităţii administrativ-teritoriale sînt publicate pe pagina web oficială? | E32: Is published the announcements regarding auctions / contests / direct negotiations selling / renting / leasing property belonging to territorial-administrative unit? | F32: prop | G32: prop1 | H32: prop1k | I32: 2 | J32: da | K32: yes | L32: nu | M32: no | N32: partial/panou informativ | O32: partially/bilboard | P32: ="---" -> --- | Q32: ="---" -> --- | R32: ="---" -> --- | S32: ="---" -> --- | T32: ="---" -> --- | U32: ="---" -> --- | V32: ="---" -> --- | W32: ="---" -> --- | X32: N/A | Y32: N/A | Z32: ="---" -> --- | AA32: ="---" -> --- | AB32: =J32 -> da | AC32: =L32 -> nu | AD32: =I32 -> 2 | AE32: 0 | AF32: =AD32/2 -> 1 | AG32: ="---" -> --- | AH32: ="---" -> --- | AI32: ="---" -> --- | AJ32: ="---" -> --- | AK32: N/A | AL32: ="---" -> --- | AM32: nu | AN32: Nu sînt informații pe web | AO32: nu | AP32: Nu sînt informații pe web | AQ32: nu | AR32: Nu sînt informații pe web | AS32: nu | AT32: Nu sînt informații pe web | AU32: da | AV32: http://www.calarasi.md/index.php/licitatii | AW32: nu | AX32: Nu sînt informații pe web | AY32: da | AZ32: http://www.causeni.md/desfasurarea-licitatiei-cu-strigare-si-reducere-de-comercializare-a-bunurilor-imobile-si-materiale-de-constructie | BA32: partial/panou informativ | BB32: Conform răspunsului din chestionar | BC32: nu | BD32: Nu sînt informații pe web | BE32: nu | BF32: Nu sînt informații pe web | BG32: nu | BH32: Nu sînt informații pe web | BI32: nu | BJ32: Nu sînt informații pe web | BK32: nu | BL32: Nu sînt informații pe web | BM32: N/A | BN32: Nu sînt informații pe web | BO32: nu | BP32: Nu sînt informații pe web | BQ32: nu | BR32: Nu sînt informații pe web | BS32: nu | BT32: Nu sînt informații pe web | BU32: nu | BV32: Nu sînt informații pe web | BW32: nu | BX32: Nu sînt informații pe web | BY32: nu | BZ32: Nu sînt informații pe web | CA32: nu | CB32: Nu sînt informații pe web | CC32: partial/panou informativ | CD32: http://or.md/index.php/2019/08/28/licitatie-publica-3/ | CE32: N/A | CF32: Nu sînt informații pe web | CG32: nu | CH32: Nu sînt informații pe web | CI32: nu | CJ32: Nu sînt informații pe web | CK32: N/A | CL32: Nu sînt informații pe web | CM32: nu | CN32: Nu sînt informații pe web | CO32: nu | CP32: Nu sînt informații pe web | CQ32: da | CR32: http://crstraseni.md/index.php?pag=news&id=769&rid=2893&l=ro | CS32: nu | CT32: Nu sînt informații pe web | CU32: nu | CV32: Nu sînt informații pe web | CW32: N/A | CX32: Nu sînt informații pe web
A33: Q31 | B33: R20031 | C33: 33 | D33: Informația cu privire la rezultatele licitațiilor/concursurilor/negocierilor directe de vînzare/locațiune/arendă a bunurilor proprietate a unităţii administrativ-teritoriale este adusă la cunoștință publică ? | E33: Is published the information on the results of auctions / contests / direct negotiations selling / renting / leasing property belonging to territorial-administrative unit? | F33: prop | G33: prop2 | H33: prop2k | I33: 3 | J33: da | K33: yes | L33: nu | M33: no | N33: partial/panou informativ | O33: partially/bilboard | P33: 0-10% | Q33: 0-10% | R33: 10-30% | S33: 10-30% | T33: 30-60% | U33: 30-60% | V33: 60-90% | W33: 60-90% | X33: N/A | Y33: N/A | Z33: ="---" -> --- | AA33: ="---" -> --- | AB33: =J33 -> da | AC33: =L33 -> nu | AD33: =I33 -> 3 | AE33: 0 | AF33: =AD33/2 -> 1.5 | AG33: 0.6 | AH33: 1.2 | AI33: 1.8 | AJ33: 2.4 | AK33: N/A | AL33: ="---" -> --- | AM33: nu | AN33: Nu sînt informații pe web | AO33: nu | AP33: Nu sînt informații pe web | AQ33: nu | AR33: Nu sînt informații pe web | AS33: partial/panou informativ | AT33: Conform răspunsului din chestionar | AU33: nu | AV33: Nu sînt informații pe web | AW33: partial/panou informativ | AX33: Nu sînt informații pe web | AY33: nu | AZ33: Nu sînt informații pe web | BA33: partial/panou informativ | BB33: Conform răspunsului din chestionar | BC33: partial/panou informativ | BD33: Conform răspunsului din chestionar | BE33: nu | BF33: Nu sînt informații pe web | BG33: nu | BH33: Nu sînt informații pe web | BI33: nu | BJ33: Nu sînt informații pe web | BK33: nu | BL33: Nu sînt informații pe web | BM33: N/A | BN33: Nu sînt informații pe web | BO33: nu | BP33: Nu sînt informații pe web | BQ33: nu | BR33: Nu sînt informații pe web | BS33: nu | BT33: Nu sînt informații pe web | BU33: nu | BV33: Nu sînt informații pe web | BW33: nu | BX33: Nu sînt informații pe web | BY33: nu | BZ33: Nu sînt informații pe web | CA33: nu | CB33: Nu sînt informații pe web | CC33: nu | CD33: Nu sînt informații pe web | CE33: N/A | CF33: Nu sînt informații pe web | CG33: nu | CH33: Nu sînt informații pe web | CI33: partial/panou informativ | CJ33: Conform răspunsului din chestionar | CK33: N/A | CL33: Nu sînt informații pe web | CM33: nu | CN33: Nu sînt informații pe web | CO33: nu | CP33: Nu sînt informații pe web | CQ33: da | CR33: http://crstraseni.md/index.php?pag=news&id=769&rid=3124&l=ro | CS33: nu | CT33: Nu sînt informații pe web | CU33: nu | CV33: Nu sînt informații pe web | CW33: N/A | CX33: Nu sînt informații pe web
A34: Q32 | B34: R20032 | C34: 34 | D34: Sînt disponibile pe web documentele de politici privind dezvoltarea social-economică a raionului (strategii, prognoze, planuri, programe)? | E34: Are the documents on socio-economical development of the district (strategies, forecasts, plans, programs) available on the Web policy? | F34: prop | G34: prop3 | H34: prop3k | I34: 2 | J34: da | K34: yes | L34: nu | M34: no | N34: partial | O34: partially | P34: ="---" -> --- | Q34: ="---" -> --- | R34: ="---" -> --- | S34: ="---" -> --- | T34: ="---" -> --- | U34: ="---" -> --- | V34: ="---" -> --- | W34: ="---" -> --- | X34: N/A | Y34: N/A | Z34: ="---" -> --- | AA34: ="---" -> --- | AB34: =J34 -> da | AC34: =L34 -> nu | AD34: =I34 -> 2 | AE34: 0 | AF34: =AD34/2 -> 1 | AG34: ="---" -> --- | AH34: ="---" -> --- | AI34: ="---" -> --- | AJ34: ="---" -> --- | AK34: N/A | AL34: ="---" -> --- | AM34: nu | AN34: Nu sînt informații pe web | AO34: nu | AP34: Nu sînt informații pe web | AQ34: da | AR34: http://briceni.md/strategia-de-dezvoltare-4/ | AS34: da | AT34: https://cahul.md/programul-de-dezvoltare-a-raionului/ | AU34: nu | AV34: Nu sînt informații pe web | AW34: da | AX34: http://cantemir.md/libview.php?l=ro&idc=97&id=549&t=/Informatii-utile/Noutati/Strategia-de-dezvoltare-a-raionului | AY34: da | AZ34: http://www.causeni.md/plan-de-dezvolatre-economica-a-raionului-causeni-2019-2020 | BA34: da | BB34: http://raioncimislia.md/plan-strategic-de-dezv-socio-economica-al-rlui-2013-2020/ http://raioncimislia.md/plan-de-dezvoltare-economica-al-raionului-cimislia-pentru-anii-2019-2020/ | BC34: nu | BD34: Nu sînt informații pe web | BE34: nu | BF34: Nu sînt informații pe web | BG34: da | BH34: https://drochia.md/strategii/ | BI34: nu | BJ34: Nu sînt informații pe web | BK34: da | BL34: http://edinet.md/strategia-de-dezvoltare-socio-economica-a-raionului-edinet-pe-perioada-2016-2020/ | BM34: da | BN34: http://www.cr-falesti.md/index.php/raionul-falesti/strategia-de-dezvoltare-socio-economica-a-raionului-falesti | BO34: da | BP34: http://floresti.md/strategii/ | BQ34: nu | BR34: Nu sînt informații pe web | BS34: da | BT34: https://hincesti.md/2019/01/10/planul-de-actiuni-privind-implementarea-strategiei-de-dezvoltare-socio-economica-a-raionului-hincesti-pentru-anii-2018-2020planul-actualizat-al-obiectivelor-programelor-si-proiectelor-stipulate-in-st/ https://hincesti.md/2017/12/27/planul-strategic-2018-2020/ | BU34: da | BV34: https://il.md/plan-strategic-pentru-2013-2020/ | BW34: da | BX34: http://www.leova.md/index.php?pag=news&id=886&l=ro | BY34: nu | BZ34: Nu sînt informații pe web | CA34: nu | CB34: Nu sînt informații pe web | CC34: da | CD34: http://or.md/wp-content/uploads/2016/12/Strategia-de-Dezvoltare-a-raionului-Orhei-2016-2020.pdf | CE34: da | CF34: https://consiliu.rezina.md/docs/doc53.pdf | CG34: da | CH34: http://www.riscani.md/index.php?pag=legislatie&ids=alte_documente&id=4594&start= | CI34: da | CJ34: http://www.singerei.md/strategia-de-dezvoltare-a-raionului-singerei.html | CK34: nu | CL34: Nu sînt informații pe web | CM34: da | CN34: http://soroca.md/jpg/strategie/STRATEGIA.pdf | CO34: nu | CP34: Nu sînt informații pe web | CQ34: da | CR34: http://crstraseni.md/media/files/files/strategia_de_dezvoltare_integrata_a_raionului_straseni_2016-2020_2379390.pdf | CS34: da | CT34: http://raiontaraclia.md/docs/programme/ | CU34: nu | CV34: Nu sînt informații pe web | CW34: da | CX34: http://www.crungheni.md/planificarea-strategica-si-situatie-socio-economica/strategiile/
A35: Q33 | B35: R20033 | C35: 35 | D35: Proiectul de buget pentru anul 2020 a fost supus consultărilor publice și adus la cunoştinţa publicului? | E35: Was the draft of the budget for 2020 consulted with the public? | F35: bug | G35: bug1 | H35: bug1k | I35: 3 | J35: da | K35: yes | L35: nu | M35: no | N35: partial/panou informativ | O35: partially/bilboard | P35: ="---" -> --- | Q35: ="---" -> --- | R35: ="---" -> --- | S35: ="---" -> --- | T35: ="---" -> --- | U35: ="---" -> --- | V35: ="---" -> --- | W35: ="---" -> --- | X35: N/A | Y35: N/A | Z35: ="---" -> --- | AA35: ="---" -> --- | AB35: =J35 -> da | AC35: =L35 -> nu | AD35: =I35 -> 3 | AE35: 0 | AF35: =AD35/2 -> 1.5 | AG35: ="---" -> --- | AH35: ="---" -> --- | AI35: ="---" -> --- | AJ35: ="---" -> --- | AK35: N/A | AL35: ="---" -> --- | AM35: da | AN35: https://anenii-noi.md/index.php?option=com_content&view=article&id=408:consultari-publice-a-proiectului-bugetului-raional-pentru-2020&catid=85&Itemid=691 | AO35: nu | AP35: http://basarabeasca.md/ro/consultari-publice-ale-proiectelor/ | AQ35: nu | AR35: Nu sînt informații pe web | AS35: da | AT35: http://cahul.md/proiecte-de-decizii-pentru-sedinta-ordinara-a-cr-cahul-din-20-12-2019/ http://cahul.md/anunturi-privind-organizarea-consultarii-publice/ | AU35: nu | AV35: Nu sînt informații pe web | AW35: partial/panou informativ | AX35: Conform răspunsului din chestionar | AY35: da | AZ35: http://www.causeni.md/consultari-publice-1 | BA35: da | BB35: http://raioncimislia.md/sedinta-ordinara-decembrie-2019/ http://raioncimislia.md/consultari-publice/ | BC35: da | BD35: http://criuleni.md/index.php?pag=news&id=517&rid=3323&l=ro | BE35: partial/panou informativ | BF35: http://donduseni.md/proiecte-de-decizii/ | BG35: nu | BH35: Nu sînt informații pe web | BI35: da | BJ35: http://dubasari.md/consultatie/anunt-privind-organizarea-consultarii-publice-a-proiectului-de-decizie-cu-privire-la-aprobarea-bugetului-raional-pe-anul-2020-in-a-doua-lectura-33 http://dubasari.md/pagins/proiecte-de-decizie | BK35: da | BL35: https://edinet.md/anunt-de-organizare-a-dezbaterilor-publice-a-proiectelor-de-decizii/ http://edinet.md/wp-content/uploads/2019/12/Cu-privire-la-aprobarea-bugetului-raional-Edine%C5%A3-pentru-anul-2020-%C3%AEn-lectura-a-doua.-dp.pdf | BM35: da | BN35: http://www.cr-falesti.md/index.php/consultari-publice http://www.cr-falesti.md/index.php/proiecte-de-decizii-2/3374-pr-07-02-2020 | BO35: nu | BP35: http://floresti.md/proiecte-de-decizii/ | BQ35: da | BR35: http://www.glodeni.md/ro/anun%C8%9B/anunt http://www.glodeni.md/ro/acte-normative/proiecte-de-decizii?page=6 | BS35: da | BT35: https://hincesti.md/2019/12/14/anunt-privind-desfasurarea-audierilor-publice-cu-privire-la-proiectul-bugetului-raional-hincesti-pentru-anul-2020/ https://hincesti.md/2019/12/14/proiecte-de-decizie-pentru-sedinta-24-12-2019/ | BU35: da | BV35: https://il.md/2019/12/17/anunt-privind-consultarea-publica-a-proiectului-bugetului-raional-ialoveni-pentru-anul-2020/ https://il.md/proiecte-de-decizii/ | BW35: da | BX35: http://www.leova.md/index.php?pag=news&id=786&rid=1827&l=ro | BY35: nu | BZ35: Nu sînt informații pe web | CA35: partial/panou informativ | CB35: https://ocnita.md/audieri-publice-a-proiectelor-de-decizii-pentru-sedinta-consiliului-raional-ocnita-09-decembrie-2019/ | CC35: da | CD35: http://or.md/index.php/consultarea-publica-a-proiectelor-de-decizii-pentru-sedinta-ordinara-a-consiliului-raional-orhei-din-13-decembrie-2019/ | CE35: da | CF35: http://consiliu.rezina.md/view.php?art_id=3728 | CG35: da | CH35: http://www.riscani.md/index.php?pag=procesul_decizional&ids=proiecte_decizii&id=4974&y=2019&start= http://www.riscani.md/index.php?pag=procesul_decizional&ids=proiecte_decizii&id=4970&y=2019&start=20 | CI35: da | CJ35: http://www.singerei.md/2014-07-25-22-14-24/item/1981-dispozitie-nr-123-din-02-12-2019-cu-privire-la-organizarea-procesului-de-consultari-publice-a-proiectelor-de-decizii-privind-aprobarea-bugetului-raional-pentru-anul-2020.html http://www.singerei.md/proiecte-de-decizii/item/1980-proiecte-de-decizii-pentru-sedinta-din-decembrie-2019.html | CK35: partial/panou informativ | CL35: Nu sînt informații pe web | CM35: da | CN35: http://www.soroca.org.md/index.php/home/anunturi?start=30 http://soroca.org.md/jpg/proiecte%20de%20decizii/proiecte04/19.pdf | CO35: da | CP35: https://stefan-voda.md/invitatie-la-audieri-publice/ https://stefan-voda.md/proiecte-de-decizii-a-consiliului-raional-pentru-sedinta-ordinara-din-19-decembrie-2019/ | CQ35: da | CR35: http://crstraseni.md/index.php?pag=news&id=810&rid=3393&l=ro http://crstraseni.md/index.php?pag=news&id=810&rid=3394&l=ro http://crstraseni.md/index.php?pag=news&id=809&rid=3380&l=ro | CS35: partial/panou informativ | CT35: http://raiontaraclia.md/2019/12/10/%d0%bc%d0%b0%d1%82%d0%b5%d1%80%d0%b8%d0%b0%d0%bb%d1%8b-%d0%ba-%d0%b7%d0%b0%d1%81%d0%b5%d0%b4%d0%b0%d0%bd%d0%b8%d1%8e-%d1%80%d0%b0%d0%b9%d0%be%d0%bd%d0%bd%d0%be%d0%b3%d0%be-%d1%81%d0%be%d0%b2%d0%b5/ | CU35: nu | CV35: Nu sînt informații pe web | CW35: partial/panou informativ | CX35: http://www.crungheni.md/anunturi/anunt-48/
A36: Q34 | B36: R20034 | C36: 36 | D36: Proiectul de buget pentru anul 2020 a inclus o descriere a tuturor elementelor (programe, subprograme și alte elemente ale bugetului), inclusiv o scurtă justificare pentru fiecare element în secțiunea de venituri și secțiunea de cheltuieli? | E36: Is containing the draft budget for 2020 a description of all items (programs, subprograms and other parts of the budget), including a brief justification for each item in the income section and section of expenses? | F36: bug | G36: bug2 | H36: bug2k | I36: 2 | J36: da | K36: yes | L36: nu | M36: no | N36: partial | O36: partially | P36: ="---" -> --- | Q36: ="---" -> --- | R36: ="---" -> --- | S36: ="---" -> --- | T36: ="---" -> --- | U36: ="---" -> --- | V36: ="---" -> --- | W36: ="---" -> --- | X36: N/A | Y36: N/A | Z36: ="---" -> --- | AA36: ="---" -> --- | AB36: =J36 -> da | AC36: =L36 -> nu | AD36: =I36 -> 2 | AE36: 0 | AF36: =AD36/2 -> 1 | AG36: ="---" -> --- | AH36: ="---" -> --- | AI36: ="---" -> --- | AJ36: ="---" -> --- | AK36: N/A | AL36: ="---" -> --- | AM36: da | AN36: https://anenii-noi.md/index.php?option=com_content&view=article&id=408:consultari-publice-a-proiectului-bugetului-raional-pentru-2020&catid=85&Itemid=691 | AO36: nu | AP36: Nu sînt informații pe web | AQ36: nu | AR36: Nu sînt informații pe web | AS36: nu | AT36: Nu sînt informații pe web | AU36: nu | AV36: Nu sînt informații pe web | AW36: nu | AX36: Nu sînt informații pe web | AY36: da | AZ36: http://www.causeni.md/consultari-publice-1 | BA36: da | BB36: http://raioncimislia.md/sedinta-ordinara-decembrie-2019/ | BC36: da | BD36: http://criuleni.md/index.php?pag=news&id=517&rid=3323&l=ro | BE36: da | BF36: http://donduseni.md/proiecte-de-decizii/ | BG36: nu | BH36: Nu sînt informații pe web | BI36: da | BJ36: http://dubasari.md/pagins/proiecte-de-decizie | BK36: da | BL36: http://edinet.md/wp-content/uploads/2019/12/Cu-privire-la-aprobarea-bugetului-raional-Edine%C5%A3-pentru-anul-2020-%C3%AEn-lectura-a-doua.-dp.pdf http://edinet.md/wp-content/uploads/2019/12/n-inf-buget-lectura-II-dp.pdf | BM36: da | BN36: http://www.cr-falesti.md/index.php/proiecte-de-decizii-2/3374-pr-07-02-2020 | BO36: nu | BP36: Nu sînt informații pe web | BQ36: da | BR36: http://www.glodeni.md/ro/acte-normative/proiecte-de-decizii?page=6 | BS36: da | BT36: https://hincesti.md/2019/12/14/proiecte-de-decizie-pentru-sedinta-24-12-2019/ | BU36: da | BV36: https://il.md/wp-content/uploads/2019/12/Proiectele-deciziilor-pentru-%c8%99edin%c8%9ba-Consiliului-Raional-Ialoveni-din-26-decembrie-2019-1.pdf | BW36: partial | BX36: Lipsește o notă informativă la proiect http://www.leova.md/index.php?pag=news&id=786&rid=1827&l=ro | BY36: nu | BZ36: Nu sînt informații pe web | CA36: nu | CB36: Nu sînt informații pe web | CC36: da | CD36: http://or.md/wp-content/uploads/2019/12/decizia_buget-2020_13.12.2019.pdf | CE36: da | CF36: http://consiliu.rezina.md/view.php?art_id=3728 | CG36: da | CH36: http://www.riscani.md/index.php?pag=procesul_decizional&ids=proiecte_decizii&id=4974&y=2019&start= | CI36: da | CJ36: http://www.singerei.md/proiecte-de-decizii/item/1980-proiecte-de-decizii-pentru-sedinta-din-decembrie-2019.html http://www.singerei.md/images/A1_la_10.2.pdf | CK36: nu | CL36: Nu sînt informații pe web | CM36: partial | CN36: http://www.soroca.org.md/index.php/home/anunturi?start=30 http://soroca.org.md/jpg/proiecte%20de%20decizii/proiecte04/19.pdf | CO36: da | CP36: https://stefan-voda.md/proiectul-deciziei-cu-privire-la-aprobarea-bugetului-raional-pentru-anul-2020/ | CQ36: da | CR36: http://crstraseni.md/media/files/files/2_cu_privire_la_aprob__buget__raion__i_lectur___871348.pdf | CS36: nu | CT36: Nu sînt informații pe web | CU36: nu | CV36: Nu sînt informații pe web | CW36: nu | CX36: Nu sînt informații pe web
A37: Q35 | B37: R20035 | C37: 37 | D37: Sînt disponibile pe pagina web proiectele depuse de cetățeni în cadrul bugetării participative și proiectele cîștigătoare selectate ? | E37: Are the projects submitted by the citizens within the participatory budgeting and the selected winning projects available on the website? | F37: bug | G37: bug3 | H37: bug3k | I37: 2 | J37: da | K37: yes | L37: nu | M37: no | N37: partial | O37: partially | P37: ="---" -> --- | Q37: ="---" -> --- | R37: ="---" -> --- | S37: ="---" -> --- | T37: ="---" -> --- | U37: ="---" -> --- | V37: ="---" -> --- | W37: ="---" -> --- | X37: N/A | Y37: N/A | Z37: ="---" -> --- | AA37: ="---" -> --- | AB37: =J37 -> da | AC37: =L37 -> nu | AD37: =I37 -> 2 | AE37: 0 | AF37: =AD37/2 -> 1 | AG37: ="---" -> --- | AH37: ="---" -> --- | AI37: ="---" -> --- | AJ37: ="---" -> --- | AK37: N/A | AL37: ="---" -> --- | AM37: nu | AN37: Nu sînt informații pe web | AO37: nu | AP37: Nu sînt informații pe web | AQ37: nu | AR37: Nu sînt informații pe web | AS37: nu | AT37: Nu sînt informații pe web | AU37: nu | AV37: Nu sînt informații pe web | AW37: nu | AX37: Nu sînt informații pe web | AY37: nu | AZ37: Nu sînt informații pe web | BA37: nu | BB37: Nu sînt informații pe web | BC37: nu | BD37: Nu sînt informații pe web | BE37: nu | BF37: Nu sînt informații pe web | BG37: nu | BH37: Nu sînt informații pe web | BI37: nu | BJ37: Nu sînt informații pe web | BK37: nu | BL37: Nu sînt informații pe web | BM37: nu | BN37: Nu sînt informații pe web | BO37: nu | BP37: Nu sînt informații pe web | BQ37: nu | BR37: Nu sînt informații pe web | BS37: nu | BT37: Nu sînt informații pe web | BU37: nu | BV37: Nu sînt informații pe web | BW37: nu | BX37: Nu sînt informații pe web | BY37: nu | BZ37: Nu sînt informații pe web | CA37: nu | CB37: Nu sînt informații pe web | CC37: nu | CD37: Nu sînt informații pe web | CE37: nu | CF37: Nu sînt informații pe web | CG37: nu | CH37: Nu sînt informații pe web | CI37: nu | CJ37: Nu sînt informații pe web | CK37: nu | CL37: Nu sînt informații pe web | CM37: nu | CN37: Nu sînt informații pe web | CO37: nu | CP37: Nu sînt informații pe web | CQ37: nu | CR37: Nu sînt informații pe web | CS37: nu | CT37: Nu sînt informații pe web | CU37: nu | CV37: Nu sînt informații pe web | CW37: nu | CX37: Nu sînt informații pe web
A38: Q36 | B38: R20036 | C38: 38 | D38: Bugetul actual al unității administrativ-teritoriale este disponibil pe pagina web? | E38: Is available the current budget of the territorial-administrative unit on the website? | F38: bug | G38: bug4 | H38: bug4k | I38: 2 | J38: da | K38: yes | L38: nu | M38: no | N38: partial | O38: partially | P38: ="---" -> --- | Q38: ="---" -> --- | R38: ="---" -> --- | S38: ="---" -> --- | T38: ="---" -> --- | U38: ="---" -> --- | V38: ="---" -> --- | W38: ="---" -> --- | X38: N/A | Y38: N/A | Z38: ="---" -> --- | AA38: ="---" -> --- | AB38: =J38 -> da | AC38: =L38 -> nu | AD38: =I38 -> 2 | AE38: 0 | AF38: =AD38/2 -> 1 | AG38: ="---" -> --- | AH38: ="---" -> --- | AI38: ="---" -> --- | AJ38: ="---" -> --- | AK38: N/A | AL38: ="---" -> --- | AM38: nu | AN38: Nu sînt informații pe web | AO38: da | AP38: http://basarabeasca.md/ro/bugetul-rational/ http://basarabeasca.md/wp-content/uploads/2020/01/Cu-privire-la-aprobarea-%C3%AEn-lectura-a-doua-a-bugetului-raional-Basarabeasca-pe-anul-2020-1-%D1%81%D0%B6%D0%B0%D1%82%D1%8B%D0%B9_compressed-min-%D1%81%D1%82%D1%80%D0%B0%D0%BD%D0%B8%D1%86%D1%8B-1-14.pdf | AQ38: nu | AR38: Nu sînt informații pe web | AS38: da | AT38: https://cahul.md/bugetul-raional/ | AU38: da | AV38: http://www.calarasi.md/index.php/sedinte/finish/4-sedinte/1077-decizii-ale-sedintei-ordinare-din-24-12-2019-partea-ii | AW38: nu | AX38: Nu sînt informații pe web | AY38: da | AZ38: http://www.causeni.md/deciziile-consiliului-raional-causeni-adoptate-in-sedinta-din-9-decembrie-2019 | BA38: da | BB38: http://raioncimislia.md/sedinta-ordinara-din-20-decembrie-2019/ | BC38: da | BD38: http://criuleni.md/media/files/files/decizii___edin__a_din_27_12_2019-11-23a-___o_______u_2356688.pdf | BE38: nu | BF38: Nu sînt informații pe web | BG38: da | BH38: https://drochia.md/deciziile-consiliului/ | BI38: da | BJ38: http://dubasari.md/pagins/deciziile-consiliului-raional | BK38: nu | BL38: Nu sînt informații pe web | BM38: da | BN38: http://www.cr-falesti.md/index.php/deciziile-consiliului-raional | BO38: da | BP38: http://floresti.md/sedinte-si-decizii/ | BQ38: da | BR38: http://www.glodeni.md/ro/content/deciziile-din-cadrul-%C8%99edin%C8%9Bei-ordinare-consiliului-raional-glodeni-din-data-de-191219 | BS38: da | BT38: https://hincesti.md/2019/12/31/deciziile-aprobate-in-cadrul-sedintei-ordinare-din-data-de-24-decembrie-2019/ | BU38: da | BV38: https://il.md/wp-content/uploads/2019/12/Deciziile-Consiliului-Raional-Ialoveni-adoptate-i%cc%82n-s%cc%a6edint%cc%a6a-ordinara%cc%86-din-26-decembrie-2019.pdf | BW38: da | BX38: http://www.leova.md/index.php?pag=news&id=926&rid=1846&l=ro | BY38: da | BZ38: https://nisporeni.md/deciziile-sedintei-ordinare-a-consiliului-raional-din-24-decembrie-2019/ | CA38: da | CB38: https://ocnita.md/wp-content/uploads/2020/01/DECIZII-VI-2019.pdf | CC38: da | CD38: http://or.md/index.php/decizii-aprobate-de-consiliul-raional-orhei-in-sedinta-din-28-06-2019-2/deciziile-consiliului-raional/ | CE38: da | CF38: http://consiliu.rezina.md/view.php?art_id=3751 | CG38: nu | CH38: Nu sînt informații pe web | CI38: da | CJ38: http://www.singerei.md/transparenta-decizionala/item/2011-deciziile-aprobate-in-cadrul-sedintei-ordinare-a-consiliului-raional-din-19-12-2019.html | CK38: da | CL38: https://soldanesti.md/deciziile-sedintei-ordinare-din-10-12-2019/ | CM38: da | CN38: http://soroca.md/jpg/Irina/buget2020/buget2020.pdf | CO38: da | CP38: https://stefan-voda.md/deciziile-consiliului-raional-adoptate-la-sedinta-din-19-decembrie-2019/ | CQ38: da | CR38: http://crstraseni.md/media/files/files/decizie_nr__8_13_din_20_decembrie_2019_7855284.pdf | CS38: nu | CT38: Nu sînt informații pe web | CU38: da | CV38: https://telenesti.md/wp-content/uploads/2020/02/6-13-Buget-2020-lect.-II.pdf | CW38: da | CX38: http://www.crungheni.md/wp-content/uploads/2019/12/Project-4.pdf
A39: Q37 | B39: R20037 | C39: 39 | D39: Sînt disponibile pe pagina web bugetele pentru cel puțin ultimii trei ani consecutivi (2017 - 2020)? | E39: Is the budget available on the website for at least the last three consecutive years (2018 - 2020)? | F39: bug | G39: bug5 | H39: bug5k | I39: 2 | J39: da | K39: yes | L39: nu | M39: no | N39: partial | O39: partially | P39: ="---" -> --- | Q39: ="---" -> --- | R39: ="---" -> --- | S39: ="---" -> --- | T39: ="---" -> --- | U39: ="---" -> --- | V39: ="---" -> --- | W39: ="---" -> --- | X39: N/A | Y39: N/A | Z39: ="---" -> --- | AA39: ="---" -> --- | AB39: =J39 -> da | AC39: =L39 -> nu | AD39: =I39 -> 2 | AE39: 0 | AF39: =AD39/2 -> 1 | AG39: ="---" -> --- | AH39: ="---" -> --- | AI39: ="---" -> --- | AJ39: ="---" -> --- | AK39: N/A | AL39: ="---" -> --- | AM39: nu | AN39: Nu sînt informații pe web | AO39: da | AP39: http://basarabeasca.md/ro/bugetul-rational/ | AQ39: nu | AR39: Nu sînt informații pe web | AS39: da | AT39: https://cahul.md/bugetul-raional/ | AU39: nu | AV39: Nu sînt informații pe web | AW39: nu | AX39: Nu sînt informații pe web | AY39: da | AZ39: http://www.causeni.md/documents/item/index/1785 | BA39: da | BB39: http://raioncimislia.md/deciziile-aprobate-ale-cr/ | BC39: da | BD39: http://criuleni.md/index.php?pag=news&id=433&rid=3341&l=ro http://criuleni.md/index.php?pag=news&id=433&rid=2741&l=ro http://criuleni.md/index.php?pag=news&id=433&rid=2163&l=ro | BE39: partial | BF39: http://donduseni.md/bugetul-raionului-2018/ | BG39: da | BH39: https://drochia.md/deciziile-consiliului/ | BI39: da | BJ39: http://dubasari.md/pagins/deciziile-consiliului-raional | BK39: nu | BL39: Nu sînt informații pe web | BM39: da | BN39: http://www.cr-falesti.md/index.php/deciziile-consiliului-raional | BO39: da | BP39: http://floresti.md/sedinte-si-decizii/ | BQ39: nu | BR39: Nu sînt informații pe web | BS39: partial | BT39: https://hincesti.md/wp-content/uploads/2019/01/08.02.01-1.pdf https://hincesti.md/2019/12/31/deciziile-aprobate-in-cadrul-sedintei-ordinare-din-data-de-24-decembrie-2019/ | BU39: nu | BV39: Nu sînt informații pe web | BW39: da | BX39: http://www.leova.md/index.php?pag=news&id=893&l=ro http://www.leova.md/index.php?pag=news&id=926&rid=1846&l=ro | BY39: nu | BZ39: Nu sînt informații pe web | CA39: nu | CB39: Nu sînt informații pe web | CC39: da | CD39: http://or.md/index.php/decizii-aprobate-de-consiliul-raional-orhei-in-sedinta-din-28-06-2019-2/deciziile-consiliului-raional/ | CE39: da | CF39: http://consiliu.rezina.md/view.php?art_id=2839 http://consiliu.rezina.md/view.php?art_id=3403 http://consiliu.rezina.md/view.php?art_id=3751 | CG39: partial | CH39: http://www.riscani.md/index.php?pag=procesul_decizional&ids=decizii&id=4673&start= | CI39: da | CJ39: http://www.singerei.md/transparenta-decizionala/item/1170-sedinta-ordinara-a-consiliului-raional-singerei-din-18-12-2017.html http://www.singerei.md/transparenta-decizionala/item/1600-sedinta-ordinara-a-consiliului-raional-din-29-11-2018.html http://www.singerei.md/transparenta-decizionala/item/2011-deciziile-aprobate-in-cadrul-sedintei-ordinare-a-consiliului-raional-din-19-12-2019.html | CK39: partial | CL39: http://soldanesti.md/wp-content/uploads/2018/12/%D0%A1%D0%BA%D0%B0%D0%BD%D0%B8%D1%80%D0%BE%D0%B2%D0%B0%D1%82%D1%8C10002.pdf http://soldanesti.md/wp-content/uploads/2019/12/img20191213_14420235_compressed-1-1-1.pdf | CM39: partial | CN39: http://www.soroca.org.md/index.php/acte-normative/decizii-ale-consiliului-raional-soroca/407-sedintele-consiliului-raional-soroca-anul-2018 http://soroca.md/jpg/Irina/buget2020/buget2020.pdf | CO39: da | CP39: https://stefan-voda.md/bugetul-raionului/ | CQ39: da | CR39: http://crstraseni.md/media/files/files/decizia_4_10___cu_pr__la_aprobarea_bugetului_raional_pe_anul_2018____1519901.pdf http://crstraseni.md/media/files/files/decizie_4_11_cu_privire_la_aprobarea_bugetului_raional_8851169.pdf http://crstraseni.md/media/files/files/decizie_nr__8_13_din_20_decembrie_2019_7855284.pdf | CS39: nu | CT39: Nu sînt informații pe web | CU39: da | CV39: https://telenesti.md/deciziile-c-r/14-decembrie-2017/ https://telenesti.md/deciziile-c-r/13-decembrie-2018-2/ https://telenesti.md/deciziile-c-r/18-noiembrie-2019/ | CW39: partial | CX39: http://www.crungheni.md/wp-content/uploads/2018/12/Project-1.pdf http://www.crungheni.md/wp-content/uploads/2019/12/Project-4.pdf
A40: Q38 | B40: R20038 | C40: 40 | D40: Raporturile privind executarea bugetului anual pentru 2019 sînt disponibile pe site-ul oficial? | E40: Are the annual reports on budget execution for 2019 available on the official website? | F40: bug | G40: bug6 | H40: bug6k | I40: 1 | J40: da | K40: yes | L40: nu | M40: no | N40: partial | O40: partially | P40: ="---" -> --- | Q40: ="---" -> --- | R40: ="---" -> --- | S40: ="---" -> --- | T40: ="---" -> --- | U40: ="---" -> --- | V40: ="---" -> --- | W40: ="---" -> --- | X40: N/A | Y40: N/A | Z40: ="---" -> --- | AA40: ="---" -> --- | AB40: =J40 -> da | AC40: =L40 -> nu | AD40: =I40 -> 1 | AE40: 0 | AF40: =AD40/2 -> 0.5 | AG40: ="---" -> --- | AH40: ="---" -> --- | AI40: ="---" -> --- | AJ40: ="---" -> --- | AK40: N/A | AL40: ="---" -> --- | AM40: da | AN40: https://anenii-noi.md/index.php?option=com_content&view=category&layout=blog&id=87&Itemid=665 | AO40: da | AP40: http://basarabeasca.md/ro/decizii-ale-consiliului/ | AQ40: nu | AR40: Nu sînt informații pe web | AS40: nu | AT40: Nu sînt informații pe web | AU40: nu | AV40: Nu sînt informații pe web | AW40: nu | AX40: Nu sînt informații pe web | AY40: partial | AZ40: http://www.causeni.md/raport-al-grupului-de-lucru-privind-executarea-contractelor-de-achizitie-intocmite-in-urma-procedurilor-de-achizitie-in-perioada-anului-2019 | BA40: da | BB40: http://raioncimislia.md/transparenta-financiara/ | BC40: nu | BD40: Nu sînt informații pe web | BE40: nu | BF40: Nu sînt informații pe web | BG40: nu | BH40: Nu sînt informații pe web | BI40: da | BJ40: http://dubasari.md/pagins/deciziile-consiliului-raional | BK40: nu | BL40: Nu sînt informații pe web | BM40: nu | BN40: Nu sînt informații pe web | BO40: nu | BP40: Nu sînt informații pe web | BQ40: nu | BR40: Nu sînt informații pe web | BS40: nu | BT40: Nu sînt informații pe web | BU40: nu | BV40: Nu sînt informații pe web | BW40: da | BX40: http://www.leova.md/index.php?pag=news&id=894&l=ro | BY40: nu | BZ40: Nu sînt informații pe web | CA40: nu | CB40: Nu sînt informații pe web | CC40: nu | CD40: Nu sînt informații pe web | CE40: da | CF40: http://consiliu.rezina.md/view.php?art_id=3843 | CG40: da | CH40: http://www.riscani.md/index.php?pag=legislatie&ids=alte_documente&id=4676&start= | CI40: nu | CJ40: Nu sînt informații pe web | CK40: da | CL40: https://soldanesti.md/deciziile-sedintei-ordinare-din-26-03-2020/ | CM40: nu | CN40: Nu sînt informații pe web | CO40: nu | CP40: Nu sînt informații pe web | CQ40: nu | CR40: Nu sînt informații pe web | CS40: nu | CT40: Nu sînt informații pe web | CU40: nu | CV40: Nu sînt informații pe web | CW40: da | CX40: http://www.crungheni.md/wp-content/uploads/2020/02/Decizie-executarea-bugetului-raional-2019-1.pdf
A41: Q39 | B41: R20039 | C41: 41 | D41: Au fost făcute publice funcţiile vacante existente în serviciul public, incluzînd descrierea postului pentru funcția vacantă și cerinţele de calificare faţă de candidaţii pentru funcţiile vacante? | E41: Were made public existing vacancies in the public service, including the job description for the vacant position and qualification requirements to candidates for vacancies? | F41: hr | G41: hr1 | H41: hr1k | I41: 1 | J41: da | K41: yes | L41: nu | M41: no | N41: partial/panou informativ | O41: partially/bilboard | P41: ="---" -> --- | Q41: ="---" -> --- | R41: ="---" -> --- | S41: ="---" -> --- | T41: ="---" -> --- | U41: ="---" -> --- | V41: ="---" -> --- | W41: ="---" -> --- | X41: N/A | Y41: N/A | Z41: ="---" -> --- | AA41: ="---" -> --- | AB41: =J41 -> da | AC41: =L41 -> nu | AD41: =I41 -> 1 | AE41: 0 | AF41: =AD41/2 -> 0.5 | AG41: ="---" -> --- | AH41: ="---" -> --- | AI41: ="---" -> --- | AJ41: ="---" -> --- | AK41: N/A | AL41: ="---" -> --- | AM41: nu | AN41: Nu sînt informații pe web | AO41: partial/panou informativ | AP41: http://basarabeasca.md/ro/%d1%80%d1%83%d1%81%d1%81%d0%ba%d0%b8%d0%b9-%d0%b2%d0%b0%d0%ba%d0%b0%d0%bd%d1%81%d0%b8%d0%b8/ http://basarabeasca.md/ro/2019/11/7324/ | AQ41: nu | AR41: Pentru anul 2019 nu sînt informații https://briceni.md/category/functii-vacante/ | AS41: da | AT41: https://cahul.md/category/posturi-vacante/ | AU41: da | AV41: http://www.calarasi.md/index.php/posturi-vacante?start=10 | AW41: nu | AX41: Nu sînt informații pe web | AY41: da | AZ41: http://www.causeni.md/functii-vacante-1 | BA41: da | BB41: http://raioncimislia.md/functii-vacante/ | BC41: nu | BD41: Pe pagina web nu sînt anunțuri din 2019 (doar pentru anul 2020) http://criuleni.md/index.php?pag=news&id=511&l=ro | BE41: da | BF41: http://donduseni.md/category/noutati/page/15/ | BG41: nu | BH41: Nu sînt informații pe web | BI41: partial/panou informativ | BJ41: Conform răspunsului din chestionar | BK41: nu | BL41: Nu sînt informații pe web | BM41: da | BN41: http://www.cr-falesti.md/index.php/vacant?start=7 http://daspfc-falesti.org/index.php/evenimente-i-activit-i/posturi-vacante?start=11 http://dge-falesti.org/index.php/concursuri/posturi-vacante?start=11 | BO41: partial/panou informativ | BP41: http://floresti.md/sedintele-si-deciziile-comisiilor/ | BQ41: partial/panou informativ | BR41: http://www.glodeni.md/ro/site-categories/func%C8%9Bii-vacante | BS41: nu | BT41: Nu sînt informații pentru anul 2019 https://hincesti.md/category/subdiviziunile/directia-asistenta-sociala-si-protectie-a-familiei/functii-vacante/ | BU41: da | BV41: https://il.md/functii-vacante/ | BW41: partial/panou informativ | BX41: http://www.leova.md/index.php?pag=news&id=678&l=ro | BY41: nu | BZ41: Nu sînt informații pe web | CA41: nu | CB41: Nu sînt informații pe web | CC41: nu | CD41: Nu sînt informații pe web | CE41: da | CF41: http://consiliu.rezina.md/index.php?page=4&category=13 | CG41: da | CH41: http://www.riscani.md/index.php?pag=page&id=87 | CI41: partial/panou informativ | CJ41: http://www.singerei.md/locuri-vacante.html?start=7 | CK41: da | CL41: https://soldanesti.md/page/9/ | CM41: da | CN41: http://daspf.soroca.md/category/news/page/2/ http://www.soroca.org.md/index.php/home/anunturi?start=63 http://www.soroca.org.md/index.php/home/anunturi?start=66 http://www.soroca.org.md/index.php/home/anunturi?start=69 | CO41: da | CP41: https://stefan-voda.md/category/posturi-vacante/page/2/ | CQ41: da | CR41: http://crstraseni.md/index.php?pag=news&id=678&l=ro&start=20 | CS41: nu | CT41: Nu sînt informații pe web | CU41: partial/panou informativ | CV41: https://telenesti.md/functii-vacante/ | CW41: partial/panou informativ | CX41: http://daspf.ungheni.org/
A42: Q40 | B42: R20040 | C42: 42 | D42: Au fost comunicate public numărul şi numele candidaţilor ce au participat la concursurile de selecţie pentru posturile vacante în 2019 ? | E42: Were made public the number and names of the candidates who participated in the selection contests for vacancies in 2019? | F42: hr | G42: hr2 | H42: hr2k | I42: 1 | J42: da | K42: yes | L42: nu | M42: no | N42: partial/panou informativ | O42: partially/bilboard | P42: ="---" -> --- | Q42: ="---" -> --- | R42: ="---" -> --- | S42: ="---" -> --- | T42: ="---" -> --- | U42: ="---" -> --- | V42: ="---" -> --- | W42: ="---" -> --- | X42: N/A | Y42: N/A | Z42: ="---" -> --- | AA42: ="---" -> --- | AB42: =J42 -> da | AC42: =L42 -> nu | AD42: =I42 -> 1 | AE42: 0 | AF42: =AD42/2 -> 0.5 | AG42: ="---" -> --- | AH42: ="---" -> --- | AI42: ="---" -> --- | AJ42: ="---" -> --- | AK42: N/A | AL42: ="---" -> --- | AM42: nu | AN42: Nu sînt informații pe web | AO42: nu | AP42: Pentru anul 2019 nu sînt informații, deși a fost publicat un anunț de angajare | AQ42: nu | AR42: Nu sînt informații pe web | AS42: partial/panou informativ | AT42: Conform răspunsului din chestionar | AU42: nu | AV42: Nu sînt informații pe web | AW42: partial/panou informativ | AX42: Conform răspunsului din chestionar | AY42: nu | AZ42: Nu sînt informații pe web | BA42: partial/panou informativ | BB42: Conform răspunsului din chestionar | BC42: partial/panou informativ | BD42: Conform răspunsului din chestionar | BE42: partial/panou informativ | BF42: Conform răspunsului din chestionar | BG42: nu | BH42: Nu sînt informații pe web | BI42: partial/panou informativ | BJ42: Conform răspunsului din chestionar | BK42: partial/panou informativ | BL42: Conform răspunsului din chestionar | BM42: partial/panou informativ | BN42: http://www.cr-falesti.md/index.php/vacant?start=7 http://dge-falesti.org/index.php/concursuri/posturi-vacante?start=22 http://daspfc-falesti.org/index.php/evenimente-i-activit-i/posturi-vacante | BO42: partial/panou informativ | BP42: Conform răspunsului din chestionar | BQ42: nu | BR42: Nu sînt informații pe web | BS42: nu | BT42: Nu sînt informații pe web | BU42: nu | BV42: Nu sînt informații pe web | BW42: nu | BX42: Nu sînt informații pe web | BY42: nu | BZ42: Nu sînt informații pe web | CA42: nu | CB42: Nu sînt informații pe web | CC42: nu | CD42: Nu sînt informații pe web | CE42: nu | CF42: Nu sînt informații pe web | CG42: nu | CH42: Nu sînt informații pe web | CI42: nu | CJ42: Nu sînt informații pe web | CK42: partial/panou informativ | CL42: Conform răspunsului din chestionar | CM42: partial/panou informativ | CN42: http://daspf.soroca.md/category/news/page/2/ | CO42: nu | CP42: Nu sînt informații pe web | CQ42: da | CR42: http://crstraseni.md/index.php?pag=news&id=678&l=ro&start=21 | CS42: nu | CT42: Nu sînt informații pe web | CU42: nu | CV42: Nu sînt informații pe web | CW42: partial/panou informativ | CX42: http://www.crungheni.md/anunturi/anunt-40/
A43: Q41 | B43: R20041 | C43: 43 | D43: Au fost comunicate public rezultatele proceselor - verbale ale comisiei de selectare a candidaţilor pentru funcţia vacantă, incluzând evaluarea comisiei şi clasamentul solicitanţilor? | E43: Were made public the the results of the Minutes of committee for selection of candidates for the vacancy, including the assessment of the committee and the ranking of applicants? | F43: hr | G43: hr3 | H43: hr3k | I43: 2 | J43: da | K43: yes | L43: nu | M43: no | N43: partial/panou informativ | O43: partially/bilboard | P43: ="---" -> --- | Q43: ="---" -> --- | R43: ="---" -> --- | S43: ="---" -> --- | T43: ="---" -> --- | U43: ="---" -> --- | V43: ="---" -> --- | W43: ="---" -> --- | X43: N/A | Y43: N/A | Z43: ="---" -> --- | AA43: ="---" -> --- | AB43: =J43 -> da | AC43: =L43 -> nu | AD43: =I43 -> 2 | AE43: 0 | AF43: =AD43/2 -> 1 | AG43: ="---" -> --- | AH43: ="---" -> --- | AI43: ="---" -> --- | AJ43: ="---" -> --- | AK43: N/A | AL43: ="---" -> --- | AM43: nu | AN43: Nu sînt informații pe web | AO43: nu | AP43: Pentru anul 2019 nu sînt astfel de informații, dar remarcăm publicarea proceselor - verbale pentru anul 2020 http://basarabeasca.md/ro/%d1%80%d1%83%d1%81%d1%81%d0%ba%d0%b8%d0%b9-%d0%be%d0%b1%d1%8a%d1%8f%d0%b2%d0%bb%d0%b5%d0%bd%d0%b8%d1%8f/ http://basarabeasca.md/ro/%d1%80%d1%83%d1%81%d1%81%d0%ba%d0%b8%d0%b9-%d0%ba%d0%be%d0%bd%d0%ba%d1%83%d1%80%d1%81%d1%8b/ | AQ43: nu | AR43: Nu sînt informații pe web | AS43: partial/panou informativ | AT43: Conform răspunsului din chestionar | AU43: nu | AV43: Nu sînt informații pe web | AW43: partial/panou informativ | AX43: Conform răspunsului din chestionar | AY43: nu | AZ43: Nu sînt informații pe web | BA43: partial/panou informativ | BB43: Conform răspunsului din chestionar | BC43: partial/panou informativ | BD43: Conform răspunsului din chestionar | BE43: partial/panou informativ | BF43: Conform răspunsului din chestionar | BG43: nu | BH43: Nu sînt informații pe web | BI43: nu | BJ43: Nu sînt informații pe web | BK43: nu | BL43: Nu sînt informații pe web | BM43: partial/panou informativ | BN43: http://www.cr-falesti.md/index.php/vacant?start=7 http://dge-falesti.org/index.php/concursuri/posturi-vacante?start=22 http://daspfc-falesti.org/index.php/evenimente-i-activit-i/posturi-vacante | BO43: nu | BP43: Nu sînt informații pe web | BQ43: nu | BR43: Nu sînt informații pe web | BS43: nu | BT43: Nu sînt informații pe web | BU43: nu | BV43: Nu sînt informații pe web | BW43: nu | BX43: Nu sînt informații pe web | BY43: nu | BZ43: Nu sînt informații pe web | CA43: nu | CB43: Nu sînt informații pe web | CC43: nu | CD43: Nu sînt informații pe web | CE43: nu | CF43: Nu sînt informații pe web | CG43: nu | CH43: Nu sînt informații pe web | CI43: nu | CJ43: Nu sînt informații pe web | CK43: nu | CL43: Nu sînt informații pe web | CM43: partial/panou informativ | CN43: Conform răspunsului din chestionar | CO43: nu | CP43: Nu sînt informații pe web | CQ43: da | CR43: http://crstraseni.md/index.php?pag=news&id=678&l=ro&start=22 | CS43: nu | CT43: Nu sînt informații pe web | CU43: nu | CV43: Nu sînt informații pe web | CW43: nu | CX43: Nu sînt informații pe web
A44: Q42 | B44: R20042 | C44: 44 | D44: Este disponibilă pe web arhiva proceselor - verbale ale procedurilor de selecţie a candidaţilor la funcţiile vacante din cel puţin ultimii 3 ani? | E44: Is the archive of the the results of the minutes of the selection procedures for the candidates for the vacant positions from at least the last 3 years available on the web? | F44: hr | G44: hr4 | H44: hr4k | I44: 1 | J44: da | K44: yes | L44: nu | M44: no | N44: partial | O44: partially | P44: ="---" -> --- | Q44: ="---" -> --- | R44: ="---" -> --- | S44: ="---" -> --- | T44: ="---" -> --- | U44: ="---" -> --- | V44: ="---" -> --- | W44: ="---" -> --- | X44: N/A | Y44: N/A | Z44: ="---" -> --- | AA44: ="---" -> --- | AB44: =J44 -> da | AC44: =L44 -> nu | AD44: =I44 -> 1 | AE44: 0 | AF44: =AD44/2 -> 0.5 | AG44: ="---" -> --- | AH44: ="---" -> --- | AI44: ="---" -> --- | AJ44: ="---" -> --- | AK44: N/A | AL44: ="---" -> --- | AM44: nu | AN44: Nu sînt informații pe web | AO44: nu | AP44: Pentru anul 2019 nu sînt astfel de informații, dar remarcăm publicarea proceselor - verbale pentru anul 2020 și din 2017. http://basarabeasca.md/ro/%d1%80%d1%83%d1%81%d1%81%d0%ba%d0%b8%d0%b9-%d0%be%d0%b1%d1%8a%d1%8f%d0%b2%d0%bb%d0%b5%d0%bd%d0%b8%d1%8f/ http://basarabeasca.md/ro/%d1%80%d1%83%d1%81%d1%81%d0%ba%d0%b8%d0%b9-%d0%ba%d0%be%d0%bd%d0%ba%d1%83%d1%80%d1%81%d1%8b/ | AQ44: nu | AR44: Nu sînt informații pe web | AS44: nu | AT44: Nu sînt informații pe web | AU44: nu | AV44: Nu sînt informații pe web | AW44: nu | AX44: Nu sînt informații pe web | AY44: nu | AZ44: Nu sînt informații pe web | BA44: nu | BB44: Nu sînt informații pe web | BC44: nu | BD44: Nu sînt informații pe web | BE44: nu | BF44: Nu sînt informații pe web | BG44: nu | BH44: Nu sînt informații pe web | BI44: nu | BJ44: Nu sînt informații pe web | BK44: nu | BL44: Nu sînt informații pe web | BM44: partial | BN44: http://www.cr-falesti.md/index.php/vacant?start=7 http://dge-falesti.org/index.php/concursuri/posturi-vacante?start=22 http://daspfc-falesti.org/index.php/evenimente-i-activit-i/posturi-vacante | BO44: nu | BP44: Nu sînt informații pe web | BQ44: nu | BR44: Nu sînt informații pe web | BS44: nu | BT44: Nu sînt informații pe web | BU44: nu | BV44: Nu sînt informații pe web | BW44: nu | BX44: Nu sînt informații pe web | BY44: nu | BZ44: Nu sînt informații pe web | CA44: nu | CB44: Nu sînt informații pe web | CC44: nu | CD44: Nu sînt informații pe web | CE44: nu | CF44: Nu sînt informații pe web | CG44: nu | CH44: Nu sînt informații pe web | CI44: nu | CJ44: Nu sînt informații pe web | CK44: nu | CL44: Nu sînt informații pe web | CM44: nu | CN44: Nu sînt informații pe web | CO44: nu | CP44: Nu sînt informații pe web | CQ44: da | CR44: http://crstraseni.md/index.php?pag=news&id=678&l=ro&start=120 | CS44: nu | CT44: Nu sînt informații pe web | CU44: nu | CV44: Nu sînt informații pe web | CW44: nu | CX44: Nu sînt informații pe web
A45: Q43 | B45: R20043 | C45: 45 | D45: Este CV-ul președintelui raionului disponibil pe pagina web, inclusiv informații cu privire la: studiile superioare, experiența de muncă, apartenența anterioară la societățile comerciale și organizațiile non-profit? | E45: Is district's chairman resume available on the website, including information on: higher education, work experience, previous membership to companies and non-profit organizations? | F45: et | G45: et1 | H45: et1k | I45: 1 | J45: da | K45: yes | L45: nu | M45: no | N45: partial | O45: partially | P45: ="---" -> --- | Q45: ="---" -> --- | R45: ="---" -> --- | S45: ="---" -> --- | T45: ="---" -> --- | U45: ="---" -> --- | V45: ="---" -> --- | W45: ="---" -> --- | X45: N/A | Y45: N/A | Z45: ="---" -> --- | AA45: ="---" -> --- | AB45: =J45 -> da | AC45: =L45 -> nu | AD45: =I45 -> 1 | AE45: 0 | AF45: =AD45/2 -> 0.5 | AG45: ="---" -> --- | AH45: ="---" -> --- | AI45: ="---" -> --- | AJ45: ="---" -> --- | AK45: N/A | AL45: ="---" -> --- | AM45: nu | AN45: Nu sînt informații pe web | AO45: nu | AP45: Nu sînt informații pe web | AQ45: nu | AR45: Nu sînt informații pe web | AS45: nu | AT45: Nu sînt informații pe web | AU45: nu | AV45: Nu sînt informații pe web | AW45: nu | AX45: Nu sînt informații pe web | AY45: da | AZ45: http://www.causeni.md/pages/1742 | BA45: nu | BB45: Nu sînt informații pe web | BC45: nu | BD45: Nu sînt informații pe web | BE45: da | BF45: http://donduseni.md/presedintele-raionului/ | BG45: da | BH45: https://drochia.md/presedintele-raionului/ | BI45: da | BJ45: http://dubasari.md/pagins/presedintele-raionului-dubasari | BK45: nu | BL45: Nu sînt informații pe web | BM45: da | BN45: http://www.cr-falesti.md/index.php/pres-rl | BO45: nu | BP45: Nu sînt informații pe web | BQ45: da | BR45: http://www.glodeni.md/ro/content/pre%C8%99edintele-raionului | BS45: da | BT45: https://hincesti.md/2019/11/25/pre-edintele-raionului-h-nce-ti/ | BU45: da | BV45: https://il.md/presedintele-raionului/ | BW45: da | BX45: http://www.leova.md/index.php?pag=page&id=770&l=ro | BY45: nu | BZ45: Nu sînt informații pe web | CA45: da | CB45: https://ocnita.md/presedintele-raionului/ | CC45: nu | CD45: Nu sînt informații pe web | CE45: da | CF45: http://consiliu.rezina.md/chief.php?chief=1 | CG45: da | CH45: http://www.riscani.md/index.php?pag=news2&opa=view&id=277&tip=componenta&start= | CI45: nu | CJ45: Nu sînt informații pe web | CK45: nu | CL45: Nu sînt informații pe web | CM45: nu | CN45: Nu sînt informații pe web | CO45: nu | CP45: Nu sînt informații pe web | CQ45: nu | CR45: Nu sînt informații pe web | CS45: nu | CT45: Nu sînt informații pe web | CU45: nu | CV45: Nu sînt informații pe web | CW45: da | CX45: http://www.crungheni.md/conducerea-raionului/presedinte/
... A57: Q55 | B57: R20055 | C57: 57 | D57: Sunt făcute public analizele financiare anuale ale tuturor întreprinderilor municipale și societăţilor comerciale cu pachet majoritar, deţinute de unitatea administrativ – teritorială ? | E57: Are made public the annual financial analyses of all municipal enterprises and companies with the majority stake held by administrative - territorial unit? | F57: inv | G57: inv3 | H57: inv3K | I57: 2 | J57: da | K57: yes | L57: nu | M57: no | N57: partial | O57: partially | P57: ="---" -> --- | Q57: ="---" -> --- | R57: ="---" -> --- | S57: ="---" -> --- | T57: ="---" -> --- | U57: ="---" -> --- | V57: ="---" -> --- | W57: ="---" -> --- | X57: N/A | Y57: N/A | Z57: ="---" -> --- | AA57: ="---" -> --- | AB57: =J57 -> da | AC57: =L57 -> nu | AD57: =I57 -> 2 | AE57: 0 | AF57: =AD57/2 -> 1 | AG57: ="---" -> --- | AH57: ="---" -> --- | AI57: ="---" -> --- | AJ57: ="---" -> --- | AK57: N/A | AL57: ="---" -> --- | AM57: nu | AN57: Nu sînt informații pe web | AO57: nu | AP57: Nu sînt informații pe web | AQ57: nu | AR57: Nu sînt informații pe web | AS57: nu | AT57: Nu sînt informații pe web | AU57: nu | AV57: Nu sînt informații pe web | AW57: nu | AX57: Nu sînt informații pe web | AY57: nu | AZ57: Nu sînt informații pe web | BA57: nu | BB57: Nu sînt informații pe web | BC57: N/A | BD57: Conform răspunsului din chestionar, activitatea întreprinderii a fost sistată în anul 2019 | BE57: nu | BF57: Nu sînt informații pe web | BG57: nu | BH57: Nu sînt informații pe web | BI57: nu | BJ57: Nu sînt informații pe web | BK57: nu | BL57: Nu sînt informații pe web | BM57: nu | BN57: Nu sînt informații pe web | BO57: nu | BP57: Nu sînt informații pe web | BQ57: nu | BR57: Nu sînt informații pe web | BS57: nu | BT57: Nu sînt informații pe web | BU57: nu | BV57: Nu sînt informații pe web | BW57: nu | BX57: Nu sînt informații pe web | BY57: nu | BZ57: Nu sînt informații pe web | CA57: nu | CB57: Nu sînt informații pe web | CC57: nu | CD57: Nu sînt informații pe web | CE57: nu | CF57: Nu sînt informații pe web | CG57: nu | CH57: Nu sînt informații pe web | CI57: nu | CJ57: Nu sînt informații pe web | CK57: nu | CL57: Nu sînt informații pe web | CM57: nu | CN57: Nu sînt informații pe web | CO57: nu | CP57: Nu sînt informații pe web | CQ57: da | CR57: Pe web este raportul de activitate si situatiile financiare ale unicei întreprinderi municipale active http://crstraseni.md/index.php?pag=news&id=859&l=ro | CS57: nu | CT57: Nu sînt informații pe web | CU57: nu | CV57: Nu sînt informații pe web | CW57: nu | CX57: Nu sînt informații pe web
F59: acc | I59: =SUM(I2:I58) -> 100 | AD59: =SUM(AD2:AD58) -> 100
F60: par
F61: proc
F62: prop
F63: bug
F64: hr
F65: et
F66: soc
F67: inv

Sheet Points_MP
A1: =IF(ISBLANK(Monitoring_MP!A1),"",Monitoring_MP!A1) -> questionID | B1: =IF(ISBLANK(Monitoring_MP!B1),"",Monitoring_MP!B1) -> ID_2020 | C1: =IF(ISBLANK(Monitoring_MP!C1),"",Monitoring_MP!C1) -> Row | D1: =IF(ISBLANK(Monitoring_MP!D1),"",Monitoring_MP!D1) -> question | E1: =IF(ISBLANK(Monitoring_MP!E1),"",Monitoring_MP!E1) -> question_en | F1: =IF(ISBLANK(Monitoring_MP!F1),"",Monitoring_MP!F1) | G1: =IF(ISBLANK(Monitoring_MP!G1),"",Monitoring_MP!G1) -> Code issues | H1: =IF(ISBLANK(Monitoring_MP!H1),"",Monitoring_MP!H1) -> Code comment | ... AL1: =IF(ISBLANK(Monitoring_MP!AL1),"",Monitoring_MP!AL1) -> pts9 | AM1: Anenii Noi | AN1: Basarabeasca | AO1: Briceni | AP1: Cahul | AQ1: Călărași | AR1: Cantemir | AS1: Caușeni | AT1: Cimișlia | AU1: Criuleni | AV1: Dondușeni | AW1: Drochia | AX1: Dubăsari | AY1: Edineț | AZ1: Fălești | BA1: Florești | BB1: Glodeni | BC1: Hîncești | BD1: Ialoveni | BE1: Leova | BF1: Nisporeni | BG1: Ocnița | BH1: Orhei | BI1: Rezina | BJ1: Rîșcani | BK1: Sîngerei | BL1: Șoldănești | BM1: Soroca | BN1: Ștefan Vodă | BO1: Strășeni | BP1: Taraclia | BQ1: Telenești | BR1: Ungheni
A2: =IF(ISBLANK(Monitoring_MP!A2),"",Monitoring_MP!A2) -> Q1 | B2: =IF(ISBLANK(Monitoring_MP!B2),"",Monitoring_MP!B2) -> R20001 | C2: =IF(ISBLANK(Monitoring_MP!C2),"",Monitoring_MP!C2) -> 2 | D2: =IF(ISBLANK(Monitoring_MP!D2),"",Monitoring_MP!D2) -> Pagina web oficială a autorităților publice dispune de compartimente dedicate transparenţei decizionale, unde se plasează informaţia privind procesul de elaborare şi adoptare a deciziilor? | E2: =IF(ISBLANK(Monitoring_MP!E2),"",Monitoring_MP!E2) -> Does the official web page of the public authority contains the fields related to transparency in decision making process, where the information about the development and approval of decisions is placed? | F2: =IF(ISBLANK(Monitoring_MP!F2),"",Monitoring_MP!F2) -> acc | G2: =IF(ISBLANK(Monitoring_MP!G2),"",Monitoring_MP!G2) -> acc1 | H2: =IF(ISBLANK(Monitoring_MP!H2),"",Monitoring_MP!H2) -> acc1k | ... AL2: =IF(ISBLANK(Monitoring_MP!AL2),"",Monitoring_MP!AL2) -> --- | AM2: =IF(ISBLANK(HLOOKUP(AM$1,Monitoring_MP!$AM$1:$CX$57,Points_MP!$C2,FALSE)),"",IF(HLOOKUP(AM$1,Monitoring_MP!$AM$1:$CX$57,Points_MP!$C2,FALSE)=$J2,$AD2,IF(HLOOKUP(AM$1,Monitoring_MP!$AM$1:$CX$57,Points_MP!$C2,FALSE)=$L2,$AE2,IF(HLOOKUP(AM$1,Monitoring_MP!$AM$1:$CX$57,Points_MP!$C2,FALSE)=$N2,$AF2,IF(HLOOKUP(AM$1,Monitoring_MP!$AM$1:$CX$57,Points_MP!$C2,FALSE)=$P2,$AG2,IF(HLOOKUP(AM$1,Monitoring_MP!$AM$1:$CX$57,Points_MP!$C2,FALSE)=$R2,$AH2,IF(HLOOKUP(AM$1,Monitoring_MP!$AM$1:$CX$57,Points_MP!$C2,FALSE)=$T2,$AI2,IF(HLOOKUP(AM$1,Monitoring_MP!$AM$1:$CX$57,Points_MP!$C2,FALSE)=$V2,$AJ2,IF(HLOOKUP(AM$1,Monitoring_MP!$AM$1:$CX$57,Points_MP!$C2,FALSE)=$X2,$AK2,"ERROR"))))))))) -> 0 | AN2: =IF(ISBLANK(HLOOKUP(AN$1,Monitoring_MP!$AM$1:$CX$57,Points_MP!$C2,FALSE)),"",IF(HLOOKUP(AN$1,Monitoring_MP!$AM$1:$CX$57,Points_MP!$C2,FALSE)=$J2,$AD2,IF(HLOOKUP(AN$1,Monitoring_MP!$AM$1:$CX$57,Points_MP!$C2,FALSE)=$L2,$AE2,IF(HLOOKUP(AN$1,Monitoring_MP!$AM$1:$CX$57,Points_MP!$C2,FALSE)=$N2,$AF2,IF(HLOOKUP(AN$1,Monitoring_MP!$AM$1:$CX$57,Points_MP!$C2,FALSE)=$P2,$AG2,IF(HLOOKUP(AN$1,Monitoring_MP!$AM$1:$CX$57,Points_MP!$C2,FALSE)=$R2,$AH2,IF(HLOOKUP(AN$1,Monitoring_MP!$AM$1:$CX$57,Points_MP!$C2,FALSE)=$T2,$AI2,IF(HLOOKUP(AN$1,Monitoring_MP!$AM$1:$CX$57,Points_MP!$C2,FALSE)=$V2,$AJ2,IF(HLOOKUP(AN$1,Monitoring_MP!$AM$1:$CX$57,Points_MP!$C2,FALSE)=$X2,$AK2,"ERROR"))))))))) -> 1 | AO2: =IF(ISBLANK(HLOOKUP(AO$1,Monitoring_MP!$AM$1:$CX$57,Points_MP!$C2,FALSE)),"",IF(HLOOKUP(AO$1,Monitoring_MP!$AM$1:$CX$57,Points_MP!$C2,FALSE)=$J2,$AD2,IF(HLOOKUP(AO$1,Monitoring_MP!$AM$1:$CX$57,Points_MP!$C2,FALSE)=$L2,$AE2,IF(HLOOKUP(AO$1,Monitoring_MP!$AM$1:$CX$57,Points_MP!$C2,FALSE)=$N2,$AF2,IF(HLOOKUP(AO$1,Monitoring_MP!$AM$1:$CX$57,Points_MP!$C2,FALSE)=$P2,$AG2,IF(HLOOKUP(AO$1,Monitoring_MP!$AM$1:$CX$57,Points_MP!$C2,FALSE)=$R2,$AH2,IF(HLOOKUP(AO$1,Monitoring_MP!$AM$1:$CX$57,Points_MP!$C2,FALSE)=$T2,$AI2,IF(HLOOKUP(AO$1,Monitoring_MP!$AM$1:$CX$57,Points_MP!$C2,FALSE)=$V2,$AJ2,IF(HLOOKUP(AO$1,Monitoring_MP!$AM$1:$CX$57,Points_MP!$C2,FALSE)=$X2,$AK2,"ERROR"))))))))) -> 0.5 | AP2: =IF(ISBLANK(HLOOKUP(AP$1,Monitoring_MP!$AM$1:$CX$57,Points_MP!$C2,FALSE)),"",IF(HLOOKUP(AP$1,Monitoring_MP!$AM$1:$CX$57,Points_MP!$C2,FALSE)=$J2,$AD2,IF(HLOOKUP(AP$1,Monitoring_MP!$AM$1:$CX$57,Points_MP!$C2,FALSE)=$L2,$AE2,IF(HLOOKUP(AP$1,Monitoring_MP!$AM$1:$CX$57,Points_MP!$C2,FALSE)=$N2,$AF2,IF(HLOOKUP(AP$1,Monitoring_MP!$AM$1:$CX$57,Points_MP!$C2,FALSE)=$P2,$AG2,IF(HLOOKUP(AP$1,Monitoring_MP!$AM$1:$CX$57,Points_MP!$C2,FALSE)=$R2,$AH2,IF(HLOOKUP(AP$1,Monitoring_MP!$AM$1:$CX$57,Points_MP!$C2,FALSE)=$T2,$AI2,IF(HLOOKUP(AP$1,Monitoring_MP!$AM$1:$CX$57,Points_MP!$C2,FALSE)=$V2,$AJ2,IF(HLOOKUP(AP$1,Monitoring_MP!$AM$1:$CX$57,Points_MP!$C2,FALSE)=$X2,$AK2,"ERROR"))))))))) -> 1 | AQ2: =IF(ISBLANK(HLOOKUP(AQ$1,Monitoring_MP!$AM$1:$CX$57,Points_MP!$C2,FALSE)),"",IF(HLOOKUP(AQ$1,Monitoring_MP!$AM$1:$CX$57,Points_MP!$C2,FALSE)=$J2,$AD2,IF(HLOOKUP(AQ$1,Monitoring_MP!$AM$1:$CX$57,Points_MP!$C2,FALSE)=$L2,$AE2,IF(HLOOKUP(AQ$1,Monitoring_MP!$AM$1:$CX$57,Points_MP!$C2,FALSE)=$N2,$AF2,IF(HLOOKUP(AQ$1,Monitoring_MP!$AM$1:$CX$57,Points_MP!$C2,FALSE)=$P2,$AG2,IF(HLOOKUP(AQ$1,Monitoring_MP!$AM$1:$CX$57,Points_MP!$C2,FALSE)=$R2,$AH2,IF(HLOOKUP(AQ$1,Monitoring_MP!$AM$1:$CX$57,Points_MP!$C2,FALSE)=$T2,$AI2,IF(HLOOKUP(AQ$1,Monitoring_MP!$AM$1:$CX$57,Points_MP!$C2,FALSE)=$V2,$AJ2,IF(HLOOKUP(AQ$1,Monitoring_MP!$AM$1:$CX$57,Points_MP!$C2,FALSE)=$X2,$AK2,"ERROR"))))))))) -> 0.5 | AR2: =IF(ISBLANK(HLOOKUP(AR$1,Monitoring_MP!$AM$1:$CX$57,Points_MP!$C2,FALSE)),"",IF(HLOOKUP(AR$1,Monitoring_MP!$AM$1:$CX$57,Points_MP!$C2,FALSE)=$J2,$AD2,IF(HLOOKUP(AR$1,Monitoring_MP!$AM$1:$CX$57,Points_MP!$C2,FALSE)=$L2,$AE2,IF(HLOOKUP(AR$1,Monitoring_MP!$AM$1:$CX$57,Points_MP!$C2,FALSE)=$N2,$AF2,IF(HLOOKUP(AR$1,Monitoring_MP!$AM$1:$CX$57,Points_MP!$C2,FALSE)=$P2,$AG2,IF(HLOOKUP(AR$1,Monitoring_MP!$AM$1:$CX$57,Points_MP!$C2,FALSE)=$R2,$AH2,IF(HLOOKUP(AR$1,Monitoring_MP!$AM$1:$CX$57,Points_MP!$C2,FALSE)=$T2,$AI2,IF(HLOOKUP(AR$1,Monitoring_MP!$AM$1:$CX$57,Points_MP!$C2,FALSE)=$V2,$AJ2,IF(HLOOKUP(AR$1,Monitoring_MP!$AM$1:$CX$57,Points_MP!$C2,FALSE)=$X2,$AK2,"ERROR"))))))))) -> 0 | AS2: =IF(ISBLANK(HLOOKUP(AS$1,Monitoring_MP!$AM$1:$CX$57,Points_MP!$C2,FALSE)),"",IF(HLOOKUP(AS$1,Monitoring_MP!$AM$1:$CX$57,Points_MP!$C2,FALSE)=$J2,$AD2,IF(HLOOKUP(AS$1,Monitoring_MP!$AM$1:$CX$57,Points_MP!$C2,FALSE)=$L2,$AE2,IF(HLOOKUP(AS$1,Monitoring_MP!$AM$1:$CX$57,Points_MP!$C2,FALSE)=$N2,$AF2,IF(HLOOKUP(AS$1,Monitoring_MP!$AM$1:$CX$57,Points_MP!$C2,FALSE)=$P2,$AG2,IF(HLOOKUP(AS$1,Monitoring_MP!$AM$1:$CX$57,Points_MP!$C2,FALSE)=$R2,$AH2,IF(HLOOKUP(AS$1,Monitoring_MP!$AM$1:$CX$57,Points_MP!$C2,FALSE)=$T2,$AI2,IF(HLOOKUP(AS$1,Monitoring_MP!$AM$1:$CX$57,Points_MP!$C2,FALSE)=$V2,$AJ2,IF(HLOOKUP(AS$1,Monitoring_MP!$AM$1:$CX$57,Points_MP!$C2,FALSE)=$X2,$AK2,"ERROR"))))))))) -> 1 | AT2: =IF(ISBLANK(HLOOKUP(AT$1,Monitoring_MP!$AM$1:$CX$57,Points_MP!$C2,FALSE)),"",IF(HLOOKUP(AT$1,Monitoring_MP!$AM$1:$CX$57,Points_MP!$C2,FALSE)=$J2,$AD2,IF(HLOOKUP(AT$1,Monitoring_MP!$AM$1:$CX$57,Points_MP!$C2,FALSE)=$L2,$AE2,IF(HLOOKUP(AT$1,Monitoring_MP!$AM$1:$CX$57,Points_MP!$C2,FALSE)=$N2,$AF2,IF(HLOOKUP(AT$1,Monitoring_MP!$AM$1:$CX$57,Points_MP!$C2,FALSE)=$P2,$AG2,IF(HLOOKUP(AT$1,Monitoring_MP!$AM$1:$CX$57,Points_MP!$C2,FALSE)=$R2,$AH2,IF(HLOOKUP(AT$1,Monitoring_MP!$AM$1:$CX$57,Points_MP!$C2,FALSE)=$T2,$AI2,IF(HLOOKUP(AT$1,Monitoring_MP!$AM$1:$CX$57,Points_MP!$C2,FALSE)=$V2,$AJ2,IF(HLOOKUP(AT$1,Monitoring_MP!$AM$1:$CX$57,Points_MP!$C2,FALSE)=$X2,$AK2,"ERROR"))))))))) -> 1 | ... BR2: =IF(ISBLANK(HLOOKUP(BR$1,Monitoring_MP!$AM$1:$CX$57,Points_MP!$C2,FALSE)),"",IF(HLOOKUP(BR$1,Monitoring_MP!$AM$1:$CX$57,Points_MP!$C2,FALSE)=$J2,$AD2,IF(HLOOKUP(BR$1,Monitoring_MP!$AM$1:$CX$57,Points_MP!$C2,FALSE)=$L2,$AE2,IF(HLOOKUP(BR$1,Monitoring_MP!$AM$1:$CX$57,Points_MP!$C2,FALSE)=$N2,$AF2,IF(HLOOKUP(BR$1,Monitoring_MP!$AM$1:$CX$57,Points_MP!$C2,FALSE)=$P2,$AG2,IF(HLOOKUP(BR$1,Monitoring_MP!$AM$1:$CX$57,Points_MP!$C2,FALSE)=$R2,$AH2,IF(HLOOKUP(BR$1,Monitoring_MP!$AM$1:$CX$57,Points_MP!$C2,FALSE)=$T2,$AI2,IF(HLOOKUP(BR$1,Monitoring_MP!$AM$1:$CX$57,Points_MP!$C2,FALSE)=$V2,$AJ2,IF(HLOOKUP(BR$1,Monitoring_MP!$AM$1:$CX$57,Points_MP!$C2,FALSE)=$X2,$AK2,"ERROR"))))))))) -> 1
A3: =IF(ISBLANK(Monitoring_MP!A3),"",Monitoring_MP!A3) -> Q2 | B3: =IF(ISBLANK(Monitoring_MP!B3),"",Monitoring_MP!B3) -> R20002 | C3: =IF(ISBLANK(Monitoring_MP!C3),"",Monitoring_MP!C3) -> 3 | D3: =IF(ISBLANK(Monitoring_MP!D3),"",Monitoring_MP!D3) -> Pagina web conține informații privind datele de contact și programul de lucru al președintelui, vicepreședinților, aparatul președintelui, subdiviziunile consiliului raional și secretarul consiliului raional, cu indicarea zilelor şi orelor de audienţă a președintelui și vicepreședinților? | E3: =IF(ISBLANK(Monitoring_MP!E3),"",Monitoring_MP!E3) -> The web page contains information on contact details and work program of the President, Vice-Presidents and President of the region, including days and hours of district's President and Vice President audience? | F3: =IF(ISBLANK(Monitoring_MP!F3),"",Monitoring_MP!F3) -> acc | G3: =IF(ISBLANK(Monitoring_MP!G3),"",Monitoring_MP!G3) -> acc2 | H3: =IF(ISBLANK(Monitoring_MP!H3),"",Monitoring_MP!H3) -> acc2k | ... AL3: =IF(ISBLANK(Monitoring_MP!AL3),"",Monitoring_MP!AL3) -> --- | AM3: =IF(ISBLANK(HLOOKUP(AM$1,Monitoring_MP!$AM$1:$CX$57,Points_MP!$C3,FALSE)),"",IF(HLOOKUP(AM$1,Monitoring_MP!$AM$1:$CX$57,Points_MP!$C3,FALSE)=$J3,$AD3,IF(HLOOKUP(AM$1,Monitoring_MP!$AM$1:$CX$57,Points_MP!$C3,FALSE)=$L3,$AE3,IF(HLOOKUP(AM$1,Monitoring_MP!$AM$1:$CX$57,Points_MP!$C3,FALSE)=$N3,$AF3,IF(HLOOKUP(AM$1,Monitoring_MP!$AM$1:$CX$57,Points_MP!$C3,FALSE)=$P3,$AG3,IF(HLOOKUP(AM$1,Monitoring_MP!$AM$1:$CX$57,Points_MP!$C3,FALSE)=$R3,$AH3,IF(HLOOKUP(AM$1,Monitoring_MP!$AM$1:$CX$57,Points_MP!$C3,FALSE)=$T3,$AI3,IF(HLOOKUP(AM$1,Monitoring_MP!$AM$1:$CX$57,Points_MP!$C3,FALSE)=$V3,$AJ3,IF(HLOOKUP(AM$1,Monitoring_MP!$AM$1:$CX$57,Points_MP!$C3,FALSE)=$X3,$AK3,"ERROR"))))))))) -> 0.5 | AN3: =IF(ISBLANK(HLOOKUP(AN$1,Monitoring_MP!$AM$1:$CX$57,Points_MP!$C3,FALSE)),"",IF(HLOOKUP(AN$1,Monitoring_MP!$AM$1:$CX$57,Points_MP!$C3,FALSE)=$J3,$AD3,IF(HLOOKUP(AN$1,Monitoring_MP!$AM$1:$CX$57,Points_MP!$C3,FALSE)=$L3,$AE3,IF(HLOOKUP(AN$1,Monitoring_MP!$AM$1:$CX$57,Points_MP!$C3,FALSE)=$N3,$AF3,IF(HLOOKUP(AN$1,Monitoring_MP!$AM$1:$CX$57,Points_MP!$C3,FALSE)=$P3,$AG3,IF(HLOOKUP(AN$1,Monitoring_MP!$AM$1:$CX$57,Points_MP!$C3,FALSE)=$R3,$AH3,IF(HLOOKUP(AN$1,Monitoring_MP!$AM$1:$CX$57,Points_MP!$C3,FALSE)=$T3,$AI3,IF(HLOOKUP(AN$1,Monitoring_MP!$AM$1:$CX$57,Points_MP!$C3,FALSE)=$V3,$AJ3,IF(HLOOKUP(AN$1,Monitoring_MP!$AM$1:$CX$57,Points_MP!$C3,FALSE)=$X3,$AK3,"ERROR"))))))))) -> 1 | AO3: =IF(ISBLANK(HLOOKUP(AO$1,Monitoring_MP!$AM$1:$CX$57,Points_MP!$C3,FALSE)),"",IF(HLOOKUP(AO$1,Monitoring_MP!$AM$1:$CX$57,Points_MP!$C3,FALSE)=$J3,$AD3,IF(HLOOKUP(AO$1,Monitoring_MP!$AM$1:$CX$57,Points_MP!$C3,FALSE)=$L3,$AE3,IF(HLOOKUP(AO$1,Monitoring_MP!$AM$1:$CX$57,Points_MP!$C3,FALSE)=$N3,$AF3,IF(HLOOKUP(AO$1,Monitoring_MP!$AM$1:$CX$57,Points_MP!$C3,FALSE)=$P3,$AG3,IF(HLOOKUP(AO$1,Monitoring_MP!$AM$1:$CX$57,Points_MP!$C3,FALSE)=$R3,$AH3,IF(HLOOKUP(AO$1,Monitoring_MP!$AM$1:$CX$57,Points_MP!$C3,FALSE)=$T3,$AI3,IF(HLOOKUP(AO$1,Monitoring_MP!$AM$1:$CX$57,Points_MP!$C3,FALSE)=$V3,$AJ3,IF(HLOOKUP(AO$1,Monitoring_MP!$AM$1:$CX$57,Points_MP!$C3,FALSE)=$X3,$AK3,"ERROR"))))))))) -> 1 | AP3: =IF(ISBLANK(HLOOKUP(AP$1,Monitoring_MP!$AM$1:$CX$57,Points_MP!$C3,FALSE)),"",IF(HLOOKUP(AP$1,Monitoring_MP!$AM$1:$CX$57,Points_MP!$C3,FALSE)=$J3,$AD3,IF(HLOOKUP(AP$1,Monitoring_MP!$AM$1:$CX$57,Points_MP!$C3,FALSE)=$L3,$AE3,IF(HLOOKUP(AP$1,Monitoring_MP!$AM$1:$CX$57,Points_MP!$C3,FALSE)=$N3,$AF3,IF(HLOOKUP(AP$1,Monitoring_MP!$AM$1:$CX$57,Points_MP!$C3,FALSE)=$P3,$AG3,IF(HLOOKUP(AP$1,Monitoring_MP!$AM$1:$CX$57,Points_MP!$C3,FALSE)=$R3,$AH3,IF(HLOOKUP(AP$1,Monitoring_MP!$AM$1:$CX$57,Points_MP!$C3,FALSE)=$T3,$AI3,IF(HLOOKUP(AP$1,Monitoring_MP!$AM$1:$CX$57,Points_MP!$C3,FALSE)=$V3,$AJ3,IF(HLOOKUP(AP$1,Monitoring_MP!$AM$1:$CX$57,Points_MP!$C3,FALSE)=$X3,$AK3,"ERROR"))))))))) -> 0.5 | AQ3: =IF(ISBLANK(HLOOKUP(AQ$1,Monitoring_MP!$AM$1:$CX$57,Points_MP!$C3,FALSE)),"",IF(HLOOKUP(AQ$1,Monitoring_MP!$AM$1:$CX$57,Points_MP!$C3,FALSE)=$J3,$AD3,IF(HLOOKUP(AQ$1,Monitoring_MP!$AM$1:$CX$57,Points_MP!$C3,FALSE)=$L3,$AE3,IF(HLOOKUP(AQ$1,Monitoring_MP!$AM$1:$CX$57,Points_MP!$C3,FALSE)=$N3,$AF3,IF(HLOOKUP(AQ$1,Monitoring_MP!$AM$1:$CX$57,Points_MP!$C3,FALSE)=$P3,$AG3,IF(HLOOKUP(AQ$1,Monitoring_MP!$AM$1:$CX$57,Points_MP!$C3,FALSE)=$R3,$AH3,IF(HLOOKUP(AQ$1,Monitoring_MP!$AM$1:$CX$57,Points_MP!$C3,FALSE)=$T3,$AI3,IF(HLOOKUP(AQ$1,Monitoring_MP!$AM$1:$CX$57,Points_MP!$C3,FALSE)=$V3,$AJ3,IF(HLOOKUP(AQ$1,Monitoring_MP!$AM$1:$CX$57,Points_MP!$C3,FALSE)=$X3,$AK3,"ERROR"))))))))) -> 0.5 | AR3: =IF(ISBLANK(HLOOKUP(AR$1,Monitoring_MP!$AM$1:$CX$57,Points_MP!$C3,FALSE)),"",IF(HLOOKUP(AR$1,Monitoring_MP!$AM$1:$CX$57,Points_MP!$C3,FALSE)=$J3,$AD3,IF(HLOOKUP(AR$1,Monitoring_MP!$AM$1:$CX$57,Points_MP!$C3,FALSE)=$L3,$AE3,IF(HLOOKUP(AR$1,Monitoring_MP!$AM$1:$CX$57,Points_MP!$C3,FALSE)=$N3,$AF3,IF(HLOOKUP(AR$1,Monitoring_MP!$AM$1:$CX$57,Points_MP!$C3,FALSE)=$P3,$AG3,IF(HLOOKUP(AR$1,Monitoring_MP!$AM$1:$CX$57,Points_MP!$C3,FALSE)=$R3,$AH3,IF(HLOOKUP(AR$1,Monitoring_MP!$AM$1:$CX$57,Points_MP!$C3,FALSE)=$T3,$AI3,IF(HLOOKUP(AR$1,Monitoring_MP!$AM$1:$CX$57,Points_MP!$C3,FALSE)=$V3,$AJ3,IF(HLOOKUP(AR$1,Monitoring_MP!$AM$1:$CX$57,Points_MP!$C3,FALSE)=$X3,$AK3,"ERROR"))))))))) -> 0.5 | AS3: =IF(ISBLANK(HLOOKUP(AS$1,Monitoring_MP!$AM$1:$CX$57,Points_MP!$C3,FALSE)),"",IF(HLOOKUP(AS$1,Monitoring_MP!$AM$1:$CX$57,Points_MP!$C3,FALSE)=$J3,$AD3,IF(HLOOKUP(AS$1,Monitoring_MP!$AM$1:$CX$57,Points_MP!$C3,FALSE)=$L3,$AE3,IF(HLOOKUP(AS$1,Monitoring_MP!$AM$1:$CX$57,Points_MP!$C3,FALSE)=$N3,$AF3,IF(HLOOKUP(AS$1,Monitoring_MP!$AM$1:$CX$57,Points_MP!$C3,FALSE)=$P3,$AG3,IF(HLOOKUP(AS$1,Monitoring_MP!$AM$1:$CX$57,Points_MP!$C3,FALSE)=$R3,$AH3,IF(HLOOKUP(AS$1,Monitoring_MP!$AM$1:$CX$57,Points_MP!$C3,FALSE)=$T3,$AI3,IF(HLOOKUP(AS$1,Monitoring_MP!$AM$1:$CX$57,Points_MP!$C3,FALSE)=$V3,$AJ3,IF(HLOOKUP(AS$1,Monitoring_MP!$AM$1:$CX$57,Points_MP!$C3,FALSE)=$X3,$AK3,"ERROR"))))))))) -> 0.5 | AT3: =IF(ISBLANK(HLOOKUP(AT$1,Monitoring_MP!$AM$1:$CX$57,Points_MP!$C3,FALSE)),"",IF(HLOOKUP(AT$1,Monitoring_MP!$AM$1:$CX$57,Points_MP!$C3,FALSE)=$J3,$AD3,IF(HLOOKUP(AT$1,Monitoring_MP!$AM$1:$CX$57,Points_MP!$C3,FALSE)=$L3,$AE3,IF(HLOOKUP(AT$1,Monitoring_MP!$AM$1:$CX$57,Points_MP!$C3,FALSE)=$N3,$AF3,IF(HLOOKUP(AT$1,Monitoring_MP!$AM$1:$CX$57,Points_MP!$C3,FALSE)=$P3,$AG3,IF(HLOOKUP(AT$1,Monitoring_MP!$AM$1:$CX$57,Points_MP!$C3,FALSE)=$R3,$AH3,IF(HLOOKUP(AT$1,Monitoring_MP!$AM$1:$CX$57,Points_MP!$C3,FALSE)=$T3,$AI3,IF(HLOOKUP(AT$1,Monitoring_MP!$AM$1:$CX$57,Points_MP!$C3,FALSE)=$V3,$AJ3,IF(HLOOKUP(AT$1,Monitoring_MP!$AM$1:$CX$57,Points_MP!$C3,FALSE)=$X3,$AK3,"ERROR"))))))))) -> 1 | ... BR3: =IF(ISBLANK(HLOOKUP(BR$1,Monitoring_MP!$AM$1:$CX$57,Points_MP!$C3,FALSE)),"",IF(HLOOKUP(BR$1,Monitoring_MP!$AM$1:$CX$57,Points_MP!$C3,FALSE)=$J3,$AD3,IF(HLOOKUP(BR$1,Monitoring_MP!$AM$1:$CX$57,Points_MP!$C3,FALSE)=$L3,$AE3,IF(HLOOKUP(BR$1,Monitoring_MP!$AM$1:$CX$57,Points_MP!$C3,FALSE)=$N3,$AF3,IF(HLOOKUP(BR$1,Monitoring_MP!$AM$1:$CX$57,Points_MP!$C3,FALSE)=$P3,$AG3,IF(HLOOKUP(BR$1,Monitoring_MP!$AM$1:$CX$57,Points_MP!$C3,FALSE)=$R3,$AH3,IF(HLOOKUP(BR$1,Monitoring_MP!$AM$1:$CX$57,Points_MP!$C3,FALSE)=$T3,$AI3,IF(HLOOKUP(BR$1,Monitoring_MP!$AM$1:$CX$57,Points_MP!$C3,FALSE)=$V3,$AJ3,IF(HLOOKUP(BR$1,Monitoring_MP!$AM$1:$CX$57,Points_MP!$C3,FALSE)=$X3,$AK3,"ERROR"))))))))) -> 1
A4: =IF(ISBLANK(Monitoring_MP!A4),"",Monitoring_MP!A4) -> Q3 | B4: =IF(ISBLANK(Monitoring_MP!B4),"",Monitoring_MP!B4) -> R20003 | C4: =IF(ISBLANK(Monitoring_MP!C4),"",Monitoring_MP!C4) -> 4 | D4: =IF(ISBLANK(Monitoring_MP!D4),"",Monitoring_MP!D4) -> Este disponibilă pe pagina web lista instituțiilor raionale înființate de unitatea administrativ-teritorială și lista serviciilor desconcentrate ce activează în unitatea administrativ-teritorială, informații privind adresa și datele de contact? | E4: =IF(ISBLANK(Monitoring_MP!E4),"",Monitoring_MP!E4) -> Is it available on the website the list of institutions established by the district administrative-territorial unit, the list of decentralized services operating in territorial-administrative unit, address information and contact details available on the website? | F4: =IF(ISBLANK(Monitoring_MP!F4),"",Monitoring_MP!F4) -> acc | G4: =IF(ISBLANK(Monitoring_MP!G4),"",Monitoring_MP!G4) -> acc3 | H4: =IF(ISBLANK(Monitoring_MP!H4),"",Monitoring_MP!H4) -> acc3k | ... AL4: =IF(ISBLANK(Monitoring_MP!AL4),"",Monitoring_MP!AL4) -> --- | AM4: =IF(ISBLANK(HLOOKUP(AM$1,Monitoring_MP!$AM$1:$CX$57,Points_MP!$C4,FALSE)),"",IF(HLOOKUP(AM$1,Monitoring_MP!$AM$1:$CX$57,Points_MP!$C4,FALSE)=$J4,$AD4,IF(HLOOKUP(AM$1,Monitoring_MP!$AM$1:$CX$57,Points_MP!$C4,FALSE)=$L4,$AE4,IF(HLOOKUP(AM$1,Monitoring_MP!$AM$1:$CX$57,Points_MP!$C4,FALSE)=$N4,$AF4,IF(HLOOKUP(AM$1,Monitoring_MP!$AM$1:$CX$57,Points_MP!$C4,FALSE)=$P4,$AG4,IF(HLOOKUP(AM$1,Monitoring_MP!$AM$1:$CX$57,Points_MP!$C4,FALSE)=$R4,$AH4,IF(HLOOKUP(AM$1,Monitoring_MP!$AM$1:$CX$57,Points_MP!$C4,FALSE)=$T4,$AI4,IF(HLOOKUP(AM$1,Monitoring_MP!$AM$1:$CX$57,Points_MP!$C4,FALSE)=$V4,$AJ4,IF(HLOOKUP(AM$1,Monitoring_MP!$AM$1:$CX$57,Points_MP!$C4,FALSE)=$X4,$AK4,"ERROR"))))))))) -> 0.5 | AN4: =IF(ISBLANK(HLOOKUP(AN$1,Monitoring_MP!$AM$1:$CX$57,Points_MP!$C4,FALSE)),"",IF(HLOOKUP(AN$1,Monitoring_MP!$AM$1:$CX$57,Points_MP!$C4,FALSE)=$J4,$AD4,IF(HLOOKUP(AN$1,Monitoring_MP!$AM$1:$CX$57,Points_MP!$C4,FALSE)=$L4,$AE4,IF(HLOOKUP(AN$1,Monitoring_MP!$AM$1:$CX$57,Points_MP!$C4,FALSE)=$N4,$AF4,IF(HLOOKUP(AN$1,Monitoring_MP!$AM$1:$CX$57,Points_MP!$C4,FALSE)=$P4,$AG4,IF(HLOOKUP(AN$1,Monitoring_MP!$AM$1:$CX$57,Points_MP!$C4,FALSE)=$R4,$AH4,IF(HLOOKUP(AN$1,Monitoring_MP!$AM$1:$CX$57,Points_MP!$C4,FALSE)=$T4,$AI4,IF(HLOOKUP(AN$1,Monitoring_MP!$AM$1:$CX$57,Points_MP!$C4,FALSE)=$V4,$AJ4,IF(HLOOKUP(AN$1,Monitoring_MP!$AM$1:$CX$57,Points_MP!$C4,FALSE)=$X4,$AK4,"ERROR"))))))))) -> 1 | AO4: =IF(ISBLANK(HLOOKUP(AO$1,Monitoring_MP!$AM$1:$CX$57,Points_MP!$C4,FALSE)),"",IF(HLOOKUP(AO$1,Monitoring_MP!$AM$1:$CX$57,Points_MP!$C4,FALSE)=$J4,$AD4,IF(HLOOKUP(AO$1,Monitoring_MP!$AM$1:$CX$57,Points_MP!$C4,FALSE)=$L4,$AE4,IF(HLOOKUP(AO$1,Monitoring_MP!$AM$1:$CX$57,Points_MP!$C4,FALSE)=$N4,$AF4,IF(HLOOKUP(AO$1,Monitoring_MP!$AM$1:$CX$57,Points_MP!$C4,FALSE)=$P4,$AG4,IF(HLOOKUP(AO$1,Monitoring_MP!$AM$1:$CX$57,Points_MP!$C4,FALSE)=$R4,$AH4,IF(HLOOKUP(AO$1,Monitoring_MP!$AM$1:$CX$57,Points_MP!$C4,FALSE)=$T4,$AI4,IF(HLOOKUP(AO$1,Monitoring_MP!$AM$1:$CX$57,Points_MP!$C4,FALSE)=$V4,$AJ4,IF(HLOOKUP(AO$1,Monitoring_MP!$AM$1:$CX$57,Points_MP!$C4,FALSE)=$X4,$AK4,"ERROR"))))))))) -> 0 | AP4: =IF(ISBLANK(HLOOKUP(AP$1,Monitoring_MP!$AM$1:$CX$57,Points_MP!$C4,FALSE)),"",IF(HLOOKUP(AP$1,Monitoring_MP!$AM$1:$CX$57,Points_MP!$C4,FALSE)=$J4,$AD4,IF(HLOOKUP(AP$1,Monitoring_MP!$AM$1:$CX$57,Points_MP!$C4,FALSE)=$L4,$AE4,IF(HLOOKUP(AP$1,Monitoring_MP!$AM$1:$CX$57,Points_MP!$C4,FALSE)=$N4,$AF4,IF(HLOOKUP(AP$1,Monitoring_MP!$AM$1:$CX$57,Points_MP!$C4,FALSE)=$P4,$AG4,IF(HLOOKUP(AP$1,Monitoring_MP!$AM$1:$CX$57,Points_MP!$C4,FALSE)=$R4,$AH4,IF(HLOOKUP(AP$1,Monitoring_MP!$AM$1:$CX$57,Points_MP!$C4,FALSE)=$T4,$AI4,IF(HLOOKUP(AP$1,Monitoring_MP!$AM$1:$CX$57,Points_MP!$C4,FALSE)=$V4,$AJ4,IF(HLOOKUP(AP$1,Monitoring_MP!$AM$1:$CX$57,Points_MP!$C4,FALSE)=$X4,$AK4,"ERROR"))))))))) -> 0 | AQ4: =IF(ISBLANK(HLOOKUP(AQ$1,Monitoring_MP!$AM$1:$CX$57,Points_MP!$C4,FALSE)),"",IF(HLOOKUP(AQ$1,Monitoring_MP!$AM$1:$CX$57,Points_MP!$C4,FALSE)=$J4,$AD4,IF(HLOOKUP(AQ$1,Monitoring_MP!$AM$1:$CX$57,Points_MP!$C4,FALSE)=$L4,$AE4,IF(HLOOKUP(AQ$1,Monitoring_MP!$AM$1:$CX$57,Points_MP!$C4,FALSE)=$N4,$AF4,IF(HLOOKUP(AQ$1,Monitoring_MP!$AM$1:$CX$57,Points_MP!$C4,FALSE)=$P4,$AG4,IF(HLOOKUP(AQ$1,Monitoring_MP!$AM$1:$CX$57,Points_MP!$C4,FALSE)=$R4,$AH4,IF(HLOOKUP(AQ$1,Monitoring_MP!$AM$1:$CX$57,Points_MP!$C4,FALSE)=$T4,$AI4,IF(HLOOKUP(AQ$1,Monitoring_MP!$AM$1:$CX$57,Points_MP!$C4,FALSE)=$V4,$AJ4,IF(HLOOKUP(AQ$1,Monitoring_MP!$AM$1:$CX$57,Points_MP!$C4,FALSE)=$X4,$AK4,"ERROR"))))))))) -> 0 | AR4: =IF(ISBLANK(HLOOKUP(AR$1,Monitoring_MP!$AM$1:$CX$57,Points_MP!$C4,FALSE)),"",IF(HLOOKUP(AR$1,Monitoring_MP!$AM$1:$CX$57,Points_MP!$C4,FALSE)=$J4,$AD4,IF(HLOOKUP(AR$1,Monitoring_MP!$AM$1:$CX$57,Points_MP!$C4,FALSE)=$L4,$AE4,IF(HLOOKUP(AR$1,Monitoring_MP!$AM$1:$CX$57,Points_MP!$C4,FALSE)=$N4,$AF4,IF(HLOOKUP(AR$1,Monitoring_MP!$AM$1:$CX$57,Points_MP!$C4,FALSE)=$P4,$AG4,IF(HLOOKUP(AR$1,Monitoring_MP!$AM$1:$CX$57,Points_MP!$C4,FALSE)=$R4,$AH4,IF(HLOOKUP(AR$1,Monitoring_MP!$AM$1:$CX$57,Points_MP!$C4,FALSE)=$T4,$AI4,IF(HLOOKUP(AR$1,Monitoring_MP!$AM$1:$CX$57,Points_MP!$C4,FALSE)=$V4,$AJ4,IF(HLOOKUP(AR$1,Monitoring_MP!$AM$1:$CX$57,Points_MP!$C4,FALSE)=$X4,$AK4,"ERROR"))))))))) -> 0.5 | AS4: =IF(ISBLANK(HLOOKUP(AS$1,Monitoring_MP!$AM$1:$CX$57,Points_MP!$C4,FALSE)),"",IF(HLOOKUP(AS$1,Monitoring_MP!$AM$1:$CX$57,Points_MP!$C4,FALSE)=$J4,$AD4,IF(HLOOKUP(AS$1,Monitoring_MP!$AM$1:$CX$57,Points_MP!$C4,FALSE)=$L4,$AE4,IF(HLOOKUP(AS$1,Monitoring_MP!$AM$1:$CX$57,Points_MP!$C4,FALSE)=$N4,$AF4,IF(HLOOKUP(AS$1,Monitoring_MP!$AM$1:$CX$57,Points_MP!$C4,FALSE)=$P4,$AG4,IF(HLOOKUP(AS$1,Monitoring_MP!$AM$1:$CX$57,Points_MP!$C4,FALSE)=$R4,$AH4,IF(HLOOKUP(AS$1,Monitoring_MP!$AM$1:$CX$57,Points_MP!$C4,FALSE)=$T4,$AI4,IF(HLOOKUP(AS$1,Monitoring_MP!$AM$1:$CX$57,Points_MP!$C4,FALSE)=$V4,$AJ4,IF(HLOOKUP(AS$1,Monitoring_MP!$AM$1:$CX$57,Points_MP!$C4,FALSE)=$X4,$AK4,"ERROR"))))))))) -> 0 | AT4: =IF(ISBLANK(HLOOKUP(AT$1,Monitoring_MP!$AM$1:$CX$57,Points_MP!$C4,FALSE)),"",IF(HLOOKUP(AT$1,Monitoring_MP!$AM$1:$CX$57,Points_MP!$C4,FALSE)=$J4,$AD4,IF(HLOOKUP(AT$1,Monitoring_MP!$AM$1:$CX$57,Points_MP!$C4,FALSE)=$L4,$AE4,IF(HLOOKUP(AT$1,Monitoring_MP!$AM$1:$CX$57,Points_MP!$C4,FALSE)=$N4,$AF4,IF(HLOOKUP(AT$1,Monitoring_MP!$AM$1:$CX$57,Points_MP!$C4,FALSE)=$P4,$AG4,IF(HLOOKUP(AT$1,Monitoring_MP!$AM$1:$CX$57,Points_MP!$C4,FALSE)=$R4,$AH4,IF(HLOOKUP(AT$1,Monitoring_MP!$AM$1:$CX$57,Points_MP!$C4,FALSE)=$T4,$AI4,IF(HLOOKUP(AT$1,Monitoring_MP!$AM$1:$CX$57,Points_MP!$C4,FALSE)=$V4,$AJ4,IF(HLOOKUP(AT$1,Monitoring_MP!$AM$1:$CX$57,Points_MP!$C4,FALSE)=$X4,$AK4,"ERROR"))))))))) -> 0.5 | ... BR4: =IF(ISBLANK(HLOOKUP(BR$1,Monitoring_MP!$AM$1:$CX$57,Points_MP!$C4,FALSE)),"",IF(HLOOKUP(BR$1,Monitoring_MP!$AM$1:$CX$57,Points_MP!$C4,FALSE)=$J4,$AD4,IF(HLOOKUP(BR$1,Monitoring_MP!$AM$1:$CX$57,Points_MP!$C4,FALSE)=$L4,$AE4,IF(HLOOKUP(BR$1,Monitoring_MP!$AM$1:$CX$57,Points_MP!$C4,FALSE)=$N4,$AF4,IF(HLOOKUP(BR$1,Monitoring_MP!$AM$1:$CX$57,Points_MP!$C4,FALSE)=$P4,$AG4,IF(HLOOKUP(BR$1,Monitoring_MP!$AM$1:$CX$57,Points_MP!$C4,FALSE)=$R4,$AH4,IF(HLOOKUP(BR$1,Monitoring_MP!$AM$1:$CX$57,Points_MP!$C4,FALSE)=$T4,$AI4,IF(HLOOKUP(BR$1,Monitoring_MP!$AM$1:$CX$57,Points_MP!$C4,FALSE)=$V4,$AJ4,IF(HLOOKUP(BR$1,Monitoring_MP!$AM$1:$CX$57,Points_MP!$C4,FALSE)=$X4,$AK4,"ERROR"))))))))) -> 1
A5: =IF(ISBLANK(Monitoring_MP!A5),"",Monitoring_MP!A5) -> Q4 | B5: =IF(ISBLANK(Monitoring_MP!B5),"",Monitoring_MP!B5) -> R20004 | C5: =IF(ISBLANK(Monitoring_MP!C5),"",Monitoring_MP!C5) -> 5 | D5: =IF(ISBLANK(Monitoring_MP!D5),"",Monitoring_MP!D5) -> Sunt disponibile pe site-ul oficial numele, date de contact și afilierea politică a consilierilor raionali ? | E5: =IF(ISBLANK(Monitoring_MP!E5),"",Monitoring_MP!E5) -> Are the names and political affiliation of councilors available on the web-site? | F5: =IF(ISBLANK(Monitoring_MP!F5),"",Monitoring_MP!F5) -> acc | G5: =IF(ISBLANK(Monitoring_MP!G5),"",Monitoring_MP!G5) -> acc4 | H5: =IF(ISBLANK(Monitoring_MP!H5),"",Monitoring_MP!H5) -> acc4k | ... AL5: =IF(ISBLANK(Monitoring_MP!AL5),"",Monitoring_MP!AL5) -> --- | AM5: =IF(ISBLANK(HLOOKUP(AM$1,Monitoring_MP!$AM$1:$CX$57,Points_MP!$C5,FALSE)),"",IF(HLOOKUP(AM$1,Monitoring_MP!$AM$1:$CX$57,Points_MP!$C5,FALSE)=$J5,$AD5,IF(HLOOKUP(AM$1,Monitoring_MP!$AM$1:$CX$57,Points_MP!$C5,FALSE)=$L5,$AE5,IF(HLOOKUP(AM$1,Monitoring_MP!$AM$1:$CX$57,Points_MP!$C5,FALSE)=$N5,$AF5,IF(HLOOKUP(AM$1,Monitoring_MP!$AM$1:$CX$57,Points_MP!$C5,FALSE)=$P5,$AG5,IF(HLOOKUP(AM$1,Monitoring_MP!$AM$1:$CX$57,Points_MP!$C5,FALSE)=$R5,$AH5,IF(HLOOKUP(AM$1,Monitoring_MP!$AM$1:$CX$57,Points_MP!$C5,FALSE)=$T5,$AI5,IF(HLOOKUP(AM$1,Monitoring_MP!$AM$1:$CX$57,Points_MP!$C5,FALSE)=$V5,$AJ5,IF(HLOOKUP(AM$1,Monitoring_MP!$AM$1:$CX$57,Points_MP!$C5,FALSE)=$X5,$AK5,"ERROR"))))))))) -> 0.5 | AN5: =IF(ISBLANK(HLOOKUP(AN$1,Monitoring_MP!$AM$1:$CX$57,Points_MP!$C5,FALSE)),"",IF(HLOOKUP(AN$1,Monitoring_MP!$AM$1:$CX$57,Points_MP!$C5,FALSE)=$J5,$AD5,IF(HLOOKUP(AN$1,Monitoring_MP!$AM$1:$CX$57,Points_MP!$C5,FALSE)=$L5,$AE5,IF(HLOOKUP(AN$1,Monitoring_MP!$AM$1:$CX$57,Points_MP!$C5,FALSE)=$N5,$AF5,IF(HLOOKUP(AN$1,Monitoring_MP!$AM$1:$CX$57,Points_MP!$C5,FALSE)=$P5,$AG5,IF(HLOOKUP(AN$1,Monitoring_MP!$AM$1:$CX$57,Points_MP!$C5,FALSE)=$R5,$AH5,IF(HLOOKUP(AN$1,Monitoring_MP!$AM$1:$CX$57,Points_MP!$C5,FALSE)=$T5,$AI5,IF(HLOOKUP(AN$1,Monitoring_MP!$AM$1:$CX$57,Points_MP!$C5,FALSE)=$V5,$AJ5,IF(HLOOKUP(AN$1,Monitoring_MP!$AM$1:$CX$57,Points_MP!$C5,FALSE)=$X5,$AK5,"ERROR"))))))))) -> 0.5 | AO5: =IF(ISBLANK(HLOOKUP(AO$1,Monitoring_MP!$AM$1:$CX$57,Points_MP!$C5,FALSE)),"",IF(HLOOKUP(AO$1,Monitoring_MP!$AM$1:$CX$57,Points_MP!$C5,FALSE)=$J5,$AD5,IF(HLOOKUP(AO$1,Monitoring_MP!$AM$1:$CX$57,Points_MP!$C5,FALSE)=$L5,$AE5,IF(HLOOKUP(AO$1,Monitoring_MP!$AM$1:$CX$57,Points_MP!$C5,FALSE)=$N5,$AF5,IF(HLOOKUP(AO$1,Monitoring_MP!$AM$1:$CX$57,Points_MP!$C5,FALSE)=$P5,$AG5,IF(HLOOKUP(AO$1,Monitoring_MP!$AM$1:$CX$57,Points_MP!$C5,FALSE)=$R5,$AH5,IF(HLOOKUP(AO$1,Monitoring_MP!$AM$1:$CX$57,Points_MP!$C5,FALSE)=$T5,$AI5,IF(HLOOKUP(AO$1,Monitoring_MP!$AM$1:$CX$57,Points_MP!$C5,FALSE)=$V5,$AJ5,IF(HLOOKUP(AO$1,Monitoring_MP!$AM$1:$CX$57,Points_MP!$C5,FALSE)=$X5,$AK5,"ERROR"))))))))) -> 0.5 | AP5: =IF(ISBLANK(HLOOKUP(AP$1,Monitoring_MP!$AM$1:$CX$57,Points_MP!$C5,FALSE)),"",IF(HLOOKUP(AP$1,Monitoring_MP!$AM$1:$CX$57,Points_MP!$C5,FALSE)=$J5,$AD5,IF(HLOOKUP(AP$1,Monitoring_MP!$AM$1:$CX$57,Points_MP!$C5,FALSE)=$L5,$AE5,IF(HLOOKUP(AP$1,Monitoring_MP!$AM$1:$CX$57,Points_MP!$C5,FALSE)=$N5,$AF5,IF(HLOOKUP(AP$1,Monitoring_MP!$AM$1:$CX$57,Points_MP!$C5,FALSE)=$P5,$AG5,IF(HLOOKUP(AP$1,Monitoring_MP!$AM$1:$CX$57,Points_MP!$C5,FALSE)=$R5,$AH5,IF(HLOOKUP(AP$1,Monitoring_MP!$AM$1:$CX$57,Points_MP!$C5,FALSE)=$T5,$AI5,IF(HLOOKUP(AP$1,Monitoring_MP!$AM$1:$CX$57,Points_MP!$C5,FALSE)=$V5,$AJ5,IF(HLOOKUP(AP$1,Monitoring_MP!$AM$1:$CX$57,Points_MP!$C5,FALSE)=$X5,$AK5,"ERROR"))))))))) -> 0.5 | AQ5: =IF(ISBLANK(HLOOKUP(AQ$1,Monitoring_MP!$AM$1:$CX$57,Points_MP!$C5,FALSE)),"",IF(HLOOKUP(AQ$1,Monitoring_MP!$AM$1:$CX$57,Points_MP!$C5,FALSE)=$J5,$AD5,IF(HLOOKUP(AQ$1,Monitoring_MP!$AM$1:$CX$57,Points_MP!$C5,FALSE)=$L5,$AE5,IF(HLOOKUP(AQ$1,Monitoring_MP!$AM$1:$CX$57,Points_MP!$C5,FALSE)=$N5,$AF5,IF(HLOOKUP(AQ$1,Monitoring_MP!$AM$1:$CX$57,Points_MP!$C5,FALSE)=$P5,$AG5,IF(HLOOKUP(AQ$1,Monitoring_MP!$AM$1:$CX$57,Points_MP!$C5,FALSE)=$R5,$AH5,IF(HLOOKUP(AQ$1,Monitoring_MP!$AM$1:$CX$57,Points_MP!$C5,FALSE)=$T5,$AI5,IF(HLOOKUP(AQ$1,Monitoring_MP!$AM$1:$CX$57,Points_MP!$C5,FALSE)=$V5,$AJ5,IF(HLOOKUP(AQ$1,Monitoring_MP!$AM$1:$CX$57,Points_MP!$C5,FALSE)=$X5,$AK5,"ERROR"))))))))) -> 0.5 | AR5: =IF(ISBLANK(HLOOKUP(AR$1,Monitoring_MP!$AM$1:$CX$57,Points_MP!$C5,FALSE)),"",IF(HLOOKUP(AR$1,Monitoring_MP!$AM$1:$CX$57,Points_MP!$C5,FALSE)=$J5,$AD5,IF(HLOOKUP(AR$1,Monitoring_MP!$AM$1:$CX$57,Points_MP!$C5,FALSE)=$L5,$AE5,IF(HLOOKUP(AR$1,Monitoring_MP!$AM$1:$CX$57,Points_MP!$C5,FALSE)=$N5,$AF5,IF(HLOOKUP(AR$1,Monitoring_MP!$AM$1:$CX$57,Points_MP!$C5,FALSE)=$P5,$AG5,IF(HLOOKUP(AR$1,Monitoring_MP!$AM$1:$CX$57,Points_MP!$C5,FALSE)=$R5,$AH5,IF(HLOOKUP(AR$1,Monitoring_MP!$AM$1:$CX$57,Points_MP!$C5,FALSE)=$T5,$AI5,IF(HLOOKUP(AR$1,Monitoring_MP!$AM$1:$CX$57,Points_MP!$C5,FALSE)=$V5,$AJ5,IF(HLOOKUP(AR$1,Monitoring_MP!$AM$1:$CX$57,Points_MP!$C5,FALSE)=$X5,$AK5,"ERROR"))))))))) -> 1 | AS5: =IF(ISBLANK(HLOOKUP(AS$1,Monitoring_MP!$AM$1:$CX$57,Points_MP!$C5,FALSE)),"",IF(HLOOKUP(AS$1,Monitoring_MP!$AM$1:$CX$57,Points_MP!$C5,FALSE)=$J5,$AD5,IF(HLOOKUP(AS$1,Monitoring_MP!$AM$1:$CX$57,Points_MP!$C5,FALSE)=$L5,$AE5,IF(HLOOKUP(AS$1,Monitoring_MP!$AM$1:$CX$57,Points_MP!$C5,FALSE)=$N5,$AF5,IF(HLOOKUP(AS$1,Monitoring_MP!$AM$1:$CX$57,Points_MP!$C5,FALSE)=$P5,$AG5,IF(HLOOKUP(AS$1,Monitoring_MP!$AM$1:$CX$57,Points_MP!$C5,FALSE)=$R5,$AH5,IF(HLOOKUP(AS$1,Monitoring_MP!$AM$1:$CX$57,Points_MP!$C5,FALSE)=$T5,$AI5,IF(HLOOKUP(AS$1,Monitoring_MP!$AM$1:$CX$57,Points_MP!$C5,FALSE)=$V5,$AJ5,IF(HLOOKUP(AS$1,Monitoring_MP!$AM$1:$CX$57,Points_MP!$C5,FALSE)=$X5,$AK5,"ERROR"))))))))) -> 0 | AT5: =IF(ISBLANK(HLOOKUP(AT$1,Monitoring_MP!$AM$1:$CX$57,Points_MP!$C5,FALSE)),"",IF(HLOOKUP(AT$1,Monitoring_MP!$AM$1:$CX$57,Points_MP!$C5,FALSE)=$J5,$AD5,IF(HLOOKUP(AT$1,Monitoring_MP!$AM$1:$CX$57,Points_MP!$C5,FALSE)=$L5,$AE5,IF(HLOOKUP(AT$1,Monitoring_MP!$AM$1:$CX$57,Points_MP!$C5,FALSE)=$N5,$AF5,IF(HLOOKUP(AT$1,Monitoring_MP!$AM$1:$CX$57,Points_MP!$C5,FALSE)=$P5,$AG5,IF(HLOOKUP(AT$1,Monitoring_MP!$AM$1:$CX$57,Points_MP!$C5,FALSE)=$R5,$AH5,IF(HLOOKUP(AT$1,Monitoring_MP!$AM$1:$CX$57,Points_MP!$C5,FALSE)=$T5,$AI5,IF(HLOOKUP(AT$1,Monitoring_MP!$AM$1:$CX$57,Points_MP!$C5,FALSE)=$V5,$AJ5,IF(HLOOKUP(AT$1,Monitoring_MP!$AM$1:$CX$57,Points_MP!$C5,FALSE)=$X5,$AK5,"ERROR"))))))))) -> 0.5 | ... BR5: =IF(ISBLANK(HLOOKUP(BR$1,Monitoring_MP!$AM$1:$CX$57,Points_MP!$C5,FALSE)),"",IF(HLOOKUP(BR$1,Monitoring_MP!$AM$1:$CX$57,Points_MP!$C5,FALSE)=$J5,$AD5,IF(HLOOKUP(BR$1,Monitoring_MP!$AM$1:$CX$57,Points_MP!$C5,FALSE)=$L5,$AE5,IF(HLOOKUP(BR$1,Monitoring_MP!$AM$1:$CX$57,Points_MP!$C5,FALSE)=$N5,$AF5,IF(HLOOKUP(BR$1,Monitoring_MP!$AM$1:$CX$57,Points_MP!$C5,FALSE)=$P5,$AG5,IF(HLOOKUP(BR$1,Monitoring_MP!$AM$1:$CX$57,Points_MP!$C5,FALSE)=$R5,$AH5,IF(HLOOKUP(BR$1,Monitoring_MP!$AM$1:$CX$57,Points_MP!$C5,FALSE)=$T5,$AI5,IF(HLOOKUP(BR$1,Monitoring_MP!$AM$1:$CX$57,Points_MP!$C5,FALSE)=$V5,$AJ5,IF(HLOOKUP(BR$1,Monitoring_MP!$AM$1:$CX$57,Points_MP!$C5,FALSE)=$X5,$AK5,"ERROR"))))))))) -> 0.5
A6: =IF(ISBLANK(Monitoring_MP!A6),"",Monitoring_MP!A6) -> Q5 | B6: =IF(ISBLANK(Monitoring_MP!B6),"",Monitoring_MP!B6) -> R20005 | C6: =IF(ISBLANK(Monitoring_MP!C6),"",Monitoring_MP!C6) -> 6 | D6: =IF(ISBLANK(Monitoring_MP!D6),"",Monitoring_MP!D6) -> Anunţul referitor la desfăşurarea şedinţei publice este adus la cunoştinţă cetăţenilor (cu cel puţin 10 zile înaintea şedinţelor ordinare şi cu cel puţin 3 zile înaintea celor extraordinare)? | E6: =IF(ISBLANK(Monitoring_MP!E6),"",Monitoring_MP!E6) -> Did the announce of the public session made public to the citizens (at least 10 days before the ordinary meetings and at least 3 days before the extraordinary ones)? | F6: =IF(ISBLANK(Monitoring_MP!F6),"",Monitoring_MP!F6) -> acc | G6: =IF(ISBLANK(Monitoring_MP!G6),"",Monitoring_MP!G6) -> acc5 | H6: =IF(ISBLANK(Monitoring_MP!H6),"",Monitoring_MP!H6) -> acc5k | ... AL6: =IF(ISBLANK(Monitoring_MP!AL6),"",Monitoring_MP!AL6) -> --- | AM6: =IF(ISBLANK(HLOOKUP(AM$1,Monitoring_MP!$AM$1:$CX$57,Points_MP!$C6,FALSE)),"",IF(HLOOKUP(AM$1,Monitoring_MP!$AM$1:$CX$57,Points_MP!$C6,FALSE)=$J6,$AD6,IF(HLOOKUP(AM$1,Monitoring_MP!$AM$1:$CX$57,Points_MP!$C6,FALSE)=$L6,$AE6,IF(HLOOKUP(AM$1,Monitoring_MP!$AM$1:$CX$57,Points_MP!$C6,FALSE)=$N6,$AF6,IF(HLOOKUP(AM$1,Monitoring_MP!$AM$1:$CX$57,Points_MP!$C6,FALSE)=$P6,$AG6,IF(HLOOKUP(AM$1,Monitoring_MP!$AM$1:$CX$57,Points_MP!$C6,FALSE)=$R6,$AH6,IF(HLOOKUP(AM$1,Monitoring_MP!$AM$1:$CX$57,Points_MP!$C6,FALSE)=$T6,$AI6,IF(HLOOKUP(AM$1,Monitoring_MP!$AM$1:$CX$57,Points_MP!$C6,FALSE)=$V6,$AJ6,IF(HLOOKUP(AM$1,Monitoring_MP!$AM$1:$CX$57,Points_MP!$C6,FALSE)=$X6,$AK6,"ERROR"))))))))) -> 0 | AN6: =IF(ISBLANK(HLOOKUP(AN$1,Monitoring_MP!$AM$1:$CX$57,Points_MP!$C6,FALSE)),"",IF(HLOOKUP(AN$1,Monitoring_MP!$AM$1:$CX$57,Points_MP!$C6,FALSE)=$J6,$AD6,IF(HLOOKUP(AN$1,Monitoring_MP!$AM$1:$CX$57,Points_MP!$C6,FALSE)=$L6,$AE6,IF(HLOOKUP(AN$1,Monitoring_MP!$AM$1:$CX$57,Points_MP!$C6,FALSE)=$N6,$AF6,IF(HLOOKUP(AN$1,Monitoring_MP!$AM$1:$CX$57,Points_MP!$C6,FALSE)=$P6,$AG6,IF(HLOOKUP(AN$1,Monitoring_MP!$AM$1:$CX$57,Points_MP!$C6,FALSE)=$R6,$AH6,IF(HLOOKUP(AN$1,Monitoring_MP!$AM$1:$CX$57,Points_MP!$C6,FALSE)=$T6,$AI6,IF(HLOOKUP(AN$1,Monitoring_MP!$AM$1:$CX$57,Points_MP!$C6,FALSE)=$V6,$AJ6,IF(HLOOKUP(AN$1,Monitoring_MP!$AM$1:$CX$57,Points_MP!$C6,FALSE)=$X6,$AK6,"ERROR"))))))))) -> 1 | AO6: =IF(ISBLANK(HLOOKUP(AO$1,Monitoring_MP!$AM$1:$CX$57,Points_MP!$C6,FALSE)),"",IF(HLOOKUP(AO$1,Monitoring_MP!$AM$1:$CX$57,Points_MP!$C6,FALSE)=$J6,$AD6,IF(HLOOKUP(AO$1,Monitoring_MP!$AM$1:$CX$57,Points_MP!$C6,FALSE)=$L6,$AE6,IF(HLOOKUP(AO$1,Monitoring_MP!$AM$1:$CX$57,Points_MP!$C6,FALSE)=$N6,$AF6,IF(HLOOKUP(AO$1,Monitoring_MP!$AM$1:$CX$57,Points_MP!$C6,FALSE)=$P6,$AG6,IF(HLOOKUP(AO$1,Monitoring_MP!$AM$1:$CX$57,Points_MP!$C6,FALSE)=$R6,$AH6,IF(HLOOKUP(AO$1,Monitoring_MP!$AM$1:$CX$57,Points_MP!$C6,FALSE)=$T6,$AI6,IF(HLOOKUP(AO$1,Monitoring_MP!$AM$1:$CX$57,Points_MP!$C6,FALSE)=$V6,$AJ6,IF(HLOOKUP(AO$1,Monitoring_MP!$AM$1:$CX$57,Points_MP!$C6,FALSE)=$X6,$AK6,"ERROR"))))))))) -> 0 | AP6: =IF(ISBLANK(HLOOKUP(AP$1,Monitoring_MP!$AM$1:$CX$57,Points_MP!$C6,FALSE)),"",IF(HLOOKUP(AP$1,Monitoring_MP!$AM$1:$CX$57,Points_MP!$C6,FALSE)=$J6,$AD6,IF(HLOOKUP(AP$1,Monitoring_MP!$AM$1:$CX$57,Points_MP!$C6,FALSE)=$L6,$AE6,IF(HLOOKUP(AP$1,Monitoring_MP!$AM$1:$CX$57,Points_MP!$C6,FALSE)=$N6,$AF6,IF(HLOOKUP(AP$1,Monitoring_MP!$AM$1:$CX$57,Points_MP!$C6,FALSE)=$P6,$AG6,IF(HLOOKUP(AP$1,Monitoring_MP!$AM$1:$CX$57,Points_MP!$C6,FALSE)=$R6,$AH6,IF(HLOOKUP(AP$1,Monitoring_MP!$AM$1:$CX$57,Points_MP!$C6,FALSE)=$T6,$AI6,IF(HLOOKUP(AP$1,Monitoring_MP!$AM$1:$CX$57,Points_MP!$C6,FALSE)=$V6,$AJ6,IF(HLOOKUP(AP$1,Monitoring_MP!$AM$1:$CX$57,Points_MP!$C6,FALSE)=$X6,$AK6,"ERROR"))))))))) -> 0.5 | AQ6: =IF(ISBLANK(HLOOKUP(AQ$1,Monitoring_MP!$AM$1:$CX$57,Points_MP!$C6,FALSE)),"",IF(HLOOKUP(AQ$1,Monitoring_MP!$AM$1:$CX$57,Points_MP!$C6,FALSE)=$J6,$AD6,IF(HLOOKUP(AQ$1,Monitoring_MP!$AM$1:$CX$57,Points_MP!$C6,FALSE)=$L6,$AE6,IF(HLOOKUP(AQ$1,Monitoring_MP!$AM$1:$CX$57,Points_MP!$C6,FALSE)=$N6,$AF6,IF(HLOOKUP(AQ$1,Monitoring_MP!$AM$1:$CX$57,Points_MP!$C6,FALSE)=$P6,$AG6,IF(HLOOKUP(AQ$1,Monitoring_MP!$AM$1:$CX$57,Points_MP!$C6,FALSE)=$R6,$AH6,IF(HLOOKUP(AQ$1,Monitoring_MP!$AM$1:$CX$57,Points_MP!$C6,FALSE)=$T6,$AI6,IF(HLOOKUP(AQ$1,Monitoring_MP!$AM$1:$CX$57,Points_MP!$C6,FALSE)=$V6,$AJ6,IF(HLOOKUP(AQ$1,Monitoring_MP!$AM$1:$CX$57,Points_MP!$C6,FALSE)=$X6,$AK6,"ERROR"))))))))) -> 1 | AR6: =IF(ISBLANK(HLOOKUP(AR$1,Monitoring_MP!$AM$1:$CX$57,Points_MP!$C6,FALSE)),"",IF(HLOOKUP(AR$1,Monitoring_MP!$AM$1:$CX$57,Points_MP!$C6,FALSE)=$J6,$AD6,IF(HLOOKUP(AR$1,Monitoring_MP!$AM$1:$CX$57,Points_MP!$C6,FALSE)=$L6,$AE6,IF(HLOOKUP(AR$1,Monitoring_MP!$AM$1:$CX$57,Points_MP!$C6,FALSE)=$N6,$AF6,IF(HLOOKUP(AR$1,Monitoring_MP!$AM$1:$CX$57,Points_MP!$C6,FALSE)=$P6,$AG6,IF(HLOOKUP(AR$1,Monitoring_MP!$AM$1:$CX$57,Points_MP!$C6,FALSE)=$R6,$AH6,IF(HLOOKUP(AR$1,Monitoring_MP!$AM$1:$CX$57,Points_MP!$C6,FALSE)=$T6,$AI6,IF(HLOOKUP(AR$1,Monitoring_MP!$AM$1:$CX$57,Points_MP!$C6,FALSE)=$V6,$AJ6,IF(HLOOKUP(AR$1,Monitoring_MP!$AM$1:$CX$57,Points_MP!$C6,FALSE)=$X6,$AK6,"ERROR"))))))))) -> 0 | AS6: =IF(ISBLANK(HLOOKUP(AS$1,Monitoring_MP!$AM$1:$CX$57,Points_MP!$C6,FALSE)),"",IF(HLOOKUP(AS$1,Monitoring_MP!$AM$1:$CX$57,Points_MP!$C6,FALSE)=$J6,$AD6,IF(HLOOKUP(AS$1,Monitoring_MP!$AM$1:$CX$57,Points_MP!$C6,FALSE)=$L6,$AE6,IF(HLOOKUP(AS$1,Monitoring_MP!$AM$1:$CX$57,Points_MP!$C6,FALSE)=$N6,$AF6,IF(HLOOKUP(AS$1,Monitoring_MP!$AM$1:$CX$57,Points_MP!$C6,FALSE)=$P6,$AG6,IF(HLOOKUP(AS$1,Monitoring_MP!$AM$1:$CX$57,Points_MP!$C6,FALSE)=$R6,$AH6,IF(HLOOKUP(AS$1,Monitoring_MP!$AM$1:$CX$57,Points_MP!$C6,FALSE)=$T6,$AI6,IF(HLOOKUP(AS$1,Monitoring_MP!$AM$1:$CX$57,Points_MP!$C6,FALSE)=$V6,$AJ6,IF(HLOOKUP(AS$1,Monitoring_MP!$AM$1:$CX$57,Points_MP!$C6,FALSE)=$X6,$AK6,"ERROR"))))))))) -> 0.4 | AT6: =IF(ISBLANK(HLOOKUP(AT$1,Monitoring_MP!$AM$1:$CX$57,Points_MP!$C6,FALSE)),"",IF(HLOOKUP(AT$1,Monitoring_MP!$AM$1:$CX$57,Points_MP!$C6,FALSE)=$J6,$AD6,IF(HLOOKUP(AT$1,Monitoring_MP!$AM$1:$CX$57,Points_MP!$C6,FALSE)=$L6,$AE6,IF(HLOOKUP(AT$1,Monitoring_MP!$AM$1:$CX$57,Points_MP!$C6,FALSE)=$N6,$AF6,IF(HLOOKUP(AT$1,Monitoring_MP!$AM$1:$CX$57,Points_MP!$C6,FALSE)=$P6,$AG6,IF(HLOOKUP(AT$1,Monitoring_MP!$AM$1:$CX$57,Points_MP!$C6,FALSE)=$R6,$AH6,IF(HLOOKUP(AT$1,Monitoring_MP!$AM$1:$CX$57,Points_MP!$C6,FALSE)=$T6,$AI6,IF(HLOOKUP(AT$1,Monitoring_MP!$AM$1:$CX$57,Points_MP!$C6,FALSE)=$V6,$AJ6,IF(HLOOKUP(AT$1,Monitoring_MP!$AM$1:$CX$57,Points_MP!$C6,FALSE)=$X6,$AK6,"ERROR"))))))))) -> 1 | ... BR6: =IF(ISBLANK(HLOOKUP(BR$1,Monitoring_MP!$AM$1:$CX$57,Points_MP!$C6,FALSE)),"",IF(HLOOKUP(BR$1,Monitoring_MP!$AM$1:$CX$57,Points_MP!$C6,FALSE)=$J6,$AD6,IF(HLOOKUP(BR$1,Monitoring_MP!$AM$1:$CX$57,Points_MP!$C6,FALSE)=$L6,$AE6,IF(HLOOKUP(BR$1,Monitoring_MP!$AM$1:$CX$57,Points_MP!$C6,FALSE)=$N6,$AF6,IF(HLOOKUP(BR$1,Monitoring_MP!$AM$1:$CX$57,Points_MP!$C6,FALSE)=$P6,$AG6,IF(HLOOKUP(BR$1,Monitoring_MP!$AM$1:$CX$57,Points_MP!$C6,FALSE)=$R6,$AH6,IF(HLOOKUP(BR$1,Monitoring_MP!$AM$1:$CX$57,Points_MP!$C6,FALSE)=$T6,$AI6,IF(HLOOKUP(BR$1,Monitoring_MP!$AM$1:$CX$57,Points_MP!$C6,FALSE)=$V6,$AJ6,IF(HLOOKUP(BR$1,Monitoring_MP!$AM$1:$CX$57,Points_MP!$C6,FALSE)=$X6,$AK6,"ERROR"))))))))) -> 1
A7: =IF(ISBLANK(Monitoring_MP!A7),"",Monitoring_MP!A7) -> Q6 | B7: =IF(ISBLANK(Monitoring_MP!B7),"",Monitoring_MP!B7) -> R20006 | C7: =IF(ISBLANK(Monitoring_MP!C7),"",Monitoring_MP!C7) -> 7 | D7: =IF(ISBLANK(Monitoring_MP!D7),"",Monitoring_MP!D7) -> Cuprinde anunțul referitor la desfăşurarea şedinţei publice data, ora, locul desfăşurării şedinţei şi ordinea de zi a acesteia? | E7: =IF(ISBLANK(Monitoring_MP!E7),"",Monitoring_MP!E7) -> Does the public session announcement include the date, time and place of the meeting and its agenda? | F7: =IF(ISBLANK(Monitoring_MP!F7),"",Monitoring_MP!F7) -> acc | G7: =IF(ISBLANK(Monitoring_MP!G7),"",Monitoring_MP!G7) -> acc6 | H7: =IF(ISBLANK(Monitoring_MP!H7),"",Monitoring_MP!H7) -> acc6k | ... AL7: =IF(ISBLANK(Monitoring_MP!AL7),"",Monitoring_MP!AL7) -> --- | AM7: =IF(ISBLANK(HLOOKUP(AM$1,Monitoring_MP!$AM$1:$CX$57,Points_MP!$C7,FALSE)),"",IF(HLOOKUP(AM$1,Monitoring_MP!$AM$1:$CX$57,Points_MP!$C7,FALSE)=$J7,$AD7,IF(HLOOKUP(AM$1,Monitoring_MP!$AM$1:$CX$57,Points_MP!$C7,FALSE)=$L7,$AE7,IF(HLOOKUP(AM$1,Monitoring_MP!$AM$1:$CX$57,Points_MP!$C7,FALSE)=$N7,$AF7,IF(HLOOKUP(AM$1,Monitoring_MP!$AM$1:$CX$57,Points_MP!$C7,FALSE)=$P7,$AG7,IF(HLOOKUP(AM$1,Monitoring_MP!$AM$1:$CX$57,Points_MP!$C7,FALSE)=$R7,$AH7,IF(HLOOKUP(AM$1,Monitoring_MP!$AM$1:$CX$57,Points_MP!$C7,FALSE)=$T7,$AI7,IF(HLOOKUP(AM$1,Monitoring_MP!$AM$1:$CX$57,Points_MP!$C7,FALSE)=$V7,$AJ7,IF(HLOOKUP(AM$1,Monitoring_MP!$AM$1:$CX$57,Points_MP!$C7,FALSE)=$X7,$AK7,"ERROR"))))))))) -> 0 | AN7: =IF(ISBLANK(HLOOKUP(AN$1,Monitoring_MP!$AM$1:$CX$57,Points_MP!$C7,FALSE)),"",IF(HLOOKUP(AN$1,Monitoring_MP!$AM$1:$CX$57,Points_MP!$C7,FALSE)=$J7,$AD7,IF(HLOOKUP(AN$1,Monitoring_MP!$AM$1:$CX$57,Points_MP!$C7,FALSE)=$L7,$AE7,IF(HLOOKUP(AN$1,Monitoring_MP!$AM$1:$CX$57,Points_MP!$C7,FALSE)=$N7,$AF7,IF(HLOOKUP(AN$1,Monitoring_MP!$AM$1:$CX$57,Points_MP!$C7,FALSE)=$P7,$AG7,IF(HLOOKUP(AN$1,Monitoring_MP!$AM$1:$CX$57,Points_MP!$C7,FALSE)=$R7,$AH7,IF(HLOOKUP(AN$1,Monitoring_MP!$AM$1:$CX$57,Points_MP!$C7,FALSE)=$T7,$AI7,IF(HLOOKUP(AN$1,Monitoring_MP!$AM$1:$CX$57,Points_MP!$C7,FALSE)=$V7,$AJ7,IF(HLOOKUP(AN$1,Monitoring_MP!$AM$1:$CX$57,Points_MP!$C7,FALSE)=$X7,$AK7,"ERROR"))))))))) -> 1 | AO7: =IF(ISBLANK(HLOOKUP(AO$1,Monitoring_MP!$AM$1:$CX$57,Points_MP!$C7,FALSE)),"",IF(HLOOKUP(AO$1,Monitoring_MP!$AM$1:$CX$57,Points_MP!$C7,FALSE)=$J7,$AD7,IF(HLOOKUP(AO$1,Monitoring_MP!$AM$1:$CX$57,Points_MP!$C7,FALSE)=$L7,$AE7,IF(HLOOKUP(AO$1,Monitoring_MP!$AM$1:$CX$57,Points_MP!$C7,FALSE)=$N7,$AF7,IF(HLOOKUP(AO$1,Monitoring_MP!$AM$1:$CX$57,Points_MP!$C7,FALSE)=$P7,$AG7,IF(HLOOKUP(AO$1,Monitoring_MP!$AM$1:$CX$57,Points_MP!$C7,FALSE)=$R7,$AH7,IF(HLOOKUP(AO$1,Monitoring_MP!$AM$1:$CX$57,Points_MP!$C7,FALSE)=$T7,$AI7,IF(HLOOKUP(AO$1,Monitoring_MP!$AM$1:$CX$57,Points_MP!$C7,FALSE)=$V7,$AJ7,IF(HLOOKUP(AO$1,Monitoring_MP!$AM$1:$CX$57,Points_MP!$C7,FALSE)=$X7,$AK7,"ERROR"))))))))) -> 0 | AP7: =IF(ISBLANK(HLOOKUP(AP$1,Monitoring_MP!$AM$1:$CX$57,Points_MP!$C7,FALSE)),"",IF(HLOOKUP(AP$1,Monitoring_MP!$AM$1:$CX$57,Points_MP!$C7,FALSE)=$J7,$AD7,IF(HLOOKUP(AP$1,Monitoring_MP!$AM$1:$CX$57,Points_MP!$C7,FALSE)=$L7,$AE7,IF(HLOOKUP(AP$1,Monitoring_MP!$AM$1:$CX$57,Points_MP!$C7,FALSE)=$N7,$AF7,IF(HLOOKUP(AP$1,Monitoring_MP!$AM$1:$CX$57,Points_MP!$C7,FALSE)=$P7,$AG7,IF(HLOOKUP(AP$1,Monitoring_MP!$AM$1:$CX$57,Points_MP!$C7,FALSE)=$R7,$AH7,IF(HLOOKUP(AP$1,Monitoring_MP!$AM$1:$CX$57,Points_MP!$C7,FALSE)=$T7,$AI7,IF(HLOOKUP(AP$1,Monitoring_MP!$AM$1:$CX$57,Points_MP!$C7,FALSE)=$V7,$AJ7,IF(HLOOKUP(AP$1,Monitoring_MP!$AM$1:$CX$57,Points_MP!$C7,FALSE)=$X7,$AK7,"ERROR"))))))))) -> 0.5 | AQ7: =IF(ISBLANK(HLOOKUP(AQ$1,Monitoring_MP!$AM$1:$CX$57,Points_MP!$C7,FALSE)),"",IF(HLOOKUP(AQ$1,Monitoring_MP!$AM$1:$CX$57,Points_MP!$C7,FALSE)=$J7,$AD7,IF(HLOOKUP(AQ$1,Monitoring_MP!$AM$1:$CX$57,Points_MP!$C7,FALSE)=$L7,$AE7,IF(HLOOKUP(AQ$1,Monitoring_MP!$AM$1:$CX$57,Points_MP!$C7,FALSE)=$N7,$AF7,IF(HLOOKUP(AQ$1,Monitoring_MP!$AM$1:$CX$57,Points_MP!$C7,FALSE)=$P7,$AG7,IF(HLOOKUP(AQ$1,Monitoring_MP!$AM$1:$CX$57,Points_MP!$C7,FALSE)=$R7,$AH7,IF(HLOOKUP(AQ$1,Monitoring_MP!$AM$1:$CX$57,Points_MP!$C7,FALSE)=$T7,$AI7,IF(HLOOKUP(AQ$1,Monitoring_MP!$AM$1:$CX$57,Points_MP!$C7,FALSE)=$V7,$AJ7,IF(HLOOKUP(AQ$1,Monitoring_MP!$AM$1:$CX$57,Points_MP!$C7,FALSE)=$X7,$AK7,"ERROR"))))))))) -> 1 | AR7: =IF(ISBLANK(HLOOKUP(AR$1,Monitoring_MP!$AM$1:$CX$57,Points_MP!$C7,FALSE)),"",IF(HLOOKUP(AR$1,Monitoring_MP!$AM$1:$CX$57,Points_MP!$C7,FALSE)=$J7,$AD7,IF(HLOOKUP(AR$1,Monitoring_MP!$AM$1:$CX$57,Points_MP!$C7,FALSE)=$L7,$AE7,IF(HLOOKUP(AR$1,Monitoring_MP!$AM$1:$CX$57,Points_MP!$C7,FALSE)=$N7,$AF7,IF(HLOOKUP(AR$1,Monitoring_MP!$AM$1:$CX$57,Points_MP!$C7,FALSE)=$P7,$AG7,IF(HLOOKUP(AR$1,Monitoring_MP!$AM$1:$CX$57,Points_MP!$C7,FALSE)=$R7,$AH7,IF(HLOOKUP(AR$1,Monitoring_MP!$AM$1:$CX$57,Points_MP!$C7,FALSE)=$T7,$AI7,IF(HLOOKUP(AR$1,Monitoring_MP!$AM$1:$CX$57,Points_MP!$C7,FALSE)=$V7,$AJ7,IF(HLOOKUP(AR$1,Monitoring_MP!$AM$1:$CX$57,Points_MP!$C7,FALSE)=$X7,$AK7,"ERROR"))))))))) -> 0 | AS7: =IF(ISBLANK(HLOOKUP(AS$1,Monitoring_MP!$AM$1:$CX$57,Points_MP!$C7,FALSE)),"",IF(HLOOKUP(AS$1,Monitoring_MP!$AM$1:$CX$57,Points_MP!$C7,FALSE)=$J7,$AD7,IF(HLOOKUP(AS$1,Monitoring_MP!$AM$1:$CX$57,Points_MP!$C7,FALSE)=$L7,$AE7,IF(HLOOKUP(AS$1,Monitoring_MP!$AM$1:$CX$57,Points_MP!$C7,FALSE)=$N7,$AF7,IF(HLOOKUP(AS$1,Monitoring_MP!$AM$1:$CX$57,Points_MP!$C7,FALSE)=$P7,$AG7,IF(HLOOKUP(AS$1,Monitoring_MP!$AM$1:$CX$57,Points_MP!$C7,FALSE)=$R7,$AH7,IF(HLOOKUP(AS$1,Monitoring_MP!$AM$1:$CX$57,Points_MP!$C7,FALSE)=$T7,$AI7,IF(HLOOKUP(AS$1,Monitoring_MP!$AM$1:$CX$57,Points_MP!$C7,FALSE)=$V7,$AJ7,IF(HLOOKUP(AS$1,Monitoring_MP!$AM$1:$CX$57,Points_MP!$C7,FALSE)=$X7,$AK7,"ERROR"))))))))) -> 1 | AT7: =IF(ISBLANK(HLOOKUP(AT$1,Monitoring_MP!$AM$1:$CX$57,Points_MP!$C7,FALSE)),"",IF(HLOOKUP(AT$1,Monitoring_MP!$AM$1:$CX$57,Points_MP!$C7,FALSE)=$J7,$AD7,IF(HLOOKUP(AT$1,Monitoring_MP!$AM$1:$CX$57,Points_MP!$C7,FALSE)=$L7,$AE7,IF(HLOOKUP(AT$1,Monitoring_MP!$AM$1:$CX$57,Points_MP!$C7,FALSE)=$N7,$AF7,IF(HLOOKUP(AT$1,Monitoring_MP!$AM$1:$CX$57,Points_MP!$C7,FALSE)=$P7,$AG7,IF(HLOOKUP(AT$1,Monitoring_MP!$AM$1:$CX$57,Points_MP!$C7,FALSE)=$R7,$AH7,IF(HLOOKUP(AT$1,Monitoring_MP!$AM$1:$CX$57,Points_MP!$C7,FALSE)=$T7,$AI7,IF(HLOOKUP(AT$1,Monitoring_MP!$AM$1:$CX$57,Points_MP!$C7,FALSE)=$V7,$AJ7,IF(HLOOKUP(AT$1,Monitoring_MP!$AM$1:$CX$57,Points_MP!$C7,FALSE)=$X7,$AK7,"ERROR"))))))))) -> 1 | ... BR7: =IF(ISBLANK(HLOOKUP(BR$1,Monitoring_MP!$AM$1:$CX$57,Points_MP!$C7,FALSE)),"",IF(HLOOKUP(BR$1,Monitoring_MP!$AM$1:$CX$57,Points_MP!$C7,FALSE)=$J7,$AD7,IF(HLOOKUP(BR$1,Monitoring_MP!$AM$1:$CX$57,Points_MP!$C7,FALSE)=$L7,$AE7,IF(HLOOKUP(BR$1,Monitoring_MP!$AM$1:$CX$57,Points_MP!$C7,FALSE)=$N7,$AF7,IF(HLOOKUP(BR$1,Monitoring_MP!$AM$1:$CX$57,Points_MP!$C7,FALSE)=$P7,$AG7,IF(HLOOKUP(BR$1,Monitoring_MP!$AM$1:$CX$57,Points_MP!$C7,FALSE)=$R7,$AH7,IF(HLOOKUP(BR$1,Monitoring_MP!$AM$1:$CX$57,Points_MP!$C7,FALSE)=$T7,$AI7,IF(HLOOKUP(BR$1,Monitoring_MP!$AM$1:$CX$57,Points_MP!$C7,FALSE)=$V7,$AJ7,IF(HLOOKUP(BR$1,Monitoring_MP!$AM$1:$CX$57,Points_MP!$C7,FALSE)=$X7,$AK7,"ERROR"))))))))) -> 1
